Workbook

Sheet Xp1
A1: Enbridge: Amortization Analysis
A2: Tax as Capital Investment
D3: Scenario: | E3: Cost Recovery | G3: Expense | I3: Amortization Cost of Capital | L3: WACC
E4: Portfolio Horizon | G4: 1 | H4: years | I4: Amortiztion Life | L4: 10 | M4: years
B6: Background Data
C7: DSM Portfolio | F7: 2023 | G7: 2024 | H7: 2025 | I7: 2026 | J7: =I7+1 -> 2027 | K7: =J7+1 -> 2028 | L7: =K7+1 -> 2029 | M7: =L7+1 -> 2030 | N7: =M7+1 -> 2031 | O7: =N7+1 -> 2032 | P7: =O7+1 -> 2033 | Q7: =P7+1 -> 2034 | ... AO7: =AN7+1 -> 2058
D8: Investment (millions) | F8: ='Portfolio$'!E6/10^6 -> 142.26 | G8: =IF(G7-$F$7+1>$G$4,0,'Portfolio$'!F6/10^6) -> 0 | H8: =IF(H7-$F$7+1>$G$4,0,'Portfolio$'!G6/10^6) -> 0 | I8: =IF(I7-$F$7+1>$G$4,0,'Portfolio$'!H6/10^6) -> 0 | J8: =IF(J7-$F$7+1>$G$4,0,'Portfolio$'!I6/10^6) -> 0 | K8: =IF(K7-$F$7+1>$G$4,0,J8*1.02) -> 0 | L8: =IF(L7-$F$7+1>$G$4,0,K8*1.02) -> 0 | M8: =IF(M7-$F$7+1>$G$4,0,L8*1.02) -> 0 | N8: =IF(N7-$F$7+1>$G$4,0,M8*1.02) -> 0 | O8: =IF(O7-$F$7+1>$G$4,0,N8*1.02) -> 0 | P8: =IF(P7-$F$7+1>$G$4,0,O8*1.02) -> 0 | Q8: =IF(Q7-$F$7+1>$G$4,0,P8*1.02) -> 0 | R8: =IF(R7-$F$7+1>$G$4,0,Q8*1.02) -> 0 | ... Y8: =IF(Y7-$F$7+1>$G$4,0,X8*1.02) -> 0
C9: Enbridge Capital Structure | F9: Capitalization | G9: After-Tax Return | H9: Weighted | J9: Pre-Tax Return | K9: Weighted
D10: Debt | F10: 0.64 | G10: 0.04 | H10: =$F10*G10 -> 0.0256 | J10: 0.04 | K10: =$F10*J10 -> 0.0256
D11: Equity | F11: 0.36 | G11: 0.09 | H11: =$F11*G11 -> 0.0324 | J11: =G11*H14 -> 0.12244898 | K11: =$F11*J11 -> 0.044081633
D12: WACC | F12: =SUM(F10:F11) -> 1 | H12: =SUM(H10:H11) -> 0.058 | K12: =SUM(K10:K11) -> 0.069681633
D13: Combined Income Tax Rate | H13: 0.265
D14: Tax Gross Up Factor | H14: =1/(1-H13) -> 1.3605442
C15: Discount Rate | E15: =K12 -> 0.069681633
C16: Amortization Term | E16: =L4 -> 10 | F16: years
B17: Revenue Requirement Calcs
E18: NPV | F18: =F7 -> 2023 | G18: =F18+1 -> 2024 | H18: =G18+1 -> 2025 | I18: =H18+1 -> 2026 | J18: =I18+1 -> 2027 | K18: =J18+1 -> 2028 | L18: =K18+1 -> 2029 | M18: =L18+1 -> 2030 | N18: =M18+1 -> 2031 | ... AO18: =AN18+1 -> 2058
C19: Expenses | E19: =NPV($E$15,F19:AO19)*(1+$E$15) -> 142.26 | F19: =IF($G$3="Expense",F8,0) -> 142.26 | G19: =IF($G$3="Expense",G8,0) -> 0 | H19: =IF($G$3="Expense",H8,0) -> 0 | I19: =IF($G$3="Expense",I8,0) -> 0 | J19: =IF($G$3="Expense",J8,0) -> 0 | K19: =IF($G$3="Expense",K8,0) -> 0 | L19: =IF($G$3="Expense",L8,0) -> 0 | M19: =IF($G$3="Expense",M8,0) -> 0 | ... Y19: =IF($G$3="Expense",Y8,0) -> 0
C20: Rate Base
D21: Additions To Rate Base | E21: =NPV($E$15,F21:AO21)*(1+$E$15) -> 0 | F21: =F8-F19 -> 0 | G21: =G8-G19 -> 0 | H21: =H8-H19 -> 0 | I21: =I8-I19 -> 0 | J21: =J8-J19 -> 0 | K21: =K8-K19 -> 0 | L21: =L8-L19 -> 0 | M21: =M8-M19 -> 0 | ... Y21: =Y8-Y19 -> 0
D22: Unamortized Balance (EOY) | F22: =E22+F21-F44 -> 0 | G22: =F22+G21-G44 -> 0 | H22: =G22+H21-H44 -> 0 | I22: =H22+I21-I44 -> 0 | J22: =I22+J21-J44 -> 0 | K22: =J22+K21-K44 -> 0 | L22: =K22+L21-L44 -> 0 | M22: =L22+M21-M44 -> 0 | ... AO22: =AN22+AO21-AO44 -> 0
C23: Amortization
D24: 2023 Investment | E24: =NPV($E$15,F24:AO24)*(1+$E$15) -> 0 | G24: =IF(G$18-F$18<=$E$16,F$21/$E$16,0) -> 0 | H24: =IF(H$18-F$18<=$E$16,F$21/$E$16,0) -> 0 | I24: =IF(I$18-F$18<=$E$16,F$21/$E$16,0) -> 0 | J24: =IF(J$18-F$18<=$E$16,F$21/$E$16,0) -> 0 | K24: =IF(K$18-F$18<=$E$16,F$21/$E$16,0) -> 0 | L24: =IF(L$18-F$18<=$E$16,F$21/$E$16,0) -> 0 | M24: =IF(M$18-F$18<=$E$16,F$21/$E$16,0) -> 0 | N24: =IF(N$18-F$18<=$E$16,F$21/$E$16,0) -> 0 | O24: =IF(O$18-F$18<=$E$16,F$21/$E$16,0) -> 0 | P24: =IF(P$18-F$18<=$E$16,F$21/$E$16,0) -> 0 | Q24: =IF(Q$18-F$18<=$E$16,F$21/$E$16,0) -> 0 | R24: =IF(R$18-F$18<=$E$16,F$21/$E$16,0) -> 0 | S24: =IF(S$18-F$18<=$E$16,F$21/$E$16,0) -> 0 | T24: =IF(T$18-F$18<=$E$16,F$21/$E$16,0) -> 0 | U24: =IF(U$18-F$18<=$E$16,F$21/$E$16,0) -> 0 | V24: =IF(V$18-F$18<=$E$16,F$21/$E$16,0) -> 0
D25: 2024 Investment | E25: =NPV($E$15,F25:AO25)*(1+$E$15) -> 0 | H25: =IF(H$18-G$18<=$E$16,G$21/$E$16,0) -> 0 | I25: =IF(I$18-G$18<=$E$16,G$21/$E$16,0) -> 0 | J25: =IF(J$18-G$18<=$E$16,G$21/$E$16,0) -> 0 | K25: =IF(K$18-G$18<=$E$16,G$21/$E$16,0) -> 0 | L25: =IF(L$18-G$18<=$E$16,G$21/$E$16,0) -> 0 | M25: =IF(M$18-G$18<=$E$16,G$21/$E$16,0) -> 0 | N25: =IF(N$18-G$18<=$E$16,G$21/$E$16,0) -> 0 | O25: =IF(O$18-G$18<=$E$16,G$21/$E$16,0) -> 0 | P25: =IF(P$18-G$18<=$E$16,G$21/$E$16,0) -> 0 | Q25: =IF(Q$18-G$18<=$E$16,G$21/$E$16,0) -> 0 | R25: =IF(R$18-G$18<=$E$16,G$21/$E$16,0) -> 0 | S25: =IF(S$18-G$18<=$E$16,G$21/$E$16,0) -> 0 | T25: =IF(T$18-G$18<=$E$16,G$21/$E$16,0) -> 0 | U25: =IF(U$18-G$18<=$E$16,G$21/$E$16,0) -> 0 | V25: =IF(V$18-G$18<=$E$16,G$21/$E$16,0) -> 0 | W25: =IF(W$18-G$18<=$E$16,G$21/$E$16,0) -> 0
D26: 2025 Investment | E26: =NPV($E$15,F26:AO26)*(1+$E$15) -> 0 | I26: =IF(I$18-H$18<=$E$16,H$21/$E$16,0) -> 0 | J26: =IF(J$18-H$18<=$E$16,H$21/$E$16,0) -> 0 | K26: =IF(K$18-H$18<=$E$16,H$21/$E$16,0) -> 0 | L26: =IF(L$18-H$18<=$E$16,H$21/$E$16,0) -> 0 | M26: =IF(M$18-H$18<=$E$16,H$21/$E$16,0) -> 0 | N26: =IF(N$18-H$18<=$E$16,H$21/$E$16,0) -> 0 | O26: =IF(O$18-H$18<=$E$16,H$21/$E$16,0) -> 0 | P26: =IF(P$18-H$18<=$E$16,H$21/$E$16,0) -> 0 | Q26: =IF(Q$18-H$18<=$E$16,H$21/$E$16,0) -> 0 | R26: =IF(R$18-H$18<=$E$16,H$21/$E$16,0) -> 0 | S26: =IF(S$18-H$18<=$E$16,H$21/$E$16,0) -> 0 | T26: =IF(T$18-H$18<=$E$16,H$21/$E$16,0) -> 0 | U26: =IF(U$18-H$18<=$E$16,H$21/$E$16,0) -> 0 | V26: =IF(V$18-H$18<=$E$16,H$21/$E$16,0) -> 0 | W26: =IF(W$18-H$18<=$E$16,H$21/$E$16,0) -> 0 | X26: =IF(X$18-H$18<=$E$16,H$21/$E$16,0) -> 0
D27: 2026 Investment | E27: =NPV($E$15,F27:AO27)*(1+$E$15) -> 0 | J27: =IF(J$18-I$18<=$E$16,I$21/$E$16,0) -> 0 | K27: =IF(K$18-I$18<=$E$16,I$21/$E$16,0) -> 0 | L27: =IF(L$18-I$18<=$E$16,I$21/$E$16,0) -> 0 | M27: =IF(M$18-I$18<=$E$16,I$21/$E$16,0) -> 0 | N27: =IF(N$18-I$18<=$E$16,I$21/$E$16,0) -> 0 | O27: =IF(O$18-I$18<=$E$16,I$21/$E$16,0) -> 0 | P27: =IF(P$18-I$18<=$E$16,I$21/$E$16,0) -> 0 | Q27: =IF(Q$18-I$18<=$E$16,I$21/$E$16,0) -> 0 | R27: =IF(R$18-I$18<=$E$16,I$21/$E$16,0) -> 0 | S27: =IF(S$18-I$18<=$E$16,I$21/$E$16,0) -> 0 | T27: =IF(T$18-I$18<=$E$16,I$21/$E$16,0) -> 0 | U27: =IF(U$18-I$18<=$E$16,I$21/$E$16,0) -> 0 | V27: =IF(V$18-I$18<=$E$16,I$21/$E$16,0) -> 0 | W27: =IF(W$18-I$18<=$E$16,I$21/$E$16,0) -> 0 | X27: =IF(X$18-I$18<=$E$16,I$21/$E$16,0) -> 0 | Y27: =IF(Y$18-I$18<=$E$16,I$21/$E$16,0) -> 0
D28: 2027 Investment | E28: =NPV($E$15,F28:AO28)*(1+$E$15) -> 0 | K28: =IF(K$18-J$18<=$E$16,J$21/$E$16,0) -> 0 | L28: =IF(L$18-J$18<=$E$16,J$21/$E$16,0) -> 0 | M28: =IF(M$18-J$18<=$E$16,J$21/$E$16,0) -> 0 | N28: =IF(N$18-J$18<=$E$16,J$21/$E$16,0) -> 0 | O28: =IF(O$18-J$18<=$E$16,J$21/$E$16,0) -> 0 | P28: =IF(P$18-J$18<=$E$16,J$21/$E$16,0) -> 0 | Q28: =IF(Q$18-J$18<=$E$16,J$21/$E$16,0) -> 0 | R28: =IF(R$18-J$18<=$E$16,J$21/$E$16,0) -> 0 | S28: =IF(S$18-J$18<=$E$16,J$21/$E$16,0) -> 0 | T28: =IF(T$18-J$18<=$E$16,J$21/$E$16,0) -> 0 | U28: =IF(U$18-J$18<=$E$16,J$21/$E$16,0) -> 0 | V28: =IF(V$18-J$18<=$E$16,J$21/$E$16,0) -> 0 | W28: =IF(W$18-J$18<=$E$16,J$21/$E$16,0) -> 0 | X28: =IF(X$18-J$18<=$E$16,J$21/$E$16,0) -> 0 | Y28: =IF(Y$18-J$18<=$E$16,J$21/$E$16,0) -> 0 | Z28: =IF(Z$18-J$18<=$E$16,J$21/$E$16,0) -> 0
D29: 2028 Investment | E29: =NPV($E$15,F29:AO29)*(1+$E$15) -> 0 | L29: =IF(L$18-K$18<=$E$16,K$21/$E$16,0) -> 0 | M29: =IF(M$18-K$18<=$E$16,K$21/$E$16,0) -> 0 | N29: =IF(N$18-K$18<=$E$16,K$21/$E$16,0) -> 0 | O29: =IF(O$18-K$18<=$E$16,K$21/$E$16,0) -> 0 | P29: =IF(P$18-K$18<=$E$16,K$21/$E$16,0) -> 0 | Q29: =IF(Q$18-K$18<=$E$16,K$21/$E$16,0) -> 0 | R29: =IF(R$18-K$18<=$E$16,K$21/$E$16,0) -> 0 | S29: =IF(S$18-K$18<=$E$16,K$21/$E$16,0) -> 0 | T29: =IF(T$18-K$18<=$E$16,K$21/$E$16,0) -> 0 | U29: =IF(U$18-K$18<=$E$16,K$21/$E$16,0) -> 0 | V29: =IF(V$18-K$18<=$E$16,K$21/$E$16,0) -> 0 | W29: =IF(W$18-K$18<=$E$16,K$21/$E$16,0) -> 0 | X29: =IF(X$18-K$18<=$E$16,K$21/$E$16,0) -> 0 | Y29: =IF(Y$18-K$18<=$E$16,K$21/$E$16,0) -> 0 | Z29: =IF(Z$18-K$18<=$E$16,K$21/$E$16,0) -> 0 | AA29: =IF(AA$18-K$18<=$E$16,K$21/$E$16,0) -> 0
D30: 2029 Investment | E30: =NPV($E$15,F30:AO30)*(1+$E$15) -> 0 | M30: =IF(M$18-L$18<=$E$16,L$21/$E$16,0) -> 0 | N30: =IF(N$18-L$18<=$E$16,L$21/$E$16,0) -> 0 | O30: =IF(O$18-L$18<=$E$16,L$21/$E$16,0) -> 0 | P30: =IF(P$18-L$18<=$E$16,L$21/$E$16,0) -> 0 | Q30: =IF(Q$18-L$18<=$E$16,L$21/$E$16,0) -> 0 | R30: =IF(R$18-L$18<=$E$16,L$21/$E$16,0) -> 0 | S30: =IF(S$18-L$18<=$E$16,L$21/$E$16,0) -> 0 | T30: =IF(T$18-L$18<=$E$16,L$21/$E$16,0) -> 0 | U30: =IF(U$18-L$18<=$E$16,L$21/$E$16,0) -> 0 | V30: =IF(V$18-L$18<=$E$16,L$21/$E$16,0) -> 0 | W30: =IF(W$18-L$18<=$E$16,L$21/$E$16,0) -> 0 | X30: =IF(X$18-L$18<=$E$16,L$21/$E$16,0) -> 0 | Y30: =IF(Y$18-L$18<=$E$16,L$21/$E$16,0) -> 0 | Z30: =IF(Z$18-L$18<=$E$16,L$21/$E$16,0) -> 0 | AA30: =IF(AA$18-L$18<=$E$16,L$21/$E$16,0) -> 0 | AB30: =IF(AB$18-L$18<=$E$16,L$21/$E$16,0) -> 0
D31: 2030 Investment | E31: =NPV($E$15,F31:AO31)*(1+$E$15) -> 0 | N31: =IF(N$18-M$18<=$E$16,M$21/$E$16,0) -> 0 | O31: =IF(O$18-M$18<=$E$16,M$21/$E$16,0) -> 0 | P31: =IF(P$18-M$18<=$E$16,M$21/$E$16,0) -> 0 | Q31: =IF(Q$18-M$18<=$E$16,M$21/$E$16,0) -> 0 | R31: =IF(R$18-M$18<=$E$16,M$21/$E$16,0) -> 0 | S31: =IF(S$18-M$18<=$E$16,M$21/$E$16,0) -> 0 | T31: =IF(T$18-M$18<=$E$16,M$21/$E$16,0) -> 0 | U31: =IF(U$18-M$18<=$E$16,M$21/$E$16,0) -> 0 | V31: =IF(V$18-M$18<=$E$16,M$21/$E$16,0) -> 0 | W31: =IF(W$18-M$18<=$E$16,M$21/$E$16,0) -> 0 | X31: =IF(X$18-M$18<=$E$16,M$21/$E$16,0) -> 0 | Y31: =IF(Y$18-M$18<=$E$16,M$21/$E$16,0) -> 0 | Z31: =IF(Z$18-M$18<=$E$16,M$21/$E$16,0) -> 0 | AA31: =IF(AA$18-M$18<=$E$16,M$21/$E$16,0) -> 0 | AB31: =IF(AB$18-M$18<=$E$16,M$21/$E$16,0) -> 0 | AC31: =IF(AC$18-M$18<=$E$16,M$21/$E$16,0) -> 0
D32: 2031 Investment | E32: =NPV($E$15,F32:AO32)*(1+$E$15) -> 0 | O32: =IF(O$18-N$18<=$E$16,N$21/$E$16,0) -> 0 | P32: =IF(P$18-N$18<=$E$16,N$21/$E$16,0) -> 0 | Q32: =IF(Q$18-N$18<=$E$16,N$21/$E$16,0) -> 0 | R32: =IF(R$18-N$18<=$E$16,N$21/$E$16,0) -> 0 | S32: =IF(S$18-N$18<=$E$16,N$21/$E$16,0) -> 0 | T32: =IF(T$18-N$18<=$E$16,N$21/$E$16,0) -> 0 | U32: =IF(U$18-N$18<=$E$16,N$21/$E$16,0) -> 0 | V32: =IF(V$18-N$18<=$E$16,N$21/$E$16,0) -> 0 | W32: =IF(W$18-N$18<=$E$16,N$21/$E$16,0) -> 0 | X32: =IF(X$18-N$18<=$E$16,N$21/$E$16,0) -> 0 | Y32: =IF(Y$18-N$18<=$E$16,N$21/$E$16,0) -> 0 | Z32: =IF(Z$18-N$18<=$E$16,N$21/$E$16,0) -> 0 | AA32: =IF(AA$18-N$18<=$E$16,N$21/$E$16,0) -> 0 | AB32: =IF(AB$18-N$18<=$E$16,N$21/$E$16,0) -> 0 | AC32: =IF(AC$18-N$18<=$E$16,N$21/$E$16,0) -> 0 | AD32: =IF(AD$18-N$18<=$E$16,N$21/$E$16,0) -> 0
D33: 2032 Investment | E33: =NPV($E$15,F33:AO33)*(1+$E$15) -> 0 | P33: =IF(P$18-O$18<=$E$16,O$21/$E$16,0) -> 0 | Q33: =IF(Q$18-O$18<=$E$16,O$21/$E$16,0) -> 0 | R33: =IF(R$18-O$18<=$E$16,O$21/$E$16,0) -> 0 | S33: =IF(S$18-O$18<=$E$16,O$21/$E$16,0) -> 0 | T33: =IF(T$18-O$18<=$E$16,O$21/$E$16,0) -> 0 | U33: =IF(U$18-O$18<=$E$16,O$21/$E$16,0) -> 0 | V33: =IF(V$18-O$18<=$E$16,O$21/$E$16,0) -> 0 | W33: =IF(W$18-O$18<=$E$16,O$21/$E$16,0) -> 0 | X33: =IF(X$18-O$18<=$E$16,O$21/$E$16,0) -> 0 | Y33: =IF(Y$18-O$18<=$E$16,O$21/$E$16,0) -> 0 | Z33: =IF(Z$18-O$18<=$E$16,O$21/$E$16,0) -> 0 | AA33: =IF(AA$18-O$18<=$E$16,O$21/$E$16,0) -> 0 | AB33: =IF(AB$18-O$18<=$E$16,O$21/$E$16,0) -> 0 | AC33: =IF(AC$18-O$18<=$E$16,O$21/$E$16,0) -> 0 | AD33: =IF(AD$18-O$18<=$E$16,O$21/$E$16,0) -> 0 | AE33: =IF(AE$18-O$18<=$E$16,O$21/$E$16,0) -> 0
D34: 2033 Investment | E34: =NPV($E$15,F34:AO34)*(1+$E$15) -> 0 | Q34: =IF(Q$18-P$18<=$E$16,P$21/$E$16,0) -> 0 | R34: =IF(R$18-P$18<=$E$16,P$21/$E$16,0) -> 0 | S34: =IF(S$18-P$18<=$E$16,P$21/$E$16,0) -> 0 | T34: =IF(T$18-P$18<=$E$16,P$21/$E$16,0) -> 0 | U34: =IF(U$18-P$18<=$E$16,P$21/$E$16,0) -> 0 | V34: =IF(V$18-P$18<=$E$16,P$21/$E$16,0) -> 0 | W34: =IF(W$18-P$18<=$E$16,P$21/$E$16,0) -> 0 | X34: =IF(X$18-P$18<=$E$16,P$21/$E$16,0) -> 0 | Y34: =IF(Y$18-P$18<=$E$16,P$21/$E$16,0) -> 0 | Z34: =IF(Z$18-P$18<=$E$16,P$21/$E$16,0) -> 0 | AA34: =IF(AA$18-P$18<=$E$16,P$21/$E$16,0) -> 0 | AB34: =IF(AB$18-P$18<=$E$16,P$21/$E$16,0) -> 0 | AC34: =IF(AC$18-P$18<=$E$16,P$21/$E$16,0) -> 0 | AD34: =IF(AD$18-P$18<=$E$16,P$21/$E$16,0) -> 0 | AE34: =IF(AE$18-P$18<=$E$16,P$21/$E$16,0) -> 0 | AF34: =IF(AF$18-P$18<=$E$16,P$21/$E$16,0) -> 0
D35: 2034 Investment | E35: =NPV($E$15,F35:AO35)*(1+$E$15) -> 0 | R35: =IF(R$18-Q$18<=$E$16,Q$21/$E$16,0) -> 0 | S35: =IF(S$18-Q$18<=$E$16,Q$21/$E$16,0) -> 0 | T35: =IF(T$18-Q$18<=$E$16,Q$21/$E$16,0) -> 0 | U35: =IF(U$18-Q$18<=$E$16,Q$21/$E$16,0) -> 0 | V35: =IF(V$18-Q$18<=$E$16,Q$21/$E$16,0) -> 0 | W35: =IF(W$18-Q$18<=$E$16,Q$21/$E$16,0) -> 0 | X35: =IF(X$18-Q$18<=$E$16,Q$21/$E$16,0) -> 0 | Y35: =IF(Y$18-Q$18<=$E$16,Q$21/$E$16,0) -> 0 | Z35: =IF(Z$18-Q$18<=$E$16,Q$21/$E$16,0) -> 0 | AA35: =IF(AA$18-Q$18<=$E$16,Q$21/$E$16,0) -> 0 | AB35: =IF(AB$18-Q$18<=$E$16,Q$21/$E$16,0) -> 0 | AC35: =IF(AC$18-Q$18<=$E$16,Q$21/$E$16,0) -> 0 | AD35: =IF(AD$18-Q$18<=$E$16,Q$21/$E$16,0) -> 0 | AE35: =IF(AE$18-Q$18<=$E$16,Q$21/$E$16,0) -> 0 | AF35: =IF(AF$18-Q$18<=$E$16,Q$21/$E$16,0) -> 0 | AG35: =IF(AG$18-Q$18<=$E$16,Q$21/$E$16,0) -> 0
D36: 2035 Investment | E36: =NPV($E$15,F36:AO36)*(1+$E$15) -> 0 | S36: =IF(S$18-R$18<=$E$16,R$21/$E$16,0) -> 0 | T36: =IF(T$18-R$18<=$E$16,R$21/$E$16,0) -> 0 | U36: =IF(U$18-R$18<=$E$16,R$21/$E$16,0) -> 0 | V36: =IF(V$18-R$18<=$E$16,R$21/$E$16,0) -> 0 | W36: =IF(W$18-R$18<=$E$16,R$21/$E$16,0) -> 0 | X36: =IF(X$18-R$18<=$E$16,R$21/$E$16,0) -> 0 | Y36: =IF(Y$18-R$18<=$E$16,R$21/$E$16,0) -> 0 | Z36: =IF(Z$18-R$18<=$E$16,R$21/$E$16,0) -> 0 | AA36: =IF(AA$18-R$18<=$E$16,R$21/$E$16,0) -> 0 | AB36: =IF(AB$18-R$18<=$E$16,R$21/$E$16,0) -> 0 | AC36: =IF(AC$18-R$18<=$E$16,R$21/$E$16,0) -> 0 | AD36: =IF(AD$18-R$18<=$E$16,R$21/$E$16,0) -> 0 | AE36: =IF(AE$18-R$18<=$E$16,R$21/$E$16,0) -> 0 | AF36: =IF(AF$18-R$18<=$E$16,R$21/$E$16,0) -> 0 | AG36: =IF(AG$18-R$18<=$E$16,R$21/$E$16,0) -> 0 | AH36: =IF(AH$18-R$18<=$E$16,R$21/$E$16,0) -> 0
D37: 2036 Investment | E37: =NPV($E$15,F37:AO37)*(1+$E$15) -> 0 | T37: =IF(T$18-S$18<=$E$16,S$21/$E$16,0) -> 0 | U37: =IF(U$18-S$18<=$E$16,S$21/$E$16,0) -> 0 | V37: =IF(V$18-S$18<=$E$16,S$21/$E$16,0) -> 0 | W37: =IF(W$18-S$18<=$E$16,S$21/$E$16,0) -> 0 | X37: =IF(X$18-S$18<=$E$16,S$21/$E$16,0) -> 0 | Y37: =IF(Y$18-S$18<=$E$16,S$21/$E$16,0) -> 0 | Z37: =IF(Z$18-S$18<=$E$16,S$21/$E$16,0) -> 0 | AA37: =IF(AA$18-S$18<=$E$16,S$21/$E$16,0) -> 0 | AB37: =IF(AB$18-S$18<=$E$16,S$21/$E$16,0) -> 0 | AC37: =IF(AC$18-S$18<=$E$16,S$21/$E$16,0) -> 0 | AD37: =IF(AD$18-S$18<=$E$16,S$21/$E$16,0) -> 0 | AE37: =IF(AE$18-S$18<=$E$16,S$21/$E$16,0) -> 0 | AF37: =IF(AF$18-S$18<=$E$16,S$21/$E$16,0) -> 0 | AG37: =IF(AG$18-S$18<=$E$16,S$21/$E$16,0) -> 0 | AH37: =IF(AH$18-S$18<=$E$16,S$21/$E$16,0) -> 0 | AI37: =IF(AI$18-S$18<=$E$16,S$21/$E$16,0) -> 0
D38: 2037 Investment | E38: =NPV($E$15,F38:AO38)*(1+$E$15) -> 0 | U38: =IF(U$18-T$18<=$E$16,T$21/$E$16,0) -> 0 | V38: =IF(V$18-T$18<=$E$16,T$21/$E$16,0) -> 0 | W38: =IF(W$18-T$18<=$E$16,T$21/$E$16,0) -> 0 | X38: =IF(X$18-T$18<=$E$16,T$21/$E$16,0) -> 0 | Y38: =IF(Y$18-T$18<=$E$16,T$21/$E$16,0) -> 0 | Z38: =IF(Z$18-T$18<=$E$16,T$21/$E$16,0) -> 0 | AA38: =IF(AA$18-T$18<=$E$16,T$21/$E$16,0) -> 0 | AB38: =IF(AB$18-T$18<=$E$16,T$21/$E$16,0) -> 0 | AC38: =IF(AC$18-T$18<=$E$16,T$21/$E$16,0) -> 0 | AD38: =IF(AD$18-T$18<=$E$16,T$21/$E$16,0) -> 0 | AE38: =IF(AE$18-T$18<=$E$16,T$21/$E$16,0) -> 0 | AF38: =IF(AF$18-T$18<=$E$16,T$21/$E$16,0) -> 0 | AG38: =IF(AG$18-T$18<=$E$16,T$21/$E$16,0) -> 0 | AH38: =IF(AH$18-T$18<=$E$16,T$21/$E$16,0) -> 0 | AI38: =IF(AI$18-T$18<=$E$16,T$21/$E$16,0) -> 0 | AJ38: =IF(AJ$18-T$18<=$E$16,T$21/$E$16,0) -> 0
D39: 2038 Investment | E39: =NPV($E$15,F39:AO39)*(1+$E$15) -> 0 | V39: =IF(V$18-U$18<=$E$16,U$21/$E$16,0) -> 0 | W39: =IF(W$18-U$18<=$E$16,U$21/$E$16,0) -> 0 | X39: =IF(X$18-U$18<=$E$16,U$21/$E$16,0) -> 0 | Y39: =IF(Y$18-U$18<=$E$16,U$21/$E$16,0) -> 0 | Z39: =IF(Z$18-U$18<=$E$16,U$21/$E$16,0) -> 0 | AA39: =IF(AA$18-U$18<=$E$16,U$21/$E$16,0) -> 0 | AB39: =IF(AB$18-U$18<=$E$16,U$21/$E$16,0) -> 0 | AC39: =IF(AC$18-U$18<=$E$16,U$21/$E$16,0) -> 0 | AD39: =IF(AD$18-U$18<=$E$16,U$21/$E$16,0) -> 0 | AE39: =IF(AE$18-U$18<=$E$16,U$21/$E$16,0) -> 0 | AF39: =IF(AF$18-U$18<=$E$16,U$21/$E$16,0) -> 0 | AG39: =IF(AG$18-U$18<=$E$16,U$21/$E$16,0) -> 0 | AH39: =IF(AH$18-U$18<=$E$16,U$21/$E$16,0) -> 0 | AI39: =IF(AI$18-U$18<=$E$16,U$21/$E$16,0) -> 0 | AJ39: =IF(AJ$18-U$18<=$E$16,U$21/$E$16,0) -> 0 | AK39: =IF(AK$18-U$18<=$E$16,U$21/$E$16,0) -> 0
D40: 2039 Investment | E40: =NPV($E$15,F40:AO40)*(1+$E$15) -> 0 | W40: =IF(W$18-V$18<=$E$16,V$21/$E$16,0) -> 0 | X40: =IF(X$18-V$18<=$E$16,V$21/$E$16,0) -> 0 | Y40: =IF(Y$18-V$18<=$E$16,V$21/$E$16,0) -> 0 | Z40: =IF(Z$18-V$18<=$E$16,V$21/$E$16,0) -> 0 | AA40: =IF(AA$18-V$18<=$E$16,V$21/$E$16,0) -> 0 | AB40: =IF(AB$18-V$18<=$E$16,V$21/$E$16,0) -> 0 | AC40: =IF(AC$18-V$18<=$E$16,V$21/$E$16,0) -> 0 | AD40: =IF(AD$18-V$18<=$E$16,V$21/$E$16,0) -> 0 | AE40: =IF(AE$18-V$18<=$E$16,V$21/$E$16,0) -> 0 | AF40: =IF(AF$18-V$18<=$E$16,V$21/$E$16,0) -> 0 | AG40: =IF(AG$18-V$18<=$E$16,V$21/$E$16,0) -> 0 | AH40: =IF(AH$18-V$18<=$E$16,V$21/$E$16,0) -> 0 | AI40: =IF(AI$18-V$18<=$E$16,V$21/$E$16,0) -> 0 | AJ40: =IF(AJ$18-V$18<=$E$16,V$21/$E$16,0) -> 0 | AK40: =IF(AK$18-V$18<=$E$16,V$21/$E$16,0) -> 0 | AL40: =IF(AL$18-V$18<=$E$16,V$21/$E$16,0) -> 0
D41: 2040 Investment | E41: =NPV($E$15,F41:AO41)*(1+$E$15) -> 0 | X41: =IF(X$18-W$18<=$E$16,W$21/$E$16,0) -> 0 | Y41: =IF(Y$18-W$18<=$E$16,W$21/$E$16,0) -> 0 | Z41: =IF(Z$18-W$18<=$E$16,W$21/$E$16,0) -> 0 | AA41: =IF(AA$18-W$18<=$E$16,W$21/$E$16,0) -> 0 | AB41: =IF(AB$18-W$18<=$E$16,W$21/$E$16,0) -> 0 | AC41: =IF(AC$18-W$18<=$E$16,W$21/$E$16,0) -> 0 | AD41: =IF(AD$18-W$18<=$E$16,W$21/$E$16,0) -> 0 | AE41: =IF(AE$18-W$18<=$E$16,W$21/$E$16,0) -> 0 | AF41: =IF(AF$18-W$18<=$E$16,W$21/$E$16,0) -> 0 | AG41: =IF(AG$18-W$18<=$E$16,W$21/$E$16,0) -> 0 | AH41: =IF(AH$18-W$18<=$E$16,W$21/$E$16,0) -> 0 | AI41: =IF(AI$18-W$18<=$E$16,W$21/$E$16,0) -> 0 | AJ41: =IF(AJ$18-W$18<=$E$16,W$21/$E$16,0) -> 0 | AK41: =IF(AK$18-W$18<=$E$16,W$21/$E$16,0) -> 0 | AL41: =IF(AL$18-W$18<=$E$16,W$21/$E$16,0) -> 0 | AM41: =IF(AM$18-W$18<=$E$16,W$21/$E$16,0) -> 0
D42: 2041 Investment | E42: =NPV($E$15,F42:AO42)*(1+$E$15) -> 0 | Y42: =IF(Y$18-X$18<=$E$16,X$21/$E$16,0) -> 0 | Z42: =IF(Z$18-X$18<=$E$16,X$21/$E$16,0) -> 0 | AA42: =IF(AA$18-X$18<=$E$16,X$21/$E$16,0) -> 0 | AB42: =IF(AB$18-X$18<=$E$16,X$21/$E$16,0) -> 0 | AC42: =IF(AC$18-X$18<=$E$16,X$21/$E$16,0) -> 0 | AD42: =IF(AD$18-X$18<=$E$16,X$21/$E$16,0) -> 0 | AE42: =IF(AE$18-X$18<=$E$16,X$21/$E$16,0) -> 0 | AF42: =IF(AF$18-X$18<=$E$16,X$21/$E$16,0) -> 0 | AG42: =IF(AG$18-X$18<=$E$16,X$21/$E$16,0) -> 0 | AH42: =IF(AH$18-X$18<=$E$16,X$21/$E$16,0) -> 0 | AI42: =IF(AI$18-X$18<=$E$16,X$21/$E$16,0) -> 0 | AJ42: =IF(AJ$18-X$18<=$E$16,X$21/$E$16,0) -> 0 | AK42: =IF(AK$18-X$18<=$E$16,X$21/$E$16,0) -> 0 | AL42: =IF(AL$18-X$18<=$E$16,X$21/$E$16,0) -> 0 | AM42: =IF(AM$18-X$18<=$E$16,X$21/$E$16,0) -> 0 | AN42: =IF(AN$18-X$18<=$E$16,X$21/$E$16,0) -> 0
D43: 2042 Investment | E43: =NPV($E$15,F43:AO43)*(1+$E$15) -> 0 | Z43: =IF(Z$18-Y$18<=$E$16,Y$21/$E$16,0) -> 0 | AA43: =IF(AA$18-Y$18<=$E$16,Y$21/$E$16,0) -> 0 | AB43: =IF(AB$18-Y$18<=$E$16,Y$21/$E$16,0) -> 0 | AC43: =IF(AC$18-Y$18<=$E$16,Y$21/$E$16,0) -> 0 | AD43: =IF(AD$18-Y$18<=$E$16,Y$21/$E$16,0) -> 0 | AE43: =IF(AE$18-Y$18<=$E$16,Y$21/$E$16,0) -> 0 | AF43: =IF(AF$18-Y$18<=$E$16,Y$21/$E$16,0) -> 0 | AG43: =IF(AG$18-Y$18<=$E$16,Y$21/$E$16,0) -> 0 | AH43: =IF(AH$18-Y$18<=$E$16,Y$21/$E$16,0) -> 0 | AI43: =IF(AI$18-Y$18<=$E$16,Y$21/$E$16,0) -> 0 | AJ43: =IF(AJ$18-Y$18<=$E$16,Y$21/$E$16,0) -> 0 | AK43: =IF(AK$18-Y$18<=$E$16,Y$21/$E$16,0) -> 0 | AL43: =IF(AL$18-Y$18<=$E$16,Y$21/$E$16,0) -> 0 | AM43: =IF(AM$18-Y$18<=$E$16,Y$21/$E$16,0) -> 0 | AN43: =IF(AN$18-Y$18<=$E$16,Y$21/$E$16,0) -> 0 | AO43: =IF(AO$18-Y$18<=$E$16,Y$21/$E$16,0) -> 0
D44: Total | E44: =NPV($E$15,F44:AO44)*(1+$E$15) -> 0 | F44: =SUM(F24:F43) -> 0 | G44: =SUM(G24:G43) -> 0 | H44: =SUM(H24:H43) -> 0 | I44: =SUM(I24:I43) -> 0 | J44: =SUM(J24:J43) -> 0 | K44: =SUM(K24:K43) -> 0 | L44: =SUM(L24:L43) -> 0 | M44: =SUM(M24:M43) -> 0 | ... AO44: =SUM(AO24:AO43) -> 0
B45: Summary
E46: NPV | F46: 2023 | G46: 2024 | H46: 2025 | I46: 2026 | J46: 2027 | K46: 2028 | L46: 2029 | M46: 2030 | N46: 2031 | O46: 2032 | P46: 2033 | Q46: 2034 | R46: 2035 | S46: 2036 | T46: 2037 | U46: 2038 | V46: 2039 | W46: 2040 | X46: 2041 | Y46: 2042 | Z46: 2043 | AA46: 2044 | AB46: 2045 | AC46: 2046 | AD46: 2047 | AE46: 2048 | AF46: 2049 | AG46: 2050 | AH46: 2051 | AI46: 2052 | AJ46: 2052 | AK46: 2052 | AL46: 2052 | AM46: 2052 | AN46: 2052 | AO46: 2052
D47: Expenses | E47: =NPV($E$15,F47:AO47)*(1+$E$15) -> 142.26 | F47: =F19 -> 142.26 | G47: =G19 -> 0 | H47: =H19 -> 0 | I47: =I19 -> 0 | J47: =J19 -> 0 | K47: =K19 -> 0 | L47: =L19 -> 0 | M47: =M19 -> 0 | ... AO47: =AO19 -> 0
D48: Amortization | E48: =NPV($E$15,F48:AO48)*(1+$E$15) -> 0 | G48: =G44 -> 0 | H48: =H44 -> 0 | I48: =I44 -> 0 | J48: =J44 -> 0 | K48: =K44 -> 0 | L48: =L44 -> 0 | M48: =M44 -> 0 | N48: =N44 -> 0 | ... AO48: =AO44 -> 0
D49: Debt Interest | E49: =NPV($E$15,F49:AO49)*(1+$E$15) -> 0 | G49: =F$22*$H10 -> 0 | H49: =G$22*$H10 -> 0 | I49: =H$22*$H10 -> 0 | J49: =I$22*$H10 -> 0 | K49: =J$22*$H10 -> 0 | L49: =K$22*$H10 -> 0 | M49: =L$22*$H10 -> 0 | N49: =M$22*$H10 -> 0 | ... AO49: =AN$22*$H10 -> 0
D50: Equity Earnings | E50: =NPV($E$15,F50:AO50)*(1+$E$15) -> 0 | G50: =F$22*$H11 -> 0 | H50: =G$22*$H11 -> 0 | I50: =H$22*$H11 -> 0 | J50: =I$22*$H11 -> 0 | K50: =J$22*$H11 -> 0 | L50: =K$22*$H11 -> 0 | M50: =L$22*$H11 -> 0 | N50: =M$22*$H11 -> 0 | ... AO50: =AN$22*$H11 -> 0
D51: Total Cost of Capital | E51: =NPV($E$15,F51:AO51)*(1+$E$15) -> 0 | G51: =SUM(G49:G50) -> 0 | H51: =SUM(H49:H50) -> 0 | I51: =SUM(I49:I50) -> 0 | J51: =SUM(J49:J50) -> 0 | K51: =SUM(K49:K50) -> 0 | L51: =SUM(L49:L50) -> 0 | M51: =SUM(M49:M50) -> 0 | N51: =SUM(N49:N50) -> 0 | ... AO51: =SUM(AO49:AO50) -> 0
D52: Income Taxes | E52: =NPV($E$15,F52:AO52)*(1+$E$15) -> 0 | G52: =G50*($H$14-1) -> 0 | H52: =H50*($H$14-1) -> 0 | I52: =I50*($H$14-1) -> 0 | J52: =J50*($H$14-1) -> 0 | K52: =K50*($H$14-1) -> 0 | L52: =L50*($H$14-1) -> 0 | M52: =M50*($H$14-1) -> 0 | N52: =N50*($H$14-1) -> 0 | ... AO52: =AO50*($H$14-1) -> 0
D53: Revenue Requirement | E53: =NPV($E$15,F53:AO53)*(1+$E$15) -> 142.26 | F53: =SUM(F48,F51,F47,F52) -> 142.26 | G53: =SUM(G48,G51,G47,G52) -> 0 | H53: =SUM(H48,H51,H47,H52) -> 0 | I53: =SUM(I48,I51,I47,I52) -> 0 | J53: =SUM(J48,J51,J47,J52) -> 0 | K53: =SUM(K48,K51,K47,K52) -> 0 | L53: =SUM(L48,L51,L47,L52) -> 0 | M53: =SUM(M48,M51,M47,M52) -> 0 | ... AO53: =SUM(AO48,AO51,AO47,AO52) -> 0
D55: Cash Flow | E55: =NPV($E$15,F55:AO55)*(1+$E$15) -> 0 | F55: =-F8+F53 -> 0 | G55: =-G8+G53 -> 0 | H55: =-H8+H53 -> 0 | I55: =-I8+I53 -> 0 | J55: =-J8+J53 -> 0 | K55: =-K8+K53 -> 0 | L55: =-L8+L53 -> 0 | M55: =-M8+M53 -> 0 | ... AO55: =-AO8+AO53 -> 0
D56: Unamortized Asset Balance | F56: =F22 -> 0 | G56: =G22 -> 0 | H56: =H22 -> 0 | I56: =I22 -> 0 | J56: =J22 -> 0 | K56: =K22 -> 0 | L56: =L22 -> 0 | M56: =M22 -> 0 | ... AO56: =AO22 -> 0

Sheet Xp20
A1: Enbridge: Amortization Analysis
A2: Tax as Capital Investment
D3: Scenario: | E3: Cost Recovery | G3: Expense | I3: Amortization Cost of Capital | L3: WACC
E4: Portfolio Horizon | G4: 20 | H4: years | I4: Amortiztion Life | L4: 10 | M4: years
B6: Background Data
C7: DSM Portfolio | F7: 2023 | G7: 2024 | H7: 2025 | I7: 2026 | J7: =I7+1 -> 2027 | K7: =J7+1 -> 2028 | L7: =K7+1 -> 2029 | M7: =L7+1 -> 2030 | N7: =M7+1 -> 2031 | O7: =N7+1 -> 2032 | P7: =O7+1 -> 2033 | Q7: =P7+1 -> 2034 | ... AO7: =AN7+1 -> 2058
D8: Investment (millions) | F8: ='Portfolio$'!E6/10^6 -> 142.26 | G8: =IF(G7-$F$7+1>$G$4,0,'Portfolio$'!F6/10^6) -> 148.8222 | H8: =IF(H7-$F$7+1>$G$4,0,'Portfolio$'!G6/10^6) -> 155.70149 | I8: =IF(I7-$F$7+1>$G$4,0,'Portfolio$'!H6/10^6) -> 162.91352 | J8: =IF(J7-$F$7+1>$G$4,0,'Portfolio$'!I6/10^6) -> 170.47468 | K8: =IF(K7-$F$7+1>$G$4,0,J8*1.02) -> 173.88417 | L8: =IF(L7-$F$7+1>$G$4,0,K8*1.02) -> 177.36186 | M8: =IF(M7-$F$7+1>$G$4,0,L8*1.02) -> 180.90909 | N8: =IF(N7-$F$7+1>$G$4,0,M8*1.02) -> 184.52728 | O8: =IF(O7-$F$7+1>$G$4,0,N8*1.02) -> 188.21782 | P8: =IF(P7-$F$7+1>$G$4,0,O8*1.02) -> 191.98218 | Q8: =IF(Q7-$F$7+1>$G$4,0,P8*1.02) -> 195.82182 | R8: =IF(R7-$F$7+1>$G$4,0,Q8*1.02) -> 199.73826 | ... Y8: =IF(Y7-$F$7+1>$G$4,0,X8*1.02) -> 229.43647
C9: Enbridge Capital Structure | F9: Capitalization | G9: After-Tax Return | H9: Weighted | J9: Pre-Tax Return | K9: Weighted
D10: Debt | F10: 0.64 | G10: 0.04 | H10: =F10*G10 -> 0.0256 | J10: 0.04 | K10: =$F10*J10 -> 0.0256
D11: Equity | F11: 0.36 | G11: 0.09 | H11: =F11*G11 -> 0.0324 | J11: =G11*H14 -> 0.12244898 | K11: =$F11*J11 -> 0.044081633
D12: WACC-After-Tax | F12: =SUM(F10:F11) -> 1 | H12: =SUM(H10:H11) -> 0.058 | K12: =SUM(K10:K11) -> 0.069681633
D13: Combined Income Tax Rate | H13: 0.265
D14: Tax Gross Up Factor | H14: =1/(1-H13) -> 1.3605442
C15: Discount Rate | E15: =K12 -> 0.069681633
C16: Amortization Term | E16: =L4 -> 10 | F16: years
B17: Revenue Requirement Calcs
E18: NPV | F18: =F7 -> 2023 | G18: =F18+1 -> 2024 | H18: =G18+1 -> 2025 | I18: =H18+1 -> 2026 | J18: =I18+1 -> 2027 | K18: =J18+1 -> 2028 | L18: =K18+1 -> 2029 | M18: =L18+1 -> 2030 | N18: =M18+1 -> 2031 | ... AO18: =AN18+1 -> 2058
C19: Expenses | E19: =NPV($E$15,F19:AO19)*(1+$E$15) -> 2044.1909 | F19: =IF($G$3="Expense",F8,0) -> 142.26 | G19: =IF($G$3="Expense",G8,0) -> 148.8222 | H19: =IF($G$3="Expense",H8,0) -> 155.70149 | I19: =IF($G$3="Expense",I8,0) -> 162.91352 | J19: =IF($G$3="Expense",J8,0) -> 170.47468 | K19: =IF($G$3="Expense",K8,0) -> 173.88417 | L19: =IF($G$3="Expense",L8,0) -> 177.36186 | M19: =IF($G$3="Expense",M8,0) -> 180.90909 | ... Y19: =IF($G$3="Expense",Y8,0) -> 229.43647
C20: Rate Base
D21: Additions To Rate Base | E21: =NPV($E$15,F21:AO21)*(1+$E$15) -> 0 | F21: =F8-F19 -> 0 | G21: =G8-G19 -> 0 | H21: =H8-H19 -> 0 | I21: =I8-I19 -> 0 | J21: =J8-J19 -> 0 | K21: =K8-K19 -> 0 | L21: =L8-L19 -> 0 | M21: =M8-M19 -> 0 | ... Y21: =Y8-Y19 -> 0
D22: Unamortized Balance (EOY) | F22: =E22+F21-F44 -> 0 | G22: =F22+G21-G44 -> 0 | H22: =G22+H21-H44 -> 0 | I22: =H22+I21-I44 -> 0 | J22: =I22+J21-J44 -> 0 | K22: =J22+K21-K44 -> 0 | L22: =K22+L21-L44 -> 0 | M22: =L22+M21-M44 -> 0 | ... AO22: =AN22+AO21-AO44 -> 0
C23: Amortization
D24: 2023 Investment | E24: =NPV($E$15,F24:AO24)*(1+$E$15) -> 0 | G24: =IF(G$18-F$18<=$E$16,F$21/$E$16,0) -> 0 | H24: =IF(H$18-F$18<=$E$16,F$21/$E$16,0) -> 0 | I24: =IF(I$18-F$18<=$E$16,F$21/$E$16,0) -> 0 | J24: =IF(J$18-F$18<=$E$16,F$21/$E$16,0) -> 0 | K24: =IF(K$18-F$18<=$E$16,F$21/$E$16,0) -> 0 | L24: =IF(L$18-F$18<=$E$16,F$21/$E$16,0) -> 0 | M24: =IF(M$18-F$18<=$E$16,F$21/$E$16,0) -> 0 | N24: =IF(N$18-F$18<=$E$16,F$21/$E$16,0) -> 0 | O24: =IF(O$18-F$18<=$E$16,F$21/$E$16,0) -> 0 | P24: =IF(P$18-F$18<=$E$16,F$21/$E$16,0) -> 0 | Q24: =IF(Q$18-F$18<=$E$16,F$21/$E$16,0) -> 0 | R24: =IF(R$18-F$18<=$E$16,F$21/$E$16,0) -> 0 | S24: =IF(S$18-F$18<=$E$16,F$21/$E$16,0) -> 0 | T24: =IF(T$18-F$18<=$E$16,F$21/$E$16,0) -> 0 | U24: =IF(U$18-F$18<=$E$16,F$21/$E$16,0) -> 0 | V24: =IF(V$18-F$18<=$E$16,F$21/$E$16,0) -> 0
D25: 2024 Investment | E25: =NPV($E$15,F25:AO25)*(1+$E$15) -> 0 | H25: =IF(H$18-G$18<=$E$16,G$21/$E$16,0) -> 0 | I25: =IF(I$18-G$18<=$E$16,G$21/$E$16,0) -> 0 | J25: =IF(J$18-G$18<=$E$16,G$21/$E$16,0) -> 0 | K25: =IF(K$18-G$18<=$E$16,G$21/$E$16,0) -> 0 | L25: =IF(L$18-G$18<=$E$16,G$21/$E$16,0) -> 0 | M25: =IF(M$18-G$18<=$E$16,G$21/$E$16,0) -> 0 | N25: =IF(N$18-G$18<=$E$16,G$21/$E$16,0) -> 0 | O25: =IF(O$18-G$18<=$E$16,G$21/$E$16,0) -> 0 | P25: =IF(P$18-G$18<=$E$16,G$21/$E$16,0) -> 0 | Q25: =IF(Q$18-G$18<=$E$16,G$21/$E$16,0) -> 0 | R25: =IF(R$18-G$18<=$E$16,G$21/$E$16,0) -> 0 | S25: =IF(S$18-G$18<=$E$16,G$21/$E$16,0) -> 0 | T25: =IF(T$18-G$18<=$E$16,G$21/$E$16,0) -> 0 | U25: =IF(U$18-G$18<=$E$16,G$21/$E$16,0) -> 0 | V25: =IF(V$18-G$18<=$E$16,G$21/$E$16,0) -> 0 | W25: =IF(W$18-G$18<=$E$16,G$21/$E$16,0) -> 0
D26: 2025 Investment | E26: =NPV($E$15,F26:AO26)*(1+$E$15) -> 0 | I26: =IF(I$18-H$18<=$E$16,H$21/$E$16,0) -> 0 | J26: =IF(J$18-H$18<=$E$16,H$21/$E$16,0) -> 0 | K26: =IF(K$18-H$18<=$E$16,H$21/$E$16,0) -> 0 | L26: =IF(L$18-H$18<=$E$16,H$21/$E$16,0) -> 0 | M26: =IF(M$18-H$18<=$E$16,H$21/$E$16,0) -> 0 | N26: =IF(N$18-H$18<=$E$16,H$21/$E$16,0) -> 0 | O26: =IF(O$18-H$18<=$E$16,H$21/$E$16,0) -> 0 | P26: =IF(P$18-H$18<=$E$16,H$21/$E$16,0) -> 0 | Q26: =IF(Q$18-H$18<=$E$16,H$21/$E$16,0) -> 0 | R26: =IF(R$18-H$18<=$E$16,H$21/$E$16,0) -> 0 | S26: =IF(S$18-H$18<=$E$16,H$21/$E$16,0) -> 0 | T26: =IF(T$18-H$18<=$E$16,H$21/$E$16,0) -> 0 | U26: =IF(U$18-H$18<=$E$16,H$21/$E$16,0) -> 0 | V26: =IF(V$18-H$18<=$E$16,H$21/$E$16,0) -> 0 | W26: =IF(W$18-H$18<=$E$16,H$21/$E$16,0) -> 0 | X26: =IF(X$18-H$18<=$E$16,H$21/$E$16,0) -> 0
D27: 2026 Investment | E27: =NPV($E$15,F27:AO27)*(1+$E$15) -> 0 | J27: =IF(J$18-I$18<=$E$16,I$21/$E$16,0) -> 0 | K27: =IF(K$18-I$18<=$E$16,I$21/$E$16,0) -> 0 | L27: =IF(L$18-I$18<=$E$16,I$21/$E$16,0) -> 0 | M27: =IF(M$18-I$18<=$E$16,I$21/$E$16,0) -> 0 | N27: =IF(N$18-I$18<=$E$16,I$21/$E$16,0) -> 0 | O27: =IF(O$18-I$18<=$E$16,I$21/$E$16,0) -> 0 | P27: =IF(P$18-I$18<=$E$16,I$21/$E$16,0) -> 0 | Q27: =IF(Q$18-I$18<=$E$16,I$21/$E$16,0) -> 0 | R27: =IF(R$18-I$18<=$E$16,I$21/$E$16,0) -> 0 | S27: =IF(S$18-I$18<=$E$16,I$21/$E$16,0) -> 0 | T27: =IF(T$18-I$18<=$E$16,I$21/$E$16,0) -> 0 | U27: =IF(U$18-I$18<=$E$16,I$21/$E$16,0) -> 0 | V27: =IF(V$18-I$18<=$E$16,I$21/$E$16,0) -> 0 | W27: =IF(W$18-I$18<=$E$16,I$21/$E$16,0) -> 0 | X27: =IF(X$18-I$18<=$E$16,I$21/$E$16,0) -> 0 | Y27: =IF(Y$18-I$18<=$E$16,I$21/$E$16,0) -> 0
D28: 2027 Investment | E28: =NPV($E$15,F28:AO28)*(1+$E$15) -> 0 | K28: =IF(K$18-J$18<=$E$16,J$21/$E$16,0) -> 0 | L28: =IF(L$18-J$18<=$E$16,J$21/$E$16,0) -> 0 | M28: =IF(M$18-J$18<=$E$16,J$21/$E$16,0) -> 0 | N28: =IF(N$18-J$18<=$E$16,J$21/$E$16,0) -> 0 | O28: =IF(O$18-J$18<=$E$16,J$21/$E$16,0) -> 0 | P28: =IF(P$18-J$18<=$E$16,J$21/$E$16,0) -> 0 | Q28: =IF(Q$18-J$18<=$E$16,J$21/$E$16,0) -> 0 | R28: =IF(R$18-J$18<=$E$16,J$21/$E$16,0) -> 0 | S28: =IF(S$18-J$18<=$E$16,J$21/$E$16,0) -> 0 | T28: =IF(T$18-J$18<=$E$16,J$21/$E$16,0) -> 0 | U28: =IF(U$18-J$18<=$E$16,J$21/$E$16,0) -> 0 | V28: =IF(V$18-J$18<=$E$16,J$21/$E$16,0) -> 0 | W28: =IF(W$18-J$18<=$E$16,J$21/$E$16,0) -> 0 | X28: =IF(X$18-J$18<=$E$16,J$21/$E$16,0) -> 0 | Y28: =IF(Y$18-J$18<=$E$16,J$21/$E$16,0) -> 0 | Z28: =IF(Z$18-J$18<=$E$16,J$21/$E$16,0) -> 0
D29: 2028 Investment | E29: =NPV($E$15,F29:AO29)*(1+$E$15) -> 0 | L29: =IF(L$18-K$18<=$E$16,K$21/$E$16,0) -> 0 | M29: =IF(M$18-K$18<=$E$16,K$21/$E$16,0) -> 0 | N29: =IF(N$18-K$18<=$E$16,K$21/$E$16,0) -> 0 | O29: =IF(O$18-K$18<=$E$16,K$21/$E$16,0) -> 0 | P29: =IF(P$18-K$18<=$E$16,K$21/$E$16,0) -> 0 | Q29: =IF(Q$18-K$18<=$E$16,K$21/$E$16,0) -> 0 | R29: =IF(R$18-K$18<=$E$16,K$21/$E$16,0) -> 0 | S29: =IF(S$18-K$18<=$E$16,K$21/$E$16,0) -> 0 | T29: =IF(T$18-K$18<=$E$16,K$21/$E$16,0) -> 0 | U29: =IF(U$18-K$18<=$E$16,K$21/$E$16,0) -> 0 | V29: =IF(V$18-K$18<=$E$16,K$21/$E$16,0) -> 0 | W29: =IF(W$18-K$18<=$E$16,K$21/$E$16,0) -> 0 | X29: =IF(X$18-K$18<=$E$16,K$21/$E$16,0) -> 0 | Y29: =IF(Y$18-K$18<=$E$16,K$21/$E$16,0) -> 0 | Z29: =IF(Z$18-K$18<=$E$16,K$21/$E$16,0) -> 0 | AA29: =IF(AA$18-K$18<=$E$16,K$21/$E$16,0) -> 0
D30: 2029 Investment | E30: =NPV($E$15,F30:AO30)*(1+$E$15) -> 0 | M30: =IF(M$18-L$18<=$E$16,L$21/$E$16,0) -> 0 | N30: =IF(N$18-L$18<=$E$16,L$21/$E$16,0) -> 0 | O30: =IF(O$18-L$18<=$E$16,L$21/$E$16,0) -> 0 | P30: =IF(P$18-L$18<=$E$16,L$21/$E$16,0) -> 0 | Q30: =IF(Q$18-L$18<=$E$16,L$21/$E$16,0) -> 0 | R30: =IF(R$18-L$18<=$E$16,L$21/$E$16,0) -> 0 | S30: =IF(S$18-L$18<=$E$16,L$21/$E$16,0) -> 0 | T30: =IF(T$18-L$18<=$E$16,L$21/$E$16,0) -> 0 | U30: =IF(U$18-L$18<=$E$16,L$21/$E$16,0) -> 0 | V30: =IF(V$18-L$18<=$E$16,L$21/$E$16,0) -> 0 | W30: =IF(W$18-L$18<=$E$16,L$21/$E$16,0) -> 0 | X30: =IF(X$18-L$18<=$E$16,L$21/$E$16,0) -> 0 | Y30: =IF(Y$18-L$18<=$E$16,L$21/$E$16,0) -> 0 | Z30: =IF(Z$18-L$18<=$E$16,L$21/$E$16,0) -> 0 | AA30: =IF(AA$18-L$18<=$E$16,L$21/$E$16,0) -> 0 | AB30: =IF(AB$18-L$18<=$E$16,L$21/$E$16,0) -> 0
D31: 2030 Investment | E31: =NPV($E$15,F31:AO31)*(1+$E$15) -> 0 | N31: =IF(N$18-M$18<=$E$16,M$21/$E$16,0) -> 0 | O31: =IF(O$18-M$18<=$E$16,M$21/$E$16,0) -> 0 | P31: =IF(P$18-M$18<=$E$16,M$21/$E$16,0) -> 0 | Q31: =IF(Q$18-M$18<=$E$16,M$21/$E$16,0) -> 0 | R31: =IF(R$18-M$18<=$E$16,M$21/$E$16,0) -> 0 | S31: =IF(S$18-M$18<=$E$16,M$21/$E$16,0) -> 0 | T31: =IF(T$18-M$18<=$E$16,M$21/$E$16,0) -> 0 | U31: =IF(U$18-M$18<=$E$16,M$21/$E$16,0) -> 0 | V31: =IF(V$18-M$18<=$E$16,M$21/$E$16,0) -> 0 | W31: =IF(W$18-M$18<=$E$16,M$21/$E$16,0) -> 0 | X31: =IF(X$18-M$18<=$E$16,M$21/$E$16,0) -> 0 | Y31: =IF(Y$18-M$18<=$E$16,M$21/$E$16,0) -> 0 | Z31: =IF(Z$18-M$18<=$E$16,M$21/$E$16,0) -> 0 | AA31: =IF(AA$18-M$18<=$E$16,M$21/$E$16,0) -> 0 | AB31: =IF(AB$18-M$18<=$E$16,M$21/$E$16,0) -> 0 | AC31: =IF(AC$18-M$18<=$E$16,M$21/$E$16,0) -> 0
D32: 2031 Investment | E32: =NPV($E$15,F32:AO32)*(1+$E$15) -> 0 | O32: =IF(O$18-N$18<=$E$16,N$21/$E$16,0) -> 0 | P32: =IF(P$18-N$18<=$E$16,N$21/$E$16,0) -> 0 | Q32: =IF(Q$18-N$18<=$E$16,N$21/$E$16,0) -> 0 | R32: =IF(R$18-N$18<=$E$16,N$21/$E$16,0) -> 0 | S32: =IF(S$18-N$18<=$E$16,N$21/$E$16,0) -> 0 | T32: =IF(T$18-N$18<=$E$16,N$21/$E$16,0) -> 0 | U32: =IF(U$18-N$18<=$E$16,N$21/$E$16,0) -> 0 | V32: =IF(V$18-N$18<=$E$16,N$21/$E$16,0) -> 0 | W32: =IF(W$18-N$18<=$E$16,N$21/$E$16,0) -> 0 | X32: =IF(X$18-N$18<=$E$16,N$21/$E$16,0) -> 0 | Y32: =IF(Y$18-N$18<=$E$16,N$21/$E$16,0) -> 0 | Z32: =IF(Z$18-N$18<=$E$16,N$21/$E$16,0) -> 0 | AA32: =IF(AA$18-N$18<=$E$16,N$21/$E$16,0) -> 0 | AB32: =IF(AB$18-N$18<=$E$16,N$21/$E$16,0) -> 0 | AC32: =IF(AC$18-N$18<=$E$16,N$21/$E$16,0) -> 0 | AD32: =IF(AD$18-N$18<=$E$16,N$21/$E$16,0) -> 0
D33: 2032 Investment | E33: =NPV($E$15,F33:AO33)*(1+$E$15) -> 0 | P33: =IF(P$18-O$18<=$E$16,O$21/$E$16,0) -> 0 | Q33: =IF(Q$18-O$18<=$E$16,O$21/$E$16,0) -> 0 | R33: =IF(R$18-O$18<=$E$16,O$21/$E$16,0) -> 0 | S33: =IF(S$18-O$18<=$E$16,O$21/$E$16,0) -> 0 | T33: =IF(T$18-O$18<=$E$16,O$21/$E$16,0) -> 0 | U33: =IF(U$18-O$18<=$E$16,O$21/$E$16,0) -> 0 | V33: =IF(V$18-O$18<=$E$16,O$21/$E$16,0) -> 0 | W33: =IF(W$18-O$18<=$E$16,O$21/$E$16,0) -> 0 | X33: =IF(X$18-O$18<=$E$16,O$21/$E$16,0) -> 0 | Y33: =IF(Y$18-O$18<=$E$16,O$21/$E$16,0) -> 0 | Z33: =IF(Z$18-O$18<=$E$16,O$21/$E$16,0) -> 0 | AA33: =IF(AA$18-O$18<=$E$16,O$21/$E$16,0) -> 0 | AB33: =IF(AB$18-O$18<=$E$16,O$21/$E$16,0) -> 0 | AC33: =IF(AC$18-O$18<=$E$16,O$21/$E$16,0) -> 0 | AD33: =IF(AD$18-O$18<=$E$16,O$21/$E$16,0) -> 0 | AE33: =IF(AE$18-O$18<=$E$16,O$21/$E$16,0) -> 0
D34: 2033 Investment | E34: =NPV($E$15,F34:AO34)*(1+$E$15) -> 0 | Q34: =IF(Q$18-P$18<=$E$16,P$21/$E$16,0) -> 0 | R34: =IF(R$18-P$18<=$E$16,P$21/$E$16,0) -> 0 | S34: =IF(S$18-P$18<=$E$16,P$21/$E$16,0) -> 0 | T34: =IF(T$18-P$18<=$E$16,P$21/$E$16,0) -> 0 | U34: =IF(U$18-P$18<=$E$16,P$21/$E$16,0) -> 0 | V34: =IF(V$18-P$18<=$E$16,P$21/$E$16,0) -> 0 | W34: =IF(W$18-P$18<=$E$16,P$21/$E$16,0) -> 0 | X34: =IF(X$18-P$18<=$E$16,P$21/$E$16,0) -> 0 | Y34: =IF(Y$18-P$18<=$E$16,P$21/$E$16,0) -> 0 | Z34: =IF(Z$18-P$18<=$E$16,P$21/$E$16,0) -> 0 | AA34: =IF(AA$18-P$18<=$E$16,P$21/$E$16,0) -> 0 | AB34: =IF(AB$18-P$18<=$E$16,P$21/$E$16,0) -> 0 | AC34: =IF(AC$18-P$18<=$E$16,P$21/$E$16,0) -> 0 | AD34: =IF(AD$18-P$18<=$E$16,P$21/$E$16,0) -> 0 | AE34: =IF(AE$18-P$18<=$E$16,P$21/$E$16,0) -> 0 | AF34: =IF(AF$18-P$18<=$E$16,P$21/$E$16,0) -> 0
D35: 2034 Investment | E35: =NPV($E$15,F35:AO35)*(1+$E$15) -> 0 | R35: =IF(R$18-Q$18<=$E$16,Q$21/$E$16,0) -> 0 | S35: =IF(S$18-Q$18<=$E$16,Q$21/$E$16,0) -> 0 | T35: =IF(T$18-Q$18<=$E$16,Q$21/$E$16,0) -> 0 | U35: =IF(U$18-Q$18<=$E$16,Q$21/$E$16,0) -> 0 | V35: =IF(V$18-Q$18<=$E$16,Q$21/$E$16,0) -> 0 | W35: =IF(W$18-Q$18<=$E$16,Q$21/$E$16,0) -> 0 | X35: =IF(X$18-Q$18<=$E$16,Q$21/$E$16,0) -> 0 | Y35: =IF(Y$18-Q$18<=$E$16,Q$21/$E$16,0) -> 0 | Z35: =IF(Z$18-Q$18<=$E$16,Q$21/$E$16,0) -> 0 | AA35: =IF(AA$18-Q$18<=$E$16,Q$21/$E$16,0) -> 0 | AB35: =IF(AB$18-Q$18<=$E$16,Q$21/$E$16,0) -> 0 | AC35: =IF(AC$18-Q$18<=$E$16,Q$21/$E$16,0) -> 0 | AD35: =IF(AD$18-Q$18<=$E$16,Q$21/$E$16,0) -> 0 | AE35: =IF(AE$18-Q$18<=$E$16,Q$21/$E$16,0) -> 0 | AF35: =IF(AF$18-Q$18<=$E$16,Q$21/$E$16,0) -> 0 | AG35: =IF(AG$18-Q$18<=$E$16,Q$21/$E$16,0) -> 0
D36: 2035 Investment | E36: =NPV($E$15,F36:AO36)*(1+$E$15) -> 0 | S36: =IF(S$18-R$18<=$E$16,R$21/$E$16,0) -> 0 | T36: =IF(T$18-R$18<=$E$16,R$21/$E$16,0) -> 0 | U36: =IF(U$18-R$18<=$E$16,R$21/$E$16,0) -> 0 | V36: =IF(V$18-R$18<=$E$16,R$21/$E$16,0) -> 0 | W36: =IF(W$18-R$18<=$E$16,R$21/$E$16,0) -> 0 | X36: =IF(X$18-R$18<=$E$16,R$21/$E$16,0) -> 0 | Y36: =IF(Y$18-R$18<=$E$16,R$21/$E$16,0) -> 0 | Z36: =IF(Z$18-R$18<=$E$16,R$21/$E$16,0) -> 0 | AA36: =IF(AA$18-R$18<=$E$16,R$21/$E$16,0) -> 0 | AB36: =IF(AB$18-R$18<=$E$16,R$21/$E$16,0) -> 0 | AC36: =IF(AC$18-R$18<=$E$16,R$21/$E$16,0) -> 0 | AD36: =IF(AD$18-R$18<=$E$16,R$21/$E$16,0) -> 0 | AE36: =IF(AE$18-R$18<=$E$16,R$21/$E$16,0) -> 0 | AF36: =IF(AF$18-R$18<=$E$16,R$21/$E$16,0) -> 0 | AG36: =IF(AG$18-R$18<=$E$16,R$21/$E$16,0) -> 0 | AH36: =IF(AH$18-R$18<=$E$16,R$21/$E$16,0) -> 0
D37: 2036 Investment | E37: =NPV($E$15,F37:AO37)*(1+$E$15) -> 0 | T37: =IF(T$18-S$18<=$E$16,S$21/$E$16,0) -> 0 | U37: =IF(U$18-S$18<=$E$16,S$21/$E$16,0) -> 0 | V37: =IF(V$18-S$18<=$E$16,S$21/$E$16,0) -> 0 | W37: =IF(W$18-S$18<=$E$16,S$21/$E$16,0) -> 0 | X37: =IF(X$18-S$18<=$E$16,S$21/$E$16,0) -> 0 | Y37: =IF(Y$18-S$18<=$E$16,S$21/$E$16,0) -> 0 | Z37: =IF(Z$18-S$18<=$E$16,S$21/$E$16,0) -> 0 | AA37: =IF(AA$18-S$18<=$E$16,S$21/$E$16,0) -> 0 | AB37: =IF(AB$18-S$18<=$E$16,S$21/$E$16,0) -> 0 | AC37: =IF(AC$18-S$18<=$E$16,S$21/$E$16,0) -> 0 | AD37: =IF(AD$18-S$18<=$E$16,S$21/$E$16,0) -> 0 | AE37: =IF(AE$18-S$18<=$E$16,S$21/$E$16,0) -> 0 | AF37: =IF(AF$18-S$18<=$E$16,S$21/$E$16,0) -> 0 | AG37: =IF(AG$18-S$18<=$E$16,S$21/$E$16,0) -> 0 | AH37: =IF(AH$18-S$18<=$E$16,S$21/$E$16,0) -> 0 | AI37: =IF(AI$18-S$18<=$E$16,S$21/$E$16,0) -> 0
D38: 2037 Investment | E38: =NPV($E$15,F38:AO38)*(1+$E$15) -> 0 | U38: =IF(U$18-T$18<=$E$16,T$21/$E$16,0) -> 0 | V38: =IF(V$18-T$18<=$E$16,T$21/$E$16,0) -> 0 | W38: =IF(W$18-T$18<=$E$16,T$21/$E$16,0) -> 0 | X38: =IF(X$18-T$18<=$E$16,T$21/$E$16,0) -> 0 | Y38: =IF(Y$18-T$18<=$E$16,T$21/$E$16,0) -> 0 | Z38: =IF(Z$18-T$18<=$E$16,T$21/$E$16,0) -> 0 | AA38: =IF(AA$18-T$18<=$E$16,T$21/$E$16,0) -> 0 | AB38: =IF(AB$18-T$18<=$E$16,T$21/$E$16,0) -> 0 | AC38: =IF(AC$18-T$18<=$E$16,T$21/$E$16,0) -> 0 | AD38: =IF(AD$18-T$18<=$E$16,T$21/$E$16,0) -> 0 | AE38: =IF(AE$18-T$18<=$E$16,T$21/$E$16,0) -> 0 | AF38: =IF(AF$18-T$18<=$E$16,T$21/$E$16,0) -> 0 | AG38: =IF(AG$18-T$18<=$E$16,T$21/$E$16,0) -> 0 | AH38: =IF(AH$18-T$18<=$E$16,T$21/$E$16,0) -> 0 | AI38: =IF(AI$18-T$18<=$E$16,T$21/$E$16,0) -> 0 | AJ38: =IF(AJ$18-T$18<=$E$16,T$21/$E$16,0) -> 0
D39: 2038 Investment | E39: =NPV($E$15,F39:AO39)*(1+$E$15) -> 0 | V39: =IF(V$18-U$18<=$E$16,U$21/$E$16,0) -> 0 | W39: =IF(W$18-U$18<=$E$16,U$21/$E$16,0) -> 0 | X39: =IF(X$18-U$18<=$E$16,U$21/$E$16,0) -> 0 | Y39: =IF(Y$18-U$18<=$E$16,U$21/$E$16,0) -> 0 | Z39: =IF(Z$18-U$18<=$E$16,U$21/$E$16,0) -> 0 | AA39: =IF(AA$18-U$18<=$E$16,U$21/$E$16,0) -> 0 | AB39: =IF(AB$18-U$18<=$E$16,U$21/$E$16,0) -> 0 | AC39: =IF(AC$18-U$18<=$E$16,U$21/$E$16,0) -> 0 | AD39: =IF(AD$18-U$18<=$E$16,U$21/$E$16,0) -> 0 | AE39: =IF(AE$18-U$18<=$E$16,U$21/$E$16,0) -> 0 | AF39: =IF(AF$18-U$18<=$E$16,U$21/$E$16,0) -> 0 | AG39: =IF(AG$18-U$18<=$E$16,U$21/$E$16,0) -> 0 | AH39: =IF(AH$18-U$18<=$E$16,U$21/$E$16,0) -> 0 | AI39: =IF(AI$18-U$18<=$E$16,U$21/$E$16,0) -> 0 | AJ39: =IF(AJ$18-U$18<=$E$16,U$21/$E$16,0) -> 0 | AK39: =IF(AK$18-U$18<=$E$16,U$21/$E$16,0) -> 0
D40: 2039 Investment | E40: =NPV($E$15,F40:AO40)*(1+$E$15) -> 0 | W40: =IF(W$18-V$18<=$E$16,V$21/$E$16,0) -> 0 | X40: =IF(X$18-V$18<=$E$16,V$21/$E$16,0) -> 0 | Y40: =IF(Y$18-V$18<=$E$16,V$21/$E$16,0) -> 0 | Z40: =IF(Z$18-V$18<=$E$16,V$21/$E$16,0) -> 0 | AA40: =IF(AA$18-V$18<=$E$16,V$21/$E$16,0) -> 0 | AB40: =IF(AB$18-V$18<=$E$16,V$21/$E$16,0) -> 0 | AC40: =IF(AC$18-V$18<=$E$16,V$21/$E$16,0) -> 0 | AD40: =IF(AD$18-V$18<=$E$16,V$21/$E$16,0) -> 0 | AE40: =IF(AE$18-V$18<=$E$16,V$21/$E$16,0) -> 0 | AF40: =IF(AF$18-V$18<=$E$16,V$21/$E$16,0) -> 0 | AG40: =IF(AG$18-V$18<=$E$16,V$21/$E$16,0) -> 0 | AH40: =IF(AH$18-V$18<=$E$16,V$21/$E$16,0) -> 0 | AI40: =IF(AI$18-V$18<=$E$16,V$21/$E$16,0) -> 0 | AJ40: =IF(AJ$18-V$18<=$E$16,V$21/$E$16,0) -> 0 | AK40: =IF(AK$18-V$18<=$E$16,V$21/$E$16,0) -> 0 | AL40: =IF(AL$18-V$18<=$E$16,V$21/$E$16,0) -> 0
D41: 2040 Investment | E41: =NPV($E$15,F41:AO41)*(1+$E$15) -> 0 | X41: =IF(X$18-W$18<=$E$16,W$21/$E$16,0) -> 0 | Y41: =IF(Y$18-W$18<=$E$16,W$21/$E$16,0) -> 0 | Z41: =IF(Z$18-W$18<=$E$16,W$21/$E$16,0) -> 0 | AA41: =IF(AA$18-W$18<=$E$16,W$21/$E$16,0) -> 0 | AB41: =IF(AB$18-W$18<=$E$16,W$21/$E$16,0) -> 0 | AC41: =IF(AC$18-W$18<=$E$16,W$21/$E$16,0) -> 0 | AD41: =IF(AD$18-W$18<=$E$16,W$21/$E$16,0) -> 0 | AE41: =IF(AE$18-W$18<=$E$16,W$21/$E$16,0) -> 0 | AF41: =IF(AF$18-W$18<=$E$16,W$21/$E$16,0) -> 0 | AG41: =IF(AG$18-W$18<=$E$16,W$21/$E$16,0) -> 0 | AH41: =IF(AH$18-W$18<=$E$16,W$21/$E$16,0) -> 0 | AI41: =IF(AI$18-W$18<=$E$16,W$21/$E$16,0) -> 0 | AJ41: =IF(AJ$18-W$18<=$E$16,W$21/$E$16,0) -> 0 | AK41: =IF(AK$18-W$18<=$E$16,W$21/$E$16,0) -> 0 | AL41: =IF(AL$18-W$18<=$E$16,W$21/$E$16,0) -> 0 | AM41: =IF(AM$18-W$18<=$E$16,W$21/$E$16,0) -> 0
D42: 2041 Investment | E42: =NPV($E$15,F42:AO42)*(1+$E$15) -> 0 | Y42: =IF(Y$18-X$18<=$E$16,X$21/$E$16,0) -> 0 | Z42: =IF(Z$18-X$18<=$E$16,X$21/$E$16,0) -> 0 | AA42: =IF(AA$18-X$18<=$E$16,X$21/$E$16,0) -> 0 | AB42: =IF(AB$18-X$18<=$E$16,X$21/$E$16,0) -> 0 | AC42: =IF(AC$18-X$18<=$E$16,X$21/$E$16,0) -> 0 | AD42: =IF(AD$18-X$18<=$E$16,X$21/$E$16,0) -> 0 | AE42: =IF(AE$18-X$18<=$E$16,X$21/$E$16,0) -> 0 | AF42: =IF(AF$18-X$18<=$E$16,X$21/$E$16,0) -> 0 | AG42: =IF(AG$18-X$18<=$E$16,X$21/$E$16,0) -> 0 | AH42: =IF(AH$18-X$18<=$E$16,X$21/$E$16,0) -> 0 | AI42: =IF(AI$18-X$18<=$E$16,X$21/$E$16,0) -> 0 | AJ42: =IF(AJ$18-X$18<=$E$16,X$21/$E$16,0) -> 0 | AK42: =IF(AK$18-X$18<=$E$16,X$21/$E$16,0) -> 0 | AL42: =IF(AL$18-X$18<=$E$16,X$21/$E$16,0) -> 0 | AM42: =IF(AM$18-X$18<=$E$16,X$21/$E$16,0) -> 0 | AN42: =IF(AN$18-X$18<=$E$16,X$21/$E$16,0) -> 0
D43: 2042 Investment | E43: =NPV($E$15,F43:AO43)*(1+$E$15) -> 0 | Z43: =IF(Z$18-Y$18<=$E$16,Y$21/$E$16,0) -> 0 | AA43: =IF(AA$18-Y$18<=$E$16,Y$21/$E$16,0) -> 0 | AB43: =IF(AB$18-Y$18<=$E$16,Y$21/$E$16,0) -> 0 | AC43: =IF(AC$18-Y$18<=$E$16,Y$21/$E$16,0) -> 0 | AD43: =IF(AD$18-Y$18<=$E$16,Y$21/$E$16,0) -> 0 | AE43: =IF(AE$18-Y$18<=$E$16,Y$21/$E$16,0) -> 0 | AF43: =IF(AF$18-Y$18<=$E$16,Y$21/$E$16,0) -> 0 | AG43: =IF(AG$18-Y$18<=$E$16,Y$21/$E$16,0) -> 0 | AH43: =IF(AH$18-Y$18<=$E$16,Y$21/$E$16,0) -> 0 | AI43: =IF(AI$18-Y$18<=$E$16,Y$21/$E$16,0) -> 0 | AJ43: =IF(AJ$18-Y$18<=$E$16,Y$21/$E$16,0) -> 0 | AK43: =IF(AK$18-Y$18<=$E$16,Y$21/$E$16,0) -> 0 | AL43: =IF(AL$18-Y$18<=$E$16,Y$21/$E$16,0) -> 0 | AM43: =IF(AM$18-Y$18<=$E$16,Y$21/$E$16,0) -> 0 | AN43: =IF(AN$18-Y$18<=$E$16,Y$21/$E$16,0) -> 0 | AO43: =IF(AO$18-Y$18<=$E$16,Y$21/$E$16,0) -> 0
D44: Total | E44: =NPV($E$15,F44:AO44)*(1+$E$15) -> 0 | F44: =SUM(F24:F43) -> 0 | G44: =SUM(G24:G43) -> 0 | H44: =SUM(H24:H43) -> 0 | I44: =SUM(I24:I43) -> 0 | J44: =SUM(J24:J43) -> 0 | K44: =SUM(K24:K43) -> 0 | L44: =SUM(L24:L43) -> 0 | M44: =SUM(M24:M43) -> 0 | ... AO44: =SUM(AO24:AO43) -> 0
B45: Summary
E46: NPV | F46: 2023 | G46: 2024 | H46: 2025 | I46: 2026 | J46: 2027 | K46: 2028 | L46: 2029 | M46: 2030 | N46: 2031 | O46: 2032 | P46: 2033 | Q46: 2034 | R46: 2035 | S46: 2036 | T46: 2037 | U46: 2038 | V46: 2039 | W46: 2040 | X46: 2041 | Y46: 2042 | Z46: 2043 | AA46: 2044 | AB46: 2045 | AC46: 2046 | AD46: 2047 | AE46: 2048 | AF46: 2049 | AG46: 2050 | AH46: 2051 | AI46: 2052 | AJ46: 2052 | AK46: 2052 | AL46: 2052 | AM46: 2052 | AN46: 2052 | AO46: 2052
D47: Expenses | E47: =NPV($E$15,F47:AO47)*(1+$E$15) -> 2044.1909 | F47: =F19 -> 142.26 | G47: =G19 -> 148.8222 | H47: =H19 -> 155.70149 | I47: =I19 -> 162.91352 | J47: =J19 -> 170.47468 | K47: =K19 -> 173.88417 | L47: =L19 -> 177.36186 | M47: =M19 -> 180.90909 | ... AO47: =AO19 -> 0
D48: Amortization | E48: =NPV($E$15,F48:AO48)*(1+$E$15) -> 0 | G48: =G44 -> 0 | H48: =H44 -> 0 | I48: =I44 -> 0 | J48: =J44 -> 0 | K48: =K44 -> 0 | L48: =L44 -> 0 | M48: =M44 -> 0 | N48: =N44 -> 0 | ... AO48: =AO44 -> 0
D49: Debt Interest | E49: =NPV($E$15,F49:AO49)*(1+$E$15) -> 0 | G49: =F$22*$H10 -> 0 | H49: =G$22*$H10 -> 0 | I49: =H$22*$H10 -> 0 | J49: =I$22*$H10 -> 0 | K49: =J$22*$H10 -> 0 | L49: =K$22*$H10 -> 0 | M49: =L$22*$H10 -> 0 | N49: =M$22*$H10 -> 0 | ... AO49: =AN$22*$H10 -> 0
D50: Equity Earnings | E50: =NPV($E$15,F50:AO50)*(1+$E$15) -> 0 | G50: =F$22*$H11 -> 0 | H50: =G$22*$H11 -> 0 | I50: =H$22*$H11 -> 0 | J50: =I$22*$H11 -> 0 | K50: =J$22*$H11 -> 0 | L50: =K$22*$H11 -> 0 | M50: =L$22*$H11 -> 0 | N50: =M$22*$H11 -> 0 | ... AO50: =AN$22*$H11 -> 0
D51: Total Cost of Capital | E51: =NPV($E$15,F51:AO51)*(1+$E$15) -> 0 | G51: =SUM(G49:G50) -> 0 | H51: =SUM(H49:H50) -> 0 | I51: =SUM(I49:I50) -> 0 | J51: =SUM(J49:J50) -> 0 | K51: =SUM(K49:K50) -> 0 | L51: =SUM(L49:L50) -> 0 | M51: =SUM(M49:M50) -> 0 | N51: =SUM(N49:N50) -> 0 | ... AO51: =SUM(AO49:AO50) -> 0
D52: Income Taxes | E52: =NPV($E$15,F52:AO52)*(1+$E$15) -> 0 | G52: =G50*($H$14-1) -> 0 | H52: =H50*($H$14-1) -> 0 | I52: =I50*($H$14-1) -> 0 | J52: =J50*($H$14-1) -> 0 | K52: =K50*($H$14-1) -> 0 | L52: =L50*($H$14-1) -> 0 | M52: =M50*($H$14-1) -> 0 | N52: =N50*($H$14-1) -> 0 | ... AO52: =AO50*($H$14-1) -> 0
D53: Revenue Requirement | E53: =NPV($E$15,F53:AO53)*(1+$E$15) -> 2044.1909 | F53: =SUM(F48,F51,F47,F52) -> 142.26 | G53: =SUM(G48,G51,G47,G52) -> 148.8222 | H53: =SUM(H48,H51,H47,H52) -> 155.70149 | I53: =SUM(I48,I51,I47,I52) -> 162.91352 | J53: =SUM(J48,J51,J47,J52) -> 170.47468 | K53: =SUM(K48,K51,K47,K52) -> 173.88417 | L53: =SUM(L48,L51,L47,L52) -> 177.36186 | M53: =SUM(M48,M51,M47,M52) -> 180.90909 | ... AO53: =SUM(AO48,AO51,AO47,AO52) -> 0
D55: Cash Flow | E55: =NPV($E$15,F55:AO55)*(1+$E$15) -> 0 | F55: =-F8+F53 -> 0 | G55: =-G8+G53 -> 0 | H55: =-H8+H53 -> 0 | I55: =-I8+I53 -> 0 | J55: =-J8+J53 -> 0 | K55: =-K8+K53 -> 0 | L55: =-L8+L53 -> 0 | M55: =-M8+M53 -> 0 | ... AO55: =-AO8+AO53 -> 0
D56: Unamortized Asset Balance | F56: =F22 -> 0 | G56: =G22 -> 0 | H56: =H22 -> 0 | I56: =I22 -> 0 | J56: =J22 -> 0 | K56: =K22 -> 0 | L56: =L22 -> 0 | M56: =M22 -> 0 | ... AO56: =AO22 -> 0

Sheet Am1-10yr
A1: Enbridge: Amortization Analysis
A2: Tax as Capital Investment
D3: Scenario: | E3: Cost Recovery | G3: Amortize | I3: Amortization Cost of Capital | L3: WACC
E4: Portfolio Horizon | G4: 1 | H4: years | I4: Amortiztion Life | L4: 10 | M4: years
B6: Background Data
C7: DSM Portfolio | F7: 2023 | G7: 2024 | H7: 2025 | I7: 2026 | J7: =I7+1 -> 2027 | K7: =J7+1 -> 2028 | L7: =K7+1 -> 2029 | M7: =L7+1 -> 2030 | N7: =M7+1 -> 2031 | O7: =N7+1 -> 2032 | P7: =O7+1 -> 2033 | Q7: =P7+1 -> 2034 | ... AO7: =AN7+1 -> 2058
D8: Investment (millions) | F8: ='Portfolio$'!E6/10^6 -> 142.26 | G8: =IF(G7-$F$7+1>$G$4,0,'Portfolio$'!F6/10^6) -> 0 | H8: =IF(H7-$F$7+1>$G$4,0,'Portfolio$'!G6/10^6) -> 0 | I8: =IF(I7-$F$7+1>$G$4,0,'Portfolio$'!H6/10^6) -> 0 | J8: =IF(J7-$F$7+1>$G$4,0,'Portfolio$'!I6/10^6) -> 0 | K8: =IF(K7-$F$7+1>$G$4,0,J8*1.02) -> 0 | L8: =IF(L7-$F$7+1>$G$4,0,K8*1.02) -> 0 | M8: =IF(M7-$F$7+1>$G$4,0,L8*1.02) -> 0 | N8: =IF(N7-$F$7+1>$G$4,0,M8*1.02) -> 0 | O8: =IF(O7-$F$7+1>$G$4,0,N8*1.02) -> 0 | P8: =IF(P7-$F$7+1>$G$4,0,O8*1.02) -> 0 | Q8: =IF(Q7-$F$7+1>$G$4,0,P8*1.02) -> 0 | R8: =IF(R7-$F$7+1>$G$4,0,Q8*1.02) -> 0 | ... Y8: =IF(Y7-$F$7+1>$G$4,0,X8*1.02) -> 0
C9: Enbridge Capital Structure | F9: Capitalization | G9: After-Tax Return | H9: Weighted | J9: Pre-Tax Return | K9: Weighted
D10: Debt | F10: 0.64 | G10: 0.04 | H10: =F10*G10 -> 0.0256 | J10: 0.04 | K10: =$F10*J10 -> 0.0256
D11: Equity | F11: 0.36 | G11: 0.09 | H11: =F11*G11 -> 0.0324 | J11: =G11*H14 -> 0.12244898 | K11: =$F11*J11 -> 0.044081633
D12: WACC-After-Tax | F12: =SUM(F10:F11) -> 1 | H12: =SUM(H10:H11) -> 0.058 | K12: =SUM(K10:K11) -> 0.069681633
D13: Combined Income Tax Rate | H13: 0.265
D14: Tax Gross Up Factor | H14: =1/(1-H13) -> 1.3605442
C15: Discount Rate | E15: =K12 -> 0.069681633
C16: Amortization Term | E16: =L4 -> 10 | F16: years
B17: Revenue Requirement Calcs
E18: NPV | F18: =F7 -> 2023 | G18: =F18+1 -> 2024 | H18: =G18+1 -> 2025 | I18: =H18+1 -> 2026 | J18: =I18+1 -> 2027 | K18: =J18+1 -> 2028 | L18: =K18+1 -> 2029 | M18: =L18+1 -> 2030 | N18: =M18+1 -> 2031 | ... AO18: =AN18+1 -> 2058
C19: Expenses | E19: =NPV($E$15,F19:AO19)*(1+$E$15) -> 0 | F19: =IF($G$3="Expense",F8,0) -> 0 | G19: =IF($G$3="Expense",G8,0) -> 0 | H19: =IF($G$3="Expense",H8,0) -> 0 | I19: =IF($G$3="Expense",I8,0) -> 0 | J19: =IF($G$3="Expense",J8,0) -> 0 | K19: =IF($G$3="Expense",K8,0) -> 0 | L19: =IF($G$3="Expense",L8,0) -> 0 | M19: =IF($G$3="Expense",M8,0) -> 0 | ... Y19: =IF($G$3="Expense",Y8,0) -> 0
C20: Rate Base
D21: Additions To Rate Base | E21: =NPV($E$15,F21:AO21)*(1+$E$15) -> 142.26 | F21: =F8-F19 -> 142.26 | G21: =G8-G19 -> 0 | H21: =H8-H19 -> 0 | I21: =I8-I19 -> 0 | J21: =J8-J19 -> 0 | K21: =K8-K19 -> 0 | L21: =L8-L19 -> 0 | M21: =M8-M19 -> 0 | ... Y21: =Y8-Y19 -> 0
D22: Unamortized Balance (EOY) | F22: =E22+F21-F44 -> 142.26 | G22: =F22+G21-G44 -> 128.034 | H22: =G22+H21-H44 -> 113.808 | I22: =H22+I21-I44 -> 99.582 | J22: =I22+J21-J44 -> 85.356 | K22: =J22+K21-K44 -> 71.13 | L22: =K22+L21-L44 -> 56.904 | M22: =L22+M21-M44 -> 42.678 | ... AO22: =AN22+AO21-AO44 -> 0
C23: Amortization
D24: 2023 Investment | E24: =NPV($E$15,F24:AO24)*(1+$E$15) -> 107.03735 | G24: =IF(G$18-F$18<=$E$16,F$21/$E$16,0) -> 14.226 | H24: =IF(H$18-F$18<=$E$16,F$21/$E$16,0) -> 14.226 | I24: =IF(I$18-F$18<=$E$16,F$21/$E$16,0) -> 14.226 | J24: =IF(J$18-F$18<=$E$16,F$21/$E$16,0) -> 14.226 | K24: =IF(K$18-F$18<=$E$16,F$21/$E$16,0) -> 14.226 | L24: =IF(L$18-F$18<=$E$16,F$21/$E$16,0) -> 14.226 | M24: =IF(M$18-F$18<=$E$16,F$21/$E$16,0) -> 14.226 | N24: =IF(N$18-F$18<=$E$16,F$21/$E$16,0) -> 14.226 | O24: =IF(O$18-F$18<=$E$16,F$21/$E$16,0) -> 14.226 | P24: =IF(P$18-F$18<=$E$16,F$21/$E$16,0) -> 14.226 | Q24: =IF(Q$18-F$18<=$E$16,F$21/$E$16,0) -> 0 | R24: =IF(R$18-F$18<=$E$16,F$21/$E$16,0) -> 0 | S24: =IF(S$18-F$18<=$E$16,F$21/$E$16,0) -> 0 | T24: =IF(T$18-F$18<=$E$16,F$21/$E$16,0) -> 0 | U24: =IF(U$18-F$18<=$E$16,F$21/$E$16,0) -> 0 | V24: =IF(V$18-F$18<=$E$16,F$21/$E$16,0) -> 0
D25: 2024 Investment | E25: =NPV($E$15,F25:AO25)*(1+$E$15) -> 0 | H25: =IF(H$18-G$18<=$E$16,G$21/$E$16,0) -> 0 | I25: =IF(I$18-G$18<=$E$16,G$21/$E$16,0) -> 0 | J25: =IF(J$18-G$18<=$E$16,G$21/$E$16,0) -> 0 | K25: =IF(K$18-G$18<=$E$16,G$21/$E$16,0) -> 0 | L25: =IF(L$18-G$18<=$E$16,G$21/$E$16,0) -> 0 | M25: =IF(M$18-G$18<=$E$16,G$21/$E$16,0) -> 0 | N25: =IF(N$18-G$18<=$E$16,G$21/$E$16,0) -> 0 | O25: =IF(O$18-G$18<=$E$16,G$21/$E$16,0) -> 0 | P25: =IF(P$18-G$18<=$E$16,G$21/$E$16,0) -> 0 | Q25: =IF(Q$18-G$18<=$E$16,G$21/$E$16,0) -> 0 | R25: =IF(R$18-G$18<=$E$16,G$21/$E$16,0) -> 0 | S25: =IF(S$18-G$18<=$E$16,G$21/$E$16,0) -> 0 | T25: =IF(T$18-G$18<=$E$16,G$21/$E$16,0) -> 0 | U25: =IF(U$18-G$18<=$E$16,G$21/$E$16,0) -> 0 | V25: =IF(V$18-G$18<=$E$16,G$21/$E$16,0) -> 0 | W25: =IF(W$18-G$18<=$E$16,G$21/$E$16,0) -> 0
D26: 2025 Investment | E26: =NPV($E$15,F26:AO26)*(1+$E$15) -> 0 | I26: =IF(I$18-H$18<=$E$16,H$21/$E$16,0) -> 0 | J26: =IF(J$18-H$18<=$E$16,H$21/$E$16,0) -> 0 | K26: =IF(K$18-H$18<=$E$16,H$21/$E$16,0) -> 0 | L26: =IF(L$18-H$18<=$E$16,H$21/$E$16,0) -> 0 | M26: =IF(M$18-H$18<=$E$16,H$21/$E$16,0) -> 0 | N26: =IF(N$18-H$18<=$E$16,H$21/$E$16,0) -> 0 | O26: =IF(O$18-H$18<=$E$16,H$21/$E$16,0) -> 0 | P26: =IF(P$18-H$18<=$E$16,H$21/$E$16,0) -> 0 | Q26: =IF(Q$18-H$18<=$E$16,H$21/$E$16,0) -> 0 | R26: =IF(R$18-H$18<=$E$16,H$21/$E$16,0) -> 0 | S26: =IF(S$18-H$18<=$E$16,H$21/$E$16,0) -> 0 | T26: =IF(T$18-H$18<=$E$16,H$21/$E$16,0) -> 0 | U26: =IF(U$18-H$18<=$E$16,H$21/$E$16,0) -> 0 | V26: =IF(V$18-H$18<=$E$16,H$21/$E$16,0) -> 0 | W26: =IF(W$18-H$18<=$E$16,H$21/$E$16,0) -> 0 | X26: =IF(X$18-H$18<=$E$16,H$21/$E$16,0) -> 0
D27: 2026 Investment | E27: =NPV($E$15,F27:AO27)*(1+$E$15) -> 0 | J27: =IF(J$18-I$18<=$E$16,I$21/$E$16,0) -> 0 | K27: =IF(K$18-I$18<=$E$16,I$21/$E$16,0) -> 0 | L27: =IF(L$18-I$18<=$E$16,I$21/$E$16,0) -> 0 | M27: =IF(M$18-I$18<=$E$16,I$21/$E$16,0) -> 0 | N27: =IF(N$18-I$18<=$E$16,I$21/$E$16,0) -> 0 | O27: =IF(O$18-I$18<=$E$16,I$21/$E$16,0) -> 0 | P27: =IF(P$18-I$18<=$E$16,I$21/$E$16,0) -> 0 | Q27: =IF(Q$18-I$18<=$E$16,I$21/$E$16,0) -> 0 | R27: =IF(R$18-I$18<=$E$16,I$21/$E$16,0) -> 0 | S27: =IF(S$18-I$18<=$E$16,I$21/$E$16,0) -> 0 | T27: =IF(T$18-I$18<=$E$16,I$21/$E$16,0) -> 0 | U27: =IF(U$18-I$18<=$E$16,I$21/$E$16,0) -> 0 | V27: =IF(V$18-I$18<=$E$16,I$21/$E$16,0) -> 0 | W27: =IF(W$18-I$18<=$E$16,I$21/$E$16,0) -> 0 | X27: =IF(X$18-I$18<=$E$16,I$21/$E$16,0) -> 0 | Y27: =IF(Y$18-I$18<=$E$16,I$21/$E$16,0) -> 0
D28: 2027 Investment | E28: =NPV($E$15,F28:AO28)*(1+$E$15) -> 0 | K28: =IF(K$18-J$18<=$E$16,J$21/$E$16,0) -> 0 | L28: =IF(L$18-J$18<=$E$16,J$21/$E$16,0) -> 0 | M28: =IF(M$18-J$18<=$E$16,J$21/$E$16,0) -> 0 | N28: =IF(N$18-J$18<=$E$16,J$21/$E$16,0) -> 0 | O28: =IF(O$18-J$18<=$E$16,J$21/$E$16,0) -> 0 | P28: =IF(P$18-J$18<=$E$16,J$21/$E$16,0) -> 0 | Q28: =IF(Q$18-J$18<=$E$16,J$21/$E$16,0) -> 0 | R28: =IF(R$18-J$18<=$E$16,J$21/$E$16,0) -> 0 | S28: =IF(S$18-J$18<=$E$16,J$21/$E$16,0) -> 0 | T28: =IF(T$18-J$18<=$E$16,J$21/$E$16,0) -> 0 | U28: =IF(U$18-J$18<=$E$16,J$21/$E$16,0) -> 0 | V28: =IF(V$18-J$18<=$E$16,J$21/$E$16,0) -> 0 | W28: =IF(W$18-J$18<=$E$16,J$21/$E$16,0) -> 0 | X28: =IF(X$18-J$18<=$E$16,J$21/$E$16,0) -> 0 | Y28: =IF(Y$18-J$18<=$E$16,J$21/$E$16,0) -> 0 | Z28: =IF(Z$18-J$18<=$E$16,J$21/$E$16,0) -> 0
D29: 2028 Investment | E29: =NPV($E$15,F29:AO29)*(1+$E$15) -> 0 | L29: =IF(L$18-K$18<=$E$16,K$21/$E$16,0) -> 0 | M29: =IF(M$18-K$18<=$E$16,K$21/$E$16,0) -> 0 | N29: =IF(N$18-K$18<=$E$16,K$21/$E$16,0) -> 0 | O29: =IF(O$18-K$18<=$E$16,K$21/$E$16,0) -> 0 | P29: =IF(P$18-K$18<=$E$16,K$21/$E$16,0) -> 0 | Q29: =IF(Q$18-K$18<=$E$16,K$21/$E$16,0) -> 0 | R29: =IF(R$18-K$18<=$E$16,K$21/$E$16,0) -> 0 | S29: =IF(S$18-K$18<=$E$16,K$21/$E$16,0) -> 0 | T29: =IF(T$18-K$18<=$E$16,K$21/$E$16,0) -> 0 | U29: =IF(U$18-K$18<=$E$16,K$21/$E$16,0) -> 0 | V29: =IF(V$18-K$18<=$E$16,K$21/$E$16,0) -> 0 | W29: =IF(W$18-K$18<=$E$16,K$21/$E$16,0) -> 0 | X29: =IF(X$18-K$18<=$E$16,K$21/$E$16,0) -> 0 | Y29: =IF(Y$18-K$18<=$E$16,K$21/$E$16,0) -> 0 | Z29: =IF(Z$18-K$18<=$E$16,K$21/$E$16,0) -> 0 | AA29: =IF(AA$18-K$18<=$E$16,K$21/$E$16,0) -> 0
D30: 2029 Investment | E30: =NPV($E$15,F30:AO30)*(1+$E$15) -> 0 | M30: =IF(M$18-L$18<=$E$16,L$21/$E$16,0) -> 0 | N30: =IF(N$18-L$18<=$E$16,L$21/$E$16,0) -> 0 | O30: =IF(O$18-L$18<=$E$16,L$21/$E$16,0) -> 0 | P30: =IF(P$18-L$18<=$E$16,L$21/$E$16,0) -> 0 | Q30: =IF(Q$18-L$18<=$E$16,L$21/$E$16,0) -> 0 | R30: =IF(R$18-L$18<=$E$16,L$21/$E$16,0) -> 0 | S30: =IF(S$18-L$18<=$E$16,L$21/$E$16,0) -> 0 | T30: =IF(T$18-L$18<=$E$16,L$21/$E$16,0) -> 0 | U30: =IF(U$18-L$18<=$E$16,L$21/$E$16,0) -> 0 | V30: =IF(V$18-L$18<=$E$16,L$21/$E$16,0) -> 0 | W30: =IF(W$18-L$18<=$E$16,L$21/$E$16,0) -> 0 | X30: =IF(X$18-L$18<=$E$16,L$21/$E$16,0) -> 0 | Y30: =IF(Y$18-L$18<=$E$16,L$21/$E$16,0) -> 0 | Z30: =IF(Z$18-L$18<=$E$16,L$21/$E$16,0) -> 0 | AA30: =IF(AA$18-L$18<=$E$16,L$21/$E$16,0) -> 0 | AB30: =IF(AB$18-L$18<=$E$16,L$21/$E$16,0) -> 0
D31: 2030 Investment | E31: =NPV($E$15,F31:AO31)*(1+$E$15) -> 0 | N31: =IF(N$18-M$18<=$E$16,M$21/$E$16,0) -> 0 | O31: =IF(O$18-M$18<=$E$16,M$21/$E$16,0) -> 0 | P31: =IF(P$18-M$18<=$E$16,M$21/$E$16,0) -> 0 | Q31: =IF(Q$18-M$18<=$E$16,M$21/$E$16,0) -> 0 | R31: =IF(R$18-M$18<=$E$16,M$21/$E$16,0) -> 0 | S31: =IF(S$18-M$18<=$E$16,M$21/$E$16,0) -> 0 | T31: =IF(T$18-M$18<=$E$16,M$21/$E$16,0) -> 0 | U31: =IF(U$18-M$18<=$E$16,M$21/$E$16,0) -> 0 | V31: =IF(V$18-M$18<=$E$16,M$21/$E$16,0) -> 0 | W31: =IF(W$18-M$18<=$E$16,M$21/$E$16,0) -> 0 | X31: =IF(X$18-M$18<=$E$16,M$21/$E$16,0) -> 0 | Y31: =IF(Y$18-M$18<=$E$16,M$21/$E$16,0) -> 0 | Z31: =IF(Z$18-M$18<=$E$16,M$21/$E$16,0) -> 0 | AA31: =IF(AA$18-M$18<=$E$16,M$21/$E$16,0) -> 0 | AB31: =IF(AB$18-M$18<=$E$16,M$21/$E$16,0) -> 0 | AC31: =IF(AC$18-M$18<=$E$16,M$21/$E$16,0) -> 0
D32: 2031 Investment | E32: =NPV($E$15,F32:AO32)*(1+$E$15) -> 0 | O32: =IF(O$18-N$18<=$E$16,N$21/$E$16,0) -> 0 | P32: =IF(P$18-N$18<=$E$16,N$21/$E$16,0) -> 0 | Q32: =IF(Q$18-N$18<=$E$16,N$21/$E$16,0) -> 0 | R32: =IF(R$18-N$18<=$E$16,N$21/$E$16,0) -> 0 | S32: =IF(S$18-N$18<=$E$16,N$21/$E$16,0) -> 0 | T32: =IF(T$18-N$18<=$E$16,N$21/$E$16,0) -> 0 | U32: =IF(U$18-N$18<=$E$16,N$21/$E$16,0) -> 0 | V32: =IF(V$18-N$18<=$E$16,N$21/$E$16,0) -> 0 | W32: =IF(W$18-N$18<=$E$16,N$21/$E$16,0) -> 0 | X32: =IF(X$18-N$18<=$E$16,N$21/$E$16,0) -> 0 | Y32: =IF(Y$18-N$18<=$E$16,N$21/$E$16,0) -> 0 | Z32: =IF(Z$18-N$18<=$E$16,N$21/$E$16,0) -> 0 | AA32: =IF(AA$18-N$18<=$E$16,N$21/$E$16,0) -> 0 | AB32: =IF(AB$18-N$18<=$E$16,N$21/$E$16,0) -> 0 | AC32: =IF(AC$18-N$18<=$E$16,N$21/$E$16,0) -> 0 | AD32: =IF(AD$18-N$18<=$E$16,N$21/$E$16,0) -> 0
D33: 2032 Investment | E33: =NPV($E$15,F33:AO33)*(1+$E$15) -> 0 | P33: =IF(P$18-O$18<=$E$16,O$21/$E$16,0) -> 0 | Q33: =IF(Q$18-O$18<=$E$16,O$21/$E$16,0) -> 0 | R33: =IF(R$18-O$18<=$E$16,O$21/$E$16,0) -> 0 | S33: =IF(S$18-O$18<=$E$16,O$21/$E$16,0) -> 0 | T33: =IF(T$18-O$18<=$E$16,O$21/$E$16,0) -> 0 | U33: =IF(U$18-O$18<=$E$16,O$21/$E$16,0) -> 0 | V33: =IF(V$18-O$18<=$E$16,O$21/$E$16,0) -> 0 | W33: =IF(W$18-O$18<=$E$16,O$21/$E$16,0) -> 0 | X33: =IF(X$18-O$18<=$E$16,O$21/$E$16,0) -> 0 | Y33: =IF(Y$18-O$18<=$E$16,O$21/$E$16,0) -> 0 | Z33: =IF(Z$18-O$18<=$E$16,O$21/$E$16,0) -> 0 | AA33: =IF(AA$18-O$18<=$E$16,O$21/$E$16,0) -> 0 | AB33: =IF(AB$18-O$18<=$E$16,O$21/$E$16,0) -> 0 | AC33: =IF(AC$18-O$18<=$E$16,O$21/$E$16,0) -> 0 | AD33: =IF(AD$18-O$18<=$E$16,O$21/$E$16,0) -> 0 | AE33: =IF(AE$18-O$18<=$E$16,O$21/$E$16,0) -> 0
D34: 2033 Investment | E34: =NPV($E$15,F34:AO34)*(1+$E$15) -> 0 | Q34: =IF(Q$18-P$18<=$E$16,P$21/$E$16,0) -> 0 | R34: =IF(R$18-P$18<=$E$16,P$21/$E$16,0) -> 0 | S34: =IF(S$18-P$18<=$E$16,P$21/$E$16,0) -> 0 | T34: =IF(T$18-P$18<=$E$16,P$21/$E$16,0) -> 0 | U34: =IF(U$18-P$18<=$E$16,P$21/$E$16,0) -> 0 | V34: =IF(V$18-P$18<=$E$16,P$21/$E$16,0) -> 0 | W34: =IF(W$18-P$18<=$E$16,P$21/$E$16,0) -> 0 | X34: =IF(X$18-P$18<=$E$16,P$21/$E$16,0) -> 0 | Y34: =IF(Y$18-P$18<=$E$16,P$21/$E$16,0) -> 0 | Z34: =IF(Z$18-P$18<=$E$16,P$21/$E$16,0) -> 0 | AA34: =IF(AA$18-P$18<=$E$16,P$21/$E$16,0) -> 0 | AB34: =IF(AB$18-P$18<=$E$16,P$21/$E$16,0) -> 0 | AC34: =IF(AC$18-P$18<=$E$16,P$21/$E$16,0) -> 0 | AD34: =IF(AD$18-P$18<=$E$16,P$21/$E$16,0) -> 0 | AE34: =IF(AE$18-P$18<=$E$16,P$21/$E$16,0) -> 0 | AF34: =IF(AF$18-P$18<=$E$16,P$21/$E$16,0) -> 0
D35: 2034 Investment | E35: =NPV($E$15,F35:AO35)*(1+$E$15) -> 0 | R35: =IF(R$18-Q$18<=$E$16,Q$21/$E$16,0) -> 0 | S35: =IF(S$18-Q$18<=$E$16,Q$21/$E$16,0) -> 0 | T35: =IF(T$18-Q$18<=$E$16,Q$21/$E$16,0) -> 0 | U35: =IF(U$18-Q$18<=$E$16,Q$21/$E$16,0) -> 0 | V35: =IF(V$18-Q$18<=$E$16,Q$21/$E$16,0) -> 0 | W35: =IF(W$18-Q$18<=$E$16,Q$21/$E$16,0) -> 0 | X35: =IF(X$18-Q$18<=$E$16,Q$21/$E$16,0) -> 0 | Y35: =IF(Y$18-Q$18<=$E$16,Q$21/$E$16,0) -> 0 | Z35: =IF(Z$18-Q$18<=$E$16,Q$21/$E$16,0) -> 0 | AA35: =IF(AA$18-Q$18<=$E$16,Q$21/$E$16,0) -> 0 | AB35: =IF(AB$18-Q$18<=$E$16,Q$21/$E$16,0) -> 0 | AC35: =IF(AC$18-Q$18<=$E$16,Q$21/$E$16,0) -> 0 | AD35: =IF(AD$18-Q$18<=$E$16,Q$21/$E$16,0) -> 0 | AE35: =IF(AE$18-Q$18<=$E$16,Q$21/$E$16,0) -> 0 | AF35: =IF(AF$18-Q$18<=$E$16,Q$21/$E$16,0) -> 0 | AG35: =IF(AG$18-Q$18<=$E$16,Q$21/$E$16,0) -> 0
D36: 2035 Investment | E36: =NPV($E$15,F36:AO36)*(1+$E$15) -> 0 | S36: =IF(S$18-R$18<=$E$16,R$21/$E$16,0) -> 0 | T36: =IF(T$18-R$18<=$E$16,R$21/$E$16,0) -> 0 | U36: =IF(U$18-R$18<=$E$16,R$21/$E$16,0) -> 0 | V36: =IF(V$18-R$18<=$E$16,R$21/$E$16,0) -> 0 | W36: =IF(W$18-R$18<=$E$16,R$21/$E$16,0) -> 0 | X36: =IF(X$18-R$18<=$E$16,R$21/$E$16,0) -> 0 | Y36: =IF(Y$18-R$18<=$E$16,R$21/$E$16,0) -> 0 | Z36: =IF(Z$18-R$18<=$E$16,R$21/$E$16,0) -> 0 | AA36: =IF(AA$18-R$18<=$E$16,R$21/$E$16,0) -> 0 | AB36: =IF(AB$18-R$18<=$E$16,R$21/$E$16,0) -> 0 | AC36: =IF(AC$18-R$18<=$E$16,R$21/$E$16,0) -> 0 | AD36: =IF(AD$18-R$18<=$E$16,R$21/$E$16,0) -> 0 | AE36: =IF(AE$18-R$18<=$E$16,R$21/$E$16,0) -> 0 | AF36: =IF(AF$18-R$18<=$E$16,R$21/$E$16,0) -> 0 | AG36: =IF(AG$18-R$18<=$E$16,R$21/$E$16,0) -> 0 | AH36: =IF(AH$18-R$18<=$E$16,R$21/$E$16,0) -> 0
D37: 2036 Investment | E37: =NPV($E$15,F37:AO37)*(1+$E$15) -> 0 | T37: =IF(T$18-S$18<=$E$16,S$21/$E$16,0) -> 0 | U37: =IF(U$18-S$18<=$E$16,S$21/$E$16,0) -> 0 | V37: =IF(V$18-S$18<=$E$16,S$21/$E$16,0) -> 0 | W37: =IF(W$18-S$18<=$E$16,S$21/$E$16,0) -> 0 | X37: =IF(X$18-S$18<=$E$16,S$21/$E$16,0) -> 0 | Y37: =IF(Y$18-S$18<=$E$16,S$21/$E$16,0) -> 0 | Z37: =IF(Z$18-S$18<=$E$16,S$21/$E$16,0) -> 0 | AA37: =IF(AA$18-S$18<=$E$16,S$21/$E$16,0) -> 0 | AB37: =IF(AB$18-S$18<=$E$16,S$21/$E$16,0) -> 0 | AC37: =IF(AC$18-S$18<=$E$16,S$21/$E$16,0) -> 0 | AD37: =IF(AD$18-S$18<=$E$16,S$21/$E$16,0) -> 0 | AE37: =IF(AE$18-S$18<=$E$16,S$21/$E$16,0) -> 0 | AF37: =IF(AF$18-S$18<=$E$16,S$21/$E$16,0) -> 0 | AG37: =IF(AG$18-S$18<=$E$16,S$21/$E$16,0) -> 0 | AH37: =IF(AH$18-S$18<=$E$16,S$21/$E$16,0) -> 0 | AI37: =IF(AI$18-S$18<=$E$16,S$21/$E$16,0) -> 0
D38: 2037 Investment | E38: =NPV($E$15,F38:AO38)*(1+$E$15) -> 0 | U38: =IF(U$18-T$18<=$E$16,T$21/$E$16,0) -> 0 | V38: =IF(V$18-T$18<=$E$16,T$21/$E$16,0) -> 0 | W38: =IF(W$18-T$18<=$E$16,T$21/$E$16,0) -> 0 | X38: =IF(X$18-T$18<=$E$16,T$21/$E$16,0) -> 0 | Y38: =IF(Y$18-T$18<=$E$16,T$21/$E$16,0) -> 0 | Z38: =IF(Z$18-T$18<=$E$16,T$21/$E$16,0) -> 0 | AA38: =IF(AA$18-T$18<=$E$16,T$21/$E$16,0) -> 0 | AB38: =IF(AB$18-T$18<=$E$16,T$21/$E$16,0) -> 0 | AC38: =IF(AC$18-T$18<=$E$16,T$21/$E$16,0) -> 0 | AD38: =IF(AD$18-T$18<=$E$16,T$21/$E$16,0) -> 0 | AE38: =IF(AE$18-T$18<=$E$16,T$21/$E$16,0) -> 0 | AF38: =IF(AF$18-T$18<=$E$16,T$21/$E$16,0) -> 0 | AG38: =IF(AG$18-T$18<=$E$16,T$21/$E$16,0) -> 0 | AH38: =IF(AH$18-T$18<=$E$16,T$21/$E$16,0) -> 0 | AI38: =IF(AI$18-T$18<=$E$16,T$21/$E$16,0) -> 0 | AJ38: =IF(AJ$18-T$18<=$E$16,T$21/$E$16,0) -> 0
D39: 2038 Investment | E39: =NPV($E$15,F39:AO39)*(1+$E$15) -> 0 | V39: =IF(V$18-U$18<=$E$16,U$21/$E$16,0) -> 0 | W39: =IF(W$18-U$18<=$E$16,U$21/$E$16,0) -> 0 | X39: =IF(X$18-U$18<=$E$16,U$21/$E$16,0) -> 0 | Y39: =IF(Y$18-U$18<=$E$16,U$21/$E$16,0) -> 0 | Z39: =IF(Z$18-U$18<=$E$16,U$21/$E$16,0) -> 0 | AA39: =IF(AA$18-U$18<=$E$16,U$21/$E$16,0) -> 0 | AB39: =IF(AB$18-U$18<=$E$16,U$21/$E$16,0) -> 0 | AC39: =IF(AC$18-U$18<=$E$16,U$21/$E$16,0) -> 0 | AD39: =IF(AD$18-U$18<=$E$16,U$21/$E$16,0) -> 0 | AE39: =IF(AE$18-U$18<=$E$16,U$21/$E$16,0) -> 0 | AF39: =IF(AF$18-U$18<=$E$16,U$21/$E$16,0) -> 0 | AG39: =IF(AG$18-U$18<=$E$16,U$21/$E$16,0) -> 0 | AH39: =IF(AH$18-U$18<=$E$16,U$21/$E$16,0) -> 0 | AI39: =IF(AI$18-U$18<=$E$16,U$21/$E$16,0) -> 0 | AJ39: =IF(AJ$18-U$18<=$E$16,U$21/$E$16,0) -> 0 | AK39: =IF(AK$18-U$18<=$E$16,U$21/$E$16,0) -> 0
D40: 2039 Investment | E40: =NPV($E$15,F40:AO40)*(1+$E$15) -> 0 | W40: =IF(W$18-V$18<=$E$16,V$21/$E$16,0) -> 0 | X40: =IF(X$18-V$18<=$E$16,V$21/$E$16,0) -> 0 | Y40: =IF(Y$18-V$18<=$E$16,V$21/$E$16,0) -> 0 | Z40: =IF(Z$18-V$18<=$E$16,V$21/$E$16,0) -> 0 | AA40: =IF(AA$18-V$18<=$E$16,V$21/$E$16,0) -> 0 | AB40: =IF(AB$18-V$18<=$E$16,V$21/$E$16,0) -> 0 | AC40: =IF(AC$18-V$18<=$E$16,V$21/$E$16,0) -> 0 | AD40: =IF(AD$18-V$18<=$E$16,V$21/$E$16,0) -> 0 | AE40: =IF(AE$18-V$18<=$E$16,V$21/$E$16,0) -> 0 | AF40: =IF(AF$18-V$18<=$E$16,V$21/$E$16,0) -> 0 | AG40: =IF(AG$18-V$18<=$E$16,V$21/$E$16,0) -> 0 | AH40: =IF(AH$18-V$18<=$E$16,V$21/$E$16,0) -> 0 | AI40: =IF(AI$18-V$18<=$E$16,V$21/$E$16,0) -> 0 | AJ40: =IF(AJ$18-V$18<=$E$16,V$21/$E$16,0) -> 0 | AK40: =IF(AK$18-V$18<=$E$16,V$21/$E$16,0) -> 0 | AL40: =IF(AL$18-V$18<=$E$16,V$21/$E$16,0) -> 0
D41: 2040 Investment | E41: =NPV($E$15,F41:AO41)*(1+$E$15) -> 0 | X41: =IF(X$18-W$18<=$E$16,W$21/$E$16,0) -> 0 | Y41: =IF(Y$18-W$18<=$E$16,W$21/$E$16,0) -> 0 | Z41: =IF(Z$18-W$18<=$E$16,W$21/$E$16,0) -> 0 | AA41: =IF(AA$18-W$18<=$E$16,W$21/$E$16,0) -> 0 | AB41: =IF(AB$18-W$18<=$E$16,W$21/$E$16,0) -> 0 | AC41: =IF(AC$18-W$18<=$E$16,W$21/$E$16,0) -> 0 | AD41: =IF(AD$18-W$18<=$E$16,W$21/$E$16,0) -> 0 | AE41: =IF(AE$18-W$18<=$E$16,W$21/$E$16,0) -> 0 | AF41: =IF(AF$18-W$18<=$E$16,W$21/$E$16,0) -> 0 | AG41: =IF(AG$18-W$18<=$E$16,W$21/$E$16,0) -> 0 | AH41: =IF(AH$18-W$18<=$E$16,W$21/$E$16,0) -> 0 | AI41: =IF(AI$18-W$18<=$E$16,W$21/$E$16,0) -> 0 | AJ41: =IF(AJ$18-W$18<=$E$16,W$21/$E$16,0) -> 0 | AK41: =IF(AK$18-W$18<=$E$16,W$21/$E$16,0) -> 0 | AL41: =IF(AL$18-W$18<=$E$16,W$21/$E$16,0) -> 0 | AM41: =IF(AM$18-W$18<=$E$16,W$21/$E$16,0) -> 0
D42: 2041 Investment | E42: =NPV($E$15,F42:AO42)*(1+$E$15) -> 0 | Y42: =IF(Y$18-X$18<=$E$16,X$21/$E$16,0) -> 0 | Z42: =IF(Z$18-X$18<=$E$16,X$21/$E$16,0) -> 0 | AA42: =IF(AA$18-X$18<=$E$16,X$21/$E$16,0) -> 0 | AB42: =IF(AB$18-X$18<=$E$16,X$21/$E$16,0) -> 0 | AC42: =IF(AC$18-X$18<=$E$16,X$21/$E$16,0) -> 0 | AD42: =IF(AD$18-X$18<=$E$16,X$21/$E$16,0) -> 0 | AE42: =IF(AE$18-X$18<=$E$16,X$21/$E$16,0) -> 0 | AF42: =IF(AF$18-X$18<=$E$16,X$21/$E$16,0) -> 0 | AG42: =IF(AG$18-X$18<=$E$16,X$21/$E$16,0) -> 0 | AH42: =IF(AH$18-X$18<=$E$16,X$21/$E$16,0) -> 0 | AI42: =IF(AI$18-X$18<=$E$16,X$21/$E$16,0) -> 0 | AJ42: =IF(AJ$18-X$18<=$E$16,X$21/$E$16,0) -> 0 | AK42: =IF(AK$18-X$18<=$E$16,X$21/$E$16,0) -> 0 | AL42: =IF(AL$18-X$18<=$E$16,X$21/$E$16,0) -> 0 | AM42: =IF(AM$18-X$18<=$E$16,X$21/$E$16,0) -> 0 | AN42: =IF(AN$18-X$18<=$E$16,X$21/$E$16,0) -> 0
D43: 2042 Investment | E43: =NPV($E$15,F43:AO43)*(1+$E$15) -> 0 | Z43: =IF(Z$18-Y$18<=$E$16,Y$21/$E$16,0) -> 0 | AA43: =IF(AA$18-Y$18<=$E$16,Y$21/$E$16,0) -> 0 | AB43: =IF(AB$18-Y$18<=$E$16,Y$21/$E$16,0) -> 0 | AC43: =IF(AC$18-Y$18<=$E$16,Y$21/$E$16,0) -> 0 | AD43: =IF(AD$18-Y$18<=$E$16,Y$21/$E$16,0) -> 0 | AE43: =IF(AE$18-Y$18<=$E$16,Y$21/$E$16,0) -> 0 | AF43: =IF(AF$18-Y$18<=$E$16,Y$21/$E$16,0) -> 0 | AG43: =IF(AG$18-Y$18<=$E$16,Y$21/$E$16,0) -> 0 | AH43: =IF(AH$18-Y$18<=$E$16,Y$21/$E$16,0) -> 0 | AI43: =IF(AI$18-Y$18<=$E$16,Y$21/$E$16,0) -> 0 | AJ43: =IF(AJ$18-Y$18<=$E$16,Y$21/$E$16,0) -> 0 | AK43: =IF(AK$18-Y$18<=$E$16,Y$21/$E$16,0) -> 0 | AL43: =IF(AL$18-Y$18<=$E$16,Y$21/$E$16,0) -> 0 | AM43: =IF(AM$18-Y$18<=$E$16,Y$21/$E$16,0) -> 0 | AN43: =IF(AN$18-Y$18<=$E$16,Y$21/$E$16,0) -> 0 | AO43: =IF(AO$18-Y$18<=$E$16,Y$21/$E$16,0) -> 0
D44: Total | E44: =NPV($E$15,F44:AO44)*(1+$E$15) -> 100.06468 | F44: =SUM(F24:F43) -> 0 | G44: =SUM(G24:G43) -> 14.226 | H44: =SUM(H24:H43) -> 14.226 | I44: =SUM(I24:I43) -> 14.226 | J44: =SUM(J24:J43) -> 14.226 | K44: =SUM(K24:K43) -> 14.226 | L44: =SUM(L24:L43) -> 14.226 | M44: =SUM(M24:M43) -> 14.226 | ... AO44: =SUM(AO24:AO43) -> 0
B45: Summary
E46: NPV | F46: 2023 | G46: 2024 | H46: 2025 | I46: 2026 | J46: 2027 | K46: 2028 | L46: 2029 | M46: 2030 | N46: 2031 | O46: 2032 | P46: 2033 | Q46: 2034 | R46: 2035 | S46: 2036 | T46: 2037 | U46: 2038 | V46: 2039 | W46: 2040 | X46: 2041 | Y46: 2042 | Z46: 2043 | AA46: 2044 | AB46: 2045 | AC46: 2046 | AD46: 2047 | AE46: 2048 | AF46: 2049 | AG46: 2050 | AH46: 2051 | AI46: 2052 | AJ46: 2052 | AK46: 2052 | AL46: 2052 | AM46: 2052 | AN46: 2052 | AO46: 2052
D47: Expenses | E47: =NPV($E$15,F47:AO47)*(1+$E$15) -> 0 | F47: =F19 -> 0 | G47: =G19 -> 0 | H47: =H19 -> 0 | I47: =I19 -> 0 | J47: =J19 -> 0 | K47: =K19 -> 0 | L47: =L19 -> 0 | M47: =M19 -> 0 | ... AO47: =AO19 -> 0
D48: Amortization | E48: =NPV($E$15,F48:AO48)*(1+$E$15) -> 107.03735 | G48: =G44 -> 14.226 | H48: =H44 -> 14.226 | I48: =I44 -> 14.226 | J48: =J44 -> 14.226 | K48: =K44 -> 14.226 | L48: =L44 -> 14.226 | M48: =M44 -> 14.226 | N48: =N44 -> 14.226 | ... AO48: =AO44 -> 0
D49: Debt Interest | E49: =NPV($E$15,F49:AO49)*(1+$E$15) -> 16.582136 | G49: =F$22*$H10 -> 3.641856 | H49: =G$22*$H10 -> 3.2776704 | I49: =H$22*$H10 -> 2.9134848 | J49: =I$22*$H10 -> 2.5492992 | K49: =J$22*$H10 -> 2.1851136 | L49: =K$22*$H10 -> 1.820928 | M49: =L$22*$H10 -> 1.4567424 | N49: =M$22*$H10 -> 1.0925568 | ... AO49: =AN$22*$H10 -> 0
D50: Equity Earnings (After Tax) | E50: =NPV($E$15,F50:AO50)*(1+$E$15) -> 20.986765 | G50: =F$22*$H11 -> 4.609224 | H50: =G$22*$H11 -> 4.1483016 | I50: =H$22*$H11 -> 3.6873792 | J50: =I$22*$H11 -> 3.2264568 | K50: =J$22*$H11 -> 2.7655344 | L50: =K$22*$H11 -> 2.304612 | M50: =L$22*$H11 -> 1.8436896 | N50: =M$22*$H11 -> 1.3827672 | ... AO50: =AN$22*$H11 -> 0
D51: Total Cost of Capital | E51: =NPV($E$15,F51:AO51)*(1+$E$15) -> 37.568901 | G51: =SUM(G49:G50) -> 8.25108 | H51: =SUM(H49:H50) -> 7.425972 | I51: =SUM(I49:I50) -> 6.600864 | J51: =SUM(J49:J50) -> 5.775756 | K51: =SUM(K49:K50) -> 4.950648 | L51: =SUM(L49:L50) -> 4.12554 | M51: =SUM(M49:M50) -> 3.300432 | N51: =SUM(N49:N50) -> 2.475324 | ... AO51: =SUM(AO49:AO50) -> 0
D52: Income Taxes | E52: =NPV($E$15,F52:AO52)*(1+$E$15) -> 7.5666569 | G52: =G50*($H$14-1) -> 1.6618291 | H52: =H50*($H$14-1) -> 1.4956462 | I52: =I50*($H$14-1) -> 1.3294632 | J52: =J50*($H$14-1) -> 1.1632803 | K52: =K50*($H$14-1) -> 0.99709744 | L52: =L50*($H$14-1) -> 0.83091453 | M52: =M50*($H$14-1) -> 0.66473162 | N52: =N50*($H$14-1) -> 0.49854872 | ... AO52: =AO50*($H$14-1) -> 0
D53: Revenue Requirement | E53: =NPV($E$15,F53:AO53)*(1+$E$15) -> 142.26 | F53: =SUM(F48,F51,F47,F52) -> 0 | G53: =SUM(G48,G51,G47,G52) -> 24.138909 | H53: =SUM(H48,H51,H47,H52) -> 23.147618 | I53: =SUM(I48,I51,I47,I52) -> 22.156327 | J53: =SUM(J48,J51,J47,J52) -> 21.165036 | K53: =SUM(K48,K51,K47,K52) -> 20.173745 | L53: =SUM(L48,L51,L47,L52) -> 19.182455 | M53: =SUM(M48,M51,M47,M52) -> 18.191164 | ... AO53: =SUM(AO48,AO51,AO47,AO52) -> 0
D55: Cash Flow | E55: =NPV($E$15,F55:AO55)*(1+$H$12) -> 6.4128961e-14 | F55: =-F8+F53 -> -142.26 | G55: =-G8+G53 -> 24.138909 | H55: =-H8+H53 -> 23.147618 | I55: =-I8+I53 -> 22.156327 | J55: =-J8+J53 -> 21.165036 | K55: =-K8+K53 -> 20.173745 | L55: =-L8+L53 -> 19.182455 | M55: =-M8+M53 -> 18.191164 | ... AO55: =-AO8+AO53 -> 0
D56: Unamortized Asset Balance | F56: =F22 -> 142.26 | G56: =G22 -> 128.034 | H56: =H22 -> 113.808 | I56: =I22 -> 99.582 | J56: =J22 -> 85.356 | K56: =K22 -> 71.13 | L56: =L22 -> 56.904 | M56: =M22 -> 42.678 | ... AO56: =AO22 -> 0

Sheet Am20-10yr
A1: Enbridge: Amortization Analysis
A2: Tax as Capital Investment
D3: Scenario: | E3: Cost Recovery | G3: Amortize | I3: Amortization Cost of Capital | L3: WACC
E4: Portfolio Horizon | G4: 20 | H4: years | I4: Amortiztion Life | L4: 10 | M4: years
B6: Background Data
C7: DSM Portfolio | F7: 2023 | G7: 2024 | H7: 2025 | I7: 2026 | J7: =I7+1 -> 2027 | K7: =J7+1 -> 2028 | L7: =K7+1 -> 2029 | M7: =L7+1 -> 2030 | N7: =M7+1 -> 2031 | O7: =N7+1 -> 2032 | P7: =O7+1 -> 2033 | Q7: =P7+1 -> 2034 | ... AO7: =AN7+1 -> 2058
D8: Investment (millions) | F8: ='Portfolio$'!E6/10^6 -> 142.26 | G8: =IF(G7-$F$7+1>$G$4,0,'Portfolio$'!F6/10^6) -> 148.8222 | H8: =IF(H7-$F$7+1>$G$4,0,'Portfolio$'!G6/10^6) -> 155.70149 | I8: =IF(I7-$F$7+1>$G$4,0,'Portfolio$'!H6/10^6) -> 162.91352 | J8: =IF(J7-$F$7+1>$G$4,0,'Portfolio$'!I6/10^6) -> 170.47468 | K8: =IF(K7-$F$7+1>$G$4,0,J8*1.02) -> 173.88417 | L8: =IF(L7-$F$7+1>$G$4,0,K8*1.02) -> 177.36186 | M8: =IF(M7-$F$7+1>$G$4,0,L8*1.02) -> 180.90909 | N8: =IF(N7-$F$7+1>$G$4,0,M8*1.02) -> 184.52728 | O8: =IF(O7-$F$7+1>$G$4,0,N8*1.02) -> 188.21782 | P8: =IF(P7-$F$7+1>$G$4,0,O8*1.02) -> 191.98218 | Q8: =IF(Q7-$F$7+1>$G$4,0,P8*1.02) -> 195.82182 | R8: =IF(R7-$F$7+1>$G$4,0,Q8*1.02) -> 199.73826 | ... Y8: =IF(Y7-$F$7+1>$G$4,0,X8*1.02) -> 229.43647
C9: Enbridge Capital Structure | F9: Capitalization | G9: After-Tax Return | H9: Weighted | J9: Pre-Tax Return | K9: Weighted
D10: Debt | F10: 0.64 | G10: 0.04 | H10: =F10*G10 -> 0.0256 | J10: 0.04 | K10: =$F10*J10 -> 0.0256
D11: Equity | F11: 0.36 | G11: 0.09 | H11: =F11*G11 -> 0.0324 | J11: =G11*H14 -> 0.12244898 | K11: =$F11*J11 -> 0.044081633
D12: WACC-After-Tax | F12: =SUM(F10:F11) -> 1 | H12: =SUM(H10:H11) -> 0.058 | K12: =SUM(K10:K11) -> 0.069681633
D13: Combined Income Tax Rate | H13: 0.265
D14: Tax Gross Up Factor | H14: =1/(1-H13) -> 1.3605442
C15: Discount Rate | E15: =K12 -> 0.069681633
C16: Amortization Term | E16: =L4 -> 10 | F16: years
B17: Revenue Requirement Calcs
E18: NPV | F18: =F7 -> 2023 | G18: =F18+1 -> 2024 | H18: =G18+1 -> 2025 | I18: =H18+1 -> 2026 | J18: =I18+1 -> 2027 | K18: =J18+1 -> 2028 | L18: =K18+1 -> 2029 | M18: =L18+1 -> 2030 | N18: =M18+1 -> 2031 | ... AO18: =AN18+1 -> 2058
C19: Expenses | E19: =NPV($E$15,F19:AO19)*(1+$H$12) -> 0 | F19: =IF($G$3="Expense",F8,0) -> 0 | G19: =IF($G$3="Expense",G8,0) -> 0 | H19: =IF($G$3="Expense",H8,0) -> 0 | I19: =IF($G$3="Expense",I8,0) -> 0 | J19: =IF($G$3="Expense",J8,0) -> 0 | K19: =IF($G$3="Expense",K8,0) -> 0 | L19: =IF($G$3="Expense",L8,0) -> 0 | M19: =IF($G$3="Expense",M8,0) -> 0 | ... Y19: =IF($G$3="Expense",Y8,0) -> 0
C20: Rate Base
D21: Additions To Rate Base | E21: =NPV($E$15,F21:AO21)*(1+$E$15) -> 2044.1909 | F21: =F8-F19 -> 142.26 | G21: =G8-G19 -> 148.8222 | H21: =H8-H19 -> 155.70149 | I21: =I8-I19 -> 162.91352 | J21: =J8-J19 -> 170.47468 | K21: =K8-K19 -> 173.88417 | L21: =L8-L19 -> 177.36186 | M21: =M8-M19 -> 180.90909 | ... Y21: =Y8-Y19 -> 229.43647
D22: Unamortized Balance (EOY) | F22: =E22+F21-F44 -> 142.26 | G22: =F22+G21-G44 -> 276.8562 | H22: =G22+H21-H44 -> 403.44947 | I22: =H22+I21-I44 -> 521.68462 | J22: =I22+J21-J44 -> 631.18958 | K22: =J22+K21-K44 -> 727.05657 | L22: =K22+L21-L44 -> 809.01282 | M22: =L22+M21-M44 -> 876.78012 | ... AO22: =AN22+AO21-AO44 -> 3.5527137e-14
C23: Amortization
D24: 2023 Investment | E24: =NPV($E$15,F24:AO24)*(1+$E$15) -> 107.03735 | G24: =IF(G$18-F$18<=$E$16,F$21/$E$16,0) -> 14.226 | H24: =IF(H$18-F$18<=$E$16,F$21/$E$16,0) -> 14.226 | I24: =IF(I$18-F$18<=$E$16,F$21/$E$16,0) -> 14.226 | J24: =IF(J$18-F$18<=$E$16,F$21/$E$16,0) -> 14.226 | K24: =IF(K$18-F$18<=$E$16,F$21/$E$16,0) -> 14.226 | L24: =IF(L$18-F$18<=$E$16,F$21/$E$16,0) -> 14.226 | M24: =IF(M$18-F$18<=$E$16,F$21/$E$16,0) -> 14.226 | N24: =IF(N$18-F$18<=$E$16,F$21/$E$16,0) -> 14.226 | O24: =IF(O$18-F$18<=$E$16,F$21/$E$16,0) -> 14.226 | P24: =IF(P$18-F$18<=$E$16,F$21/$E$16,0) -> 14.226 | Q24: =IF(Q$18-F$18<=$E$16,F$21/$E$16,0) -> 0 | R24: =IF(R$18-F$18<=$E$16,F$21/$E$16,0) -> 0 | S24: =IF(S$18-F$18<=$E$16,F$21/$E$16,0) -> 0 | T24: =IF(T$18-F$18<=$E$16,F$21/$E$16,0) -> 0 | U24: =IF(U$18-F$18<=$E$16,F$21/$E$16,0) -> 0 | V24: =IF(V$18-F$18<=$E$16,F$21/$E$16,0) -> 0
D25: 2024 Investment | E25: =NPV($E$15,F25:AO25)*(1+$E$15) -> 111.97479 | H25: =IF(H$18-G$18<=$E$16,G$21/$E$16,0) -> 14.88222 | I25: =IF(I$18-G$18<=$E$16,G$21/$E$16,0) -> 14.88222 | J25: =IF(J$18-G$18<=$E$16,G$21/$E$16,0) -> 14.88222 | K25: =IF(K$18-G$18<=$E$16,G$21/$E$16,0) -> 14.88222 | L25: =IF(L$18-G$18<=$E$16,G$21/$E$16,0) -> 14.88222 | M25: =IF(M$18-G$18<=$E$16,G$21/$E$16,0) -> 14.88222 | N25: =IF(N$18-G$18<=$E$16,G$21/$E$16,0) -> 14.88222 | O25: =IF(O$18-G$18<=$E$16,G$21/$E$16,0) -> 14.88222 | P25: =IF(P$18-G$18<=$E$16,G$21/$E$16,0) -> 14.88222 | Q25: =IF(Q$18-G$18<=$E$16,G$21/$E$16,0) -> 14.88222 | R25: =IF(R$18-G$18<=$E$16,G$21/$E$16,0) -> 0 | S25: =IF(S$18-G$18<=$E$16,G$21/$E$16,0) -> 0 | T25: =IF(T$18-G$18<=$E$16,G$21/$E$16,0) -> 0 | U25: =IF(U$18-G$18<=$E$16,G$21/$E$16,0) -> 0 | V25: =IF(V$18-G$18<=$E$16,G$21/$E$16,0) -> 0 | W25: =IF(W$18-G$18<=$E$16,G$21/$E$16,0) -> 0
D26: 2025 Investment | E26: =NPV($E$15,F26:AO26)*(1+$E$15) -> 117.15082 | I26: =IF(I$18-H$18<=$E$16,H$21/$E$16,0) -> 15.570149 | J26: =IF(J$18-H$18<=$E$16,H$21/$E$16,0) -> 15.570149 | K26: =IF(K$18-H$18<=$E$16,H$21/$E$16,0) -> 15.570149 | L26: =IF(L$18-H$18<=$E$16,H$21/$E$16,0) -> 15.570149 | M26: =IF(M$18-H$18<=$E$16,H$21/$E$16,0) -> 15.570149 | N26: =IF(N$18-H$18<=$E$16,H$21/$E$16,0) -> 15.570149 | O26: =IF(O$18-H$18<=$E$16,H$21/$E$16,0) -> 15.570149 | P26: =IF(P$18-H$18<=$E$16,H$21/$E$16,0) -> 15.570149 | Q26: =IF(Q$18-H$18<=$E$16,H$21/$E$16,0) -> 15.570149 | R26: =IF(R$18-H$18<=$E$16,H$21/$E$16,0) -> 15.570149 | S26: =IF(S$18-H$18<=$E$16,H$21/$E$16,0) -> 0 | T26: =IF(T$18-H$18<=$E$16,H$21/$E$16,0) -> 0 | U26: =IF(U$18-H$18<=$E$16,H$21/$E$16,0) -> 0 | V26: =IF(V$18-H$18<=$E$16,H$21/$E$16,0) -> 0 | W26: =IF(W$18-H$18<=$E$16,H$21/$E$16,0) -> 0 | X26: =IF(X$18-H$18<=$E$16,H$21/$E$16,0) -> 0
D27: 2026 Investment | E27: =NPV($E$15,F27:AO27)*(1+$E$15) -> 122.57719 | J27: =IF(J$18-I$18<=$E$16,I$21/$E$16,0) -> 16.291352 | K27: =IF(K$18-I$18<=$E$16,I$21/$E$16,0) -> 16.291352 | L27: =IF(L$18-I$18<=$E$16,I$21/$E$16,0) -> 16.291352 | M27: =IF(M$18-I$18<=$E$16,I$21/$E$16,0) -> 16.291352 | N27: =IF(N$18-I$18<=$E$16,I$21/$E$16,0) -> 16.291352 | O27: =IF(O$18-I$18<=$E$16,I$21/$E$16,0) -> 16.291352 | P27: =IF(P$18-I$18<=$E$16,I$21/$E$16,0) -> 16.291352 | Q27: =IF(Q$18-I$18<=$E$16,I$21/$E$16,0) -> 16.291352 | R27: =IF(R$18-I$18<=$E$16,I$21/$E$16,0) -> 16.291352 | S27: =IF(S$18-I$18<=$E$16,I$21/$E$16,0) -> 16.291352 | T27: =IF(T$18-I$18<=$E$16,I$21/$E$16,0) -> 0 | U27: =IF(U$18-I$18<=$E$16,I$21/$E$16,0) -> 0 | V27: =IF(V$18-I$18<=$E$16,I$21/$E$16,0) -> 0 | W27: =IF(W$18-I$18<=$E$16,I$21/$E$16,0) -> 0 | X27: =IF(X$18-I$18<=$E$16,I$21/$E$16,0) -> 0 | Y27: =IF(Y$18-I$18<=$E$16,I$21/$E$16,0) -> 0
D28: 2027 Investment | E28: =NPV($E$15,F28:AO28)*(1+$E$15) -> 128.26626 | K28: =IF(K$18-J$18<=$E$16,J$21/$E$16,0) -> 17.047468 | L28: =IF(L$18-J$18<=$E$16,J$21/$E$16,0) -> 17.047468 | M28: =IF(M$18-J$18<=$E$16,J$21/$E$16,0) -> 17.047468 | N28: =IF(N$18-J$18<=$E$16,J$21/$E$16,0) -> 17.047468 | O28: =IF(O$18-J$18<=$E$16,J$21/$E$16,0) -> 17.047468 | P28: =IF(P$18-J$18<=$E$16,J$21/$E$16,0) -> 17.047468 | Q28: =IF(Q$18-J$18<=$E$16,J$21/$E$16,0) -> 17.047468 | R28: =IF(R$18-J$18<=$E$16,J$21/$E$16,0) -> 17.047468 | S28: =IF(S$18-J$18<=$E$16,J$21/$E$16,0) -> 17.047468 | T28: =IF(T$18-J$18<=$E$16,J$21/$E$16,0) -> 17.047468 | U28: =IF(U$18-J$18<=$E$16,J$21/$E$16,0) -> 0 | V28: =IF(V$18-J$18<=$E$16,J$21/$E$16,0) -> 0 | W28: =IF(W$18-J$18<=$E$16,J$21/$E$16,0) -> 0 | X28: =IF(X$18-J$18<=$E$16,J$21/$E$16,0) -> 0 | Y28: =IF(Y$18-J$18<=$E$16,J$21/$E$16,0) -> 0 | Z28: =IF(Z$18-J$18<=$E$16,J$21/$E$16,0) -> 0
D29: 2028 Investment | E29: =NPV($E$15,F29:AO29)*(1+$E$15) -> 130.83159 | L29: =IF(L$18-K$18<=$E$16,K$21/$E$16,0) -> 17.388417 | M29: =IF(M$18-K$18<=$E$16,K$21/$E$16,0) -> 17.388417 | N29: =IF(N$18-K$18<=$E$16,K$21/$E$16,0) -> 17.388417 | O29: =IF(O$18-K$18<=$E$16,K$21/$E$16,0) -> 17.388417 | P29: =IF(P$18-K$18<=$E$16,K$21/$E$16,0) -> 17.388417 | Q29: =IF(Q$18-K$18<=$E$16,K$21/$E$16,0) -> 17.388417 | R29: =IF(R$18-K$18<=$E$16,K$21/$E$16,0) -> 17.388417 | S29: =IF(S$18-K$18<=$E$16,K$21/$E$16,0) -> 17.388417 | T29: =IF(T$18-K$18<=$E$16,K$21/$E$16,0) -> 17.388417 | U29: =IF(U$18-K$18<=$E$16,K$21/$E$16,0) -> 17.388417 | V29: =IF(V$18-K$18<=$E$16,K$21/$E$16,0) -> 0 | W29: =IF(W$18-K$18<=$E$16,K$21/$E$16,0) -> 0 | X29: =IF(X$18-K$18<=$E$16,K$21/$E$16,0) -> 0 | Y29: =IF(Y$18-K$18<=$E$16,K$21/$E$16,0) -> 0 | Z29: =IF(Z$18-K$18<=$E$16,K$21/$E$16,0) -> 0 | AA29: =IF(AA$18-K$18<=$E$16,K$21/$E$16,0) -> 0
D30: 2029 Investment | E30: =NPV($E$15,F30:AO30)*(1+$E$15) -> 133.44822 | M30: =IF(M$18-L$18<=$E$16,L$21/$E$16,0) -> 17.736186 | N30: =IF(N$18-L$18<=$E$16,L$21/$E$16,0) -> 17.736186 | O30: =IF(O$18-L$18<=$E$16,L$21/$E$16,0) -> 17.736186 | P30: =IF(P$18-L$18<=$E$16,L$21/$E$16,0) -> 17.736186 | Q30: =IF(Q$18-L$18<=$E$16,L$21/$E$16,0) -> 17.736186 | R30: =IF(R$18-L$18<=$E$16,L$21/$E$16,0) -> 17.736186 | S30: =IF(S$18-L$18<=$E$16,L$21/$E$16,0) -> 17.736186 | T30: =IF(T$18-L$18<=$E$16,L$21/$E$16,0) -> 17.736186 | U30: =IF(U$18-L$18<=$E$16,L$21/$E$16,0) -> 17.736186 | V30: =IF(V$18-L$18<=$E$16,L$21/$E$16,0) -> 17.736186 | W30: =IF(W$18-L$18<=$E$16,L$21/$E$16,0) -> 0 | X30: =IF(X$18-L$18<=$E$16,L$21/$E$16,0) -> 0 | Y30: =IF(Y$18-L$18<=$E$16,L$21/$E$16,0) -> 0 | Z30: =IF(Z$18-L$18<=$E$16,L$21/$E$16,0) -> 0 | AA30: =IF(AA$18-L$18<=$E$16,L$21/$E$16,0) -> 0 | AB30: =IF(AB$18-L$18<=$E$16,L$21/$E$16,0) -> 0
D31: 2030 Investment | E31: =NPV($E$15,F31:AO31)*(1+$E$15) -> 136.11718 | N31: =IF(N$18-M$18<=$E$16,M$21/$E$16,0) -> 18.090909 | O31: =IF(O$18-M$18<=$E$16,M$21/$E$16,0) -> 18.090909 | P31: =IF(P$18-M$18<=$E$16,M$21/$E$16,0) -> 18.090909 | Q31: =IF(Q$18-M$18<=$E$16,M$21/$E$16,0) -> 18.090909 | R31: =IF(R$18-M$18<=$E$16,M$21/$E$16,0) -> 18.090909 | S31: =IF(S$18-M$18<=$E$16,M$21/$E$16,0) -> 18.090909 | T31: =IF(T$18-M$18<=$E$16,M$21/$E$16,0) -> 18.090909 | U31: =IF(U$18-M$18<=$E$16,M$21/$E$16,0) -> 18.090909 | V31: =IF(V$18-M$18<=$E$16,M$21/$E$16,0) -> 18.090909 | W31: =IF(W$18-M$18<=$E$16,M$21/$E$16,0) -> 18.090909 | X31: =IF(X$18-M$18<=$E$16,M$21/$E$16,0) -> 0 | Y31: =IF(Y$18-M$18<=$E$16,M$21/$E$16,0) -> 0 | Z31: =IF(Z$18-M$18<=$E$16,M$21/$E$16,0) -> 0 | AA31: =IF(AA$18-M$18<=$E$16,M$21/$E$16,0) -> 0 | AB31: =IF(AB$18-M$18<=$E$16,M$21/$E$16,0) -> 0 | AC31: =IF(AC$18-M$18<=$E$16,M$21/$E$16,0) -> 0
D32: 2031 Investment | E32: =NPV($E$15,F32:AO32)*(1+$E$15) -> 138.83952 | O32: =IF(O$18-N$18<=$E$16,N$21/$E$16,0) -> 18.452728 | P32: =IF(P$18-N$18<=$E$16,N$21/$E$16,0) -> 18.452728 | Q32: =IF(Q$18-N$18<=$E$16,N$21/$E$16,0) -> 18.452728 | R32: =IF(R$18-N$18<=$E$16,N$21/$E$16,0) -> 18.452728 | S32: =IF(S$18-N$18<=$E$16,N$21/$E$16,0) -> 18.452728 | T32: =IF(T$18-N$18<=$E$16,N$21/$E$16,0) -> 18.452728 | U32: =IF(U$18-N$18<=$E$16,N$21/$E$16,0) -> 18.452728 | V32: =IF(V$18-N$18<=$E$16,N$21/$E$16,0) -> 18.452728 | W32: =IF(W$18-N$18<=$E$16,N$21/$E$16,0) -> 18.452728 | X32: =IF(X$18-N$18<=$E$16,N$21/$E$16,0) -> 18.452728 | Y32: =IF(Y$18-N$18<=$E$16,N$21/$E$16,0) -> 0 | Z32: =IF(Z$18-N$18<=$E$16,N$21/$E$16,0) -> 0 | AA32: =IF(AA$18-N$18<=$E$16,N$21/$E$16,0) -> 0 | AB32: =IF(AB$18-N$18<=$E$16,N$21/$E$16,0) -> 0 | AC32: =IF(AC$18-N$18<=$E$16,N$21/$E$16,0) -> 0 | AD32: =IF(AD$18-N$18<=$E$16,N$21/$E$16,0) -> 0
D33: 2032 Investment | E33: =NPV($E$15,F33:AO33)*(1+$E$15) -> 141.61632 | P33: =IF(P$18-O$18<=$E$16,O$21/$E$16,0) -> 18.821782 | Q33: =IF(Q$18-O$18<=$E$16,O$21/$E$16,0) -> 18.821782 | R33: =IF(R$18-O$18<=$E$16,O$21/$E$16,0) -> 18.821782 | S33: =IF(S$18-O$18<=$E$16,O$21/$E$16,0) -> 18.821782 | T33: =IF(T$18-O$18<=$E$16,O$21/$E$16,0) -> 18.821782 | U33: =IF(U$18-O$18<=$E$16,O$21/$E$16,0) -> 18.821782 | V33: =IF(V$18-O$18<=$E$16,O$21/$E$16,0) -> 18.821782 | W33: =IF(W$18-O$18<=$E$16,O$21/$E$16,0) -> 18.821782 | X33: =IF(X$18-O$18<=$E$16,O$21/$E$16,0) -> 18.821782 | Y33: =IF(Y$18-O$18<=$E$16,O$21/$E$16,0) -> 18.821782 | Z33: =IF(Z$18-O$18<=$E$16,O$21/$E$16,0) -> 0 | AA33: =IF(AA$18-O$18<=$E$16,O$21/$E$16,0) -> 0 | AB33: =IF(AB$18-O$18<=$E$16,O$21/$E$16,0) -> 0 | AC33: =IF(AC$18-O$18<=$E$16,O$21/$E$16,0) -> 0 | AD33: =IF(AD$18-O$18<=$E$16,O$21/$E$16,0) -> 0 | AE33: =IF(AE$18-O$18<=$E$16,O$21/$E$16,0) -> 0
D34: 2033 Investment | E34: =NPV($E$15,F34:AO34)*(1+$E$15) -> 144.44864 | Q34: =IF(Q$18-P$18<=$E$16,P$21/$E$16,0) -> 19.198218 | R34: =IF(R$18-P$18<=$E$16,P$21/$E$16,0) -> 19.198218 | S34: =IF(S$18-P$18<=$E$16,P$21/$E$16,0) -> 19.198218 | T34: =IF(T$18-P$18<=$E$16,P$21/$E$16,0) -> 19.198218 | U34: =IF(U$18-P$18<=$E$16,P$21/$E$16,0) -> 19.198218 | V34: =IF(V$18-P$18<=$E$16,P$21/$E$16,0) -> 19.198218 | W34: =IF(W$18-P$18<=$E$16,P$21/$E$16,0) -> 19.198218 | X34: =IF(X$18-P$18<=$E$16,P$21/$E$16,0) -> 19.198218 | Y34: =IF(Y$18-P$18<=$E$16,P$21/$E$16,0) -> 19.198218 | Z34: =IF(Z$18-P$18<=$E$16,P$21/$E$16,0) -> 19.198218 | AA34: =IF(AA$18-P$18<=$E$16,P$21/$E$16,0) -> 0 | AB34: =IF(AB$18-P$18<=$E$16,P$21/$E$16,0) -> 0 | AC34: =IF(AC$18-P$18<=$E$16,P$21/$E$16,0) -> 0 | AD34: =IF(AD$18-P$18<=$E$16,P$21/$E$16,0) -> 0 | AE34: =IF(AE$18-P$18<=$E$16,P$21/$E$16,0) -> 0 | AF34: =IF(AF$18-P$18<=$E$16,P$21/$E$16,0) -> 0
D35: 2034 Investment | E35: =NPV($E$15,F35:AO35)*(1+$E$15) -> 147.33761 | R35: =IF(R$18-Q$18<=$E$16,Q$21/$E$16,0) -> 19.582182 | S35: =IF(S$18-Q$18<=$E$16,Q$21/$E$16,0) -> 19.582182 | T35: =IF(T$18-Q$18<=$E$16,Q$21/$E$16,0) -> 19.582182 | U35: =IF(U$18-Q$18<=$E$16,Q$21/$E$16,0) -> 19.582182 | V35: =IF(V$18-Q$18<=$E$16,Q$21/$E$16,0) -> 19.582182 | W35: =IF(W$18-Q$18<=$E$16,Q$21/$E$16,0) -> 19.582182 | X35: =IF(X$18-Q$18<=$E$16,Q$21/$E$16,0) -> 19.582182 | Y35: =IF(Y$18-Q$18<=$E$16,Q$21/$E$16,0) -> 19.582182 | Z35: =IF(Z$18-Q$18<=$E$16,Q$21/$E$16,0) -> 19.582182 | AA35: =IF(AA$18-Q$18<=$E$16,Q$21/$E$16,0) -> 19.582182 | AB35: =IF(AB$18-Q$18<=$E$16,Q$21/$E$16,0) -> 0 | AC35: =IF(AC$18-Q$18<=$E$16,Q$21/$E$16,0) -> 0 | AD35: =IF(AD$18-Q$18<=$E$16,Q$21/$E$16,0) -> 0 | AE35: =IF(AE$18-Q$18<=$E$16,Q$21/$E$16,0) -> 0 | AF35: =IF(AF$18-Q$18<=$E$16,Q$21/$E$16,0) -> 0 | AG35: =IF(AG$18-Q$18<=$E$16,Q$21/$E$16,0) -> 0
D36: 2035 Investment | E36: =NPV($E$15,F36:AO36)*(1+$E$15) -> 150.28437 | S36: =IF(S$18-R$18<=$E$16,R$21/$E$16,0) -> 19.973826 | T36: =IF(T$18-R$18<=$E$16,R$21/$E$16,0) -> 19.973826 | U36: =IF(U$18-R$18<=$E$16,R$21/$E$16,0) -> 19.973826 | V36: =IF(V$18-R$18<=$E$16,R$21/$E$16,0) -> 19.973826 | W36: =IF(W$18-R$18<=$E$16,R$21/$E$16,0) -> 19.973826 | X36: =IF(X$18-R$18<=$E$16,R$21/$E$16,0) -> 19.973826 | Y36: =IF(Y$18-R$18<=$E$16,R$21/$E$16,0) -> 19.973826 | Z36: =IF(Z$18-R$18<=$E$16,R$21/$E$16,0) -> 19.973826 | AA36: =IF(AA$18-R$18<=$E$16,R$21/$E$16,0) -> 19.973826 | AB36: =IF(AB$18-R$18<=$E$16,R$21/$E$16,0) -> 19.973826 | AC36: =IF(AC$18-R$18<=$E$16,R$21/$E$16,0) -> 0 | AD36: =IF(AD$18-R$18<=$E$16,R$21/$E$16,0) -> 0 | AE36: =IF(AE$18-R$18<=$E$16,R$21/$E$16,0) -> 0 | AF36: =IF(AF$18-R$18<=$E$16,R$21/$E$16,0) -> 0 | AG36: =IF(AG$18-R$18<=$E$16,R$21/$E$16,0) -> 0 | AH36: =IF(AH$18-R$18<=$E$16,R$21/$E$16,0) -> 0
D37: 2036 Investment | E37: =NPV($E$15,F37:AO37)*(1+$E$15) -> 153.29005 | T37: =IF(T$18-S$18<=$E$16,S$21/$E$16,0) -> 20.373302 | U37: =IF(U$18-S$18<=$E$16,S$21/$E$16,0) -> 20.373302 | V37: =IF(V$18-S$18<=$E$16,S$21/$E$16,0) -> 20.373302 | W37: =IF(W$18-S$18<=$E$16,S$21/$E$16,0) -> 20.373302 | X37: =IF(X$18-S$18<=$E$16,S$21/$E$16,0) -> 20.373302 | Y37: =IF(Y$18-S$18<=$E$16,S$21/$E$16,0) -> 20.373302 | Z37: =IF(Z$18-S$18<=$E$16,S$21/$E$16,0) -> 20.373302 | AA37: =IF(AA$18-S$18<=$E$16,S$21/$E$16,0) -> 20.373302 | AB37: =IF(AB$18-S$18<=$E$16,S$21/$E$16,0) -> 20.373302 | AC37: =IF(AC$18-S$18<=$E$16,S$21/$E$16,0) -> 20.373302 | AD37: =IF(AD$18-S$18<=$E$16,S$21/$E$16,0) -> 0 | AE37: =IF(AE$18-S$18<=$E$16,S$21/$E$16,0) -> 0 | AF37: =IF(AF$18-S$18<=$E$16,S$21/$E$16,0) -> 0 | AG37: =IF(AG$18-S$18<=$E$16,S$21/$E$16,0) -> 0 | AH37: =IF(AH$18-S$18<=$E$16,S$21/$E$16,0) -> 0 | AI37: =IF(AI$18-S$18<=$E$16,S$21/$E$16,0) -> 0
D38: 2037 Investment | E38: =NPV($E$15,F38:AO38)*(1+$E$15) -> 156.35586 | U38: =IF(U$18-T$18<=$E$16,T$21/$E$16,0) -> 20.780768 | V38: =IF(V$18-T$18<=$E$16,T$21/$E$16,0) -> 20.780768 | W38: =IF(W$18-T$18<=$E$16,T$21/$E$16,0) -> 20.780768 | X38: =IF(X$18-T$18<=$E$16,T$21/$E$16,0) -> 20.780768 | Y38: =IF(Y$18-T$18<=$E$16,T$21/$E$16,0) -> 20.780768 | Z38: =IF(Z$18-T$18<=$E$16,T$21/$E$16,0) -> 20.780768 | AA38: =IF(AA$18-T$18<=$E$16,T$21/$E$16,0) -> 20.780768 | AB38: =IF(AB$18-T$18<=$E$16,T$21/$E$16,0) -> 20.780768 | AC38: =IF(AC$18-T$18<=$E$16,T$21/$E$16,0) -> 20.780768 | AD38: =IF(AD$18-T$18<=$E$16,T$21/$E$16,0) -> 20.780768 | AE38: =IF(AE$18-T$18<=$E$16,T$21/$E$16,0) -> 0 | AF38: =IF(AF$18-T$18<=$E$16,T$21/$E$16,0) -> 0 | AG38: =IF(AG$18-T$18<=$E$16,T$21/$E$16,0) -> 0 | AH38: =IF(AH$18-T$18<=$E$16,T$21/$E$16,0) -> 0 | AI38: =IF(AI$18-T$18<=$E$16,T$21/$E$16,0) -> 0 | AJ38: =IF(AJ$18-T$18<=$E$16,T$21/$E$16,0) -> 0
D39: 2038 Investment | E39: =NPV($E$15,F39:AO39)*(1+$E$15) -> 159.48297 | V39: =IF(V$18-U$18<=$E$16,U$21/$E$16,0) -> 21.196384 | W39: =IF(W$18-U$18<=$E$16,U$21/$E$16,0) -> 21.196384 | X39: =IF(X$18-U$18<=$E$16,U$21/$E$16,0) -> 21.196384 | Y39: =IF(Y$18-U$18<=$E$16,U$21/$E$16,0) -> 21.196384 | Z39: =IF(Z$18-U$18<=$E$16,U$21/$E$16,0) -> 21.196384 | AA39: =IF(AA$18-U$18<=$E$16,U$21/$E$16,0) -> 21.196384 | AB39: =IF(AB$18-U$18<=$E$16,U$21/$E$16,0) -> 21.196384 | AC39: =IF(AC$18-U$18<=$E$16,U$21/$E$16,0) -> 21.196384 | AD39: =IF(AD$18-U$18<=$E$16,U$21/$E$16,0) -> 21.196384 | AE39: =IF(AE$18-U$18<=$E$16,U$21/$E$16,0) -> 21.196384 | AF39: =IF(AF$18-U$18<=$E$16,U$21/$E$16,0) -> 0 | AG39: =IF(AG$18-U$18<=$E$16,U$21/$E$16,0) -> 0 | AH39: =IF(AH$18-U$18<=$E$16,U$21/$E$16,0) -> 0 | AI39: =IF(AI$18-U$18<=$E$16,U$21/$E$16,0) -> 0 | AJ39: =IF(AJ$18-U$18<=$E$16,U$21/$E$16,0) -> 0 | AK39: =IF(AK$18-U$18<=$E$16,U$21/$E$16,0) -> 0
D40: 2039 Investment | E40: =NPV($E$15,F40:AO40)*(1+$E$15) -> 162.67263 | W40: =IF(W$18-V$18<=$E$16,V$21/$E$16,0) -> 21.620311 | X40: =IF(X$18-V$18<=$E$16,V$21/$E$16,0) -> 21.620311 | Y40: =IF(Y$18-V$18<=$E$16,V$21/$E$16,0) -> 21.620311 | Z40: =IF(Z$18-V$18<=$E$16,V$21/$E$16,0) -> 21.620311 | AA40: =IF(AA$18-V$18<=$E$16,V$21/$E$16,0) -> 21.620311 | AB40: =IF(AB$18-V$18<=$E$16,V$21/$E$16,0) -> 21.620311 | AC40: =IF(AC$18-V$18<=$E$16,V$21/$E$16,0) -> 21.620311 | AD40: =IF(AD$18-V$18<=$E$16,V$21/$E$16,0) -> 21.620311 | AE40: =IF(AE$18-V$18<=$E$16,V$21/$E$16,0) -> 21.620311 | AF40: =IF(AF$18-V$18<=$E$16,V$21/$E$16,0) -> 21.620311 | AG40: =IF(AG$18-V$18<=$E$16,V$21/$E$16,0) -> 0 | AH40: =IF(AH$18-V$18<=$E$16,V$21/$E$16,0) -> 0 | AI40: =IF(AI$18-V$18<=$E$16,V$21/$E$16,0) -> 0 | AJ40: =IF(AJ$18-V$18<=$E$16,V$21/$E$16,0) -> 0 | AK40: =IF(AK$18-V$18<=$E$16,V$21/$E$16,0) -> 0 | AL40: =IF(AL$18-V$18<=$E$16,V$21/$E$16,0) -> 0
D41: 2040 Investment | E41: =NPV($E$15,F41:AO41)*(1+$E$15) -> 165.92608 | X41: =IF(X$18-W$18<=$E$16,W$21/$E$16,0) -> 22.052718 | Y41: =IF(Y$18-W$18<=$E$16,W$21/$E$16,0) -> 22.052718 | Z41: =IF(Z$18-W$18<=$E$16,W$21/$E$16,0) -> 22.052718 | AA41: =IF(AA$18-W$18<=$E$16,W$21/$E$16,0) -> 22.052718 | AB41: =IF(AB$18-W$18<=$E$16,W$21/$E$16,0) -> 22.052718 | AC41: =IF(AC$18-W$18<=$E$16,W$21/$E$16,0) -> 22.052718 | AD41: =IF(AD$18-W$18<=$E$16,W$21/$E$16,0) -> 22.052718 | AE41: =IF(AE$18-W$18<=$E$16,W$21/$E$16,0) -> 22.052718 | AF41: =IF(AF$18-W$18<=$E$16,W$21/$E$16,0) -> 22.052718 | AG41: =IF(AG$18-W$18<=$E$16,W$21/$E$16,0) -> 22.052718 | AH41: =IF(AH$18-W$18<=$E$16,W$21/$E$16,0) -> 0 | AI41: =IF(AI$18-W$18<=$E$16,W$21/$E$16,0) -> 0 | AJ41: =IF(AJ$18-W$18<=$E$16,W$21/$E$16,0) -> 0 | AK41: =IF(AK$18-W$18<=$E$16,W$21/$E$16,0) -> 0 | AL41: =IF(AL$18-W$18<=$E$16,W$21/$E$16,0) -> 0 | AM41: =IF(AM$18-W$18<=$E$16,W$21/$E$16,0) -> 0
D42: 2041 Investment | E42: =NPV($E$15,F42:AO42)*(1+$E$15) -> 169.24461 | Y42: =IF(Y$18-X$18<=$E$16,X$21/$E$16,0) -> 22.493772 | Z42: =IF(Z$18-X$18<=$E$16,X$21/$E$16,0) -> 22.493772 | AA42: =IF(AA$18-X$18<=$E$16,X$21/$E$16,0) -> 22.493772 | AB42: =IF(AB$18-X$18<=$E$16,X$21/$E$16,0) -> 22.493772 | AC42: =IF(AC$18-X$18<=$E$16,X$21/$E$16,0) -> 22.493772 | AD42: =IF(AD$18-X$18<=$E$16,X$21/$E$16,0) -> 22.493772 | AE42: =IF(AE$18-X$18<=$E$16,X$21/$E$16,0) -> 22.493772 | AF42: =IF(AF$18-X$18<=$E$16,X$21/$E$16,0) -> 22.493772 | AG42: =IF(AG$18-X$18<=$E$16,X$21/$E$16,0) -> 22.493772 | AH42: =IF(AH$18-X$18<=$E$16,X$21/$E$16,0) -> 22.493772 | AI42: =IF(AI$18-X$18<=$E$16,X$21/$E$16,0) -> 0 | AJ42: =IF(AJ$18-X$18<=$E$16,X$21/$E$16,0) -> 0 | AK42: =IF(AK$18-X$18<=$E$16,X$21/$E$16,0) -> 0 | AL42: =IF(AL$18-X$18<=$E$16,X$21/$E$16,0) -> 0 | AM42: =IF(AM$18-X$18<=$E$16,X$21/$E$16,0) -> 0 | AN42: =IF(AN$18-X$18<=$E$16,X$21/$E$16,0) -> 0
D43: 2042 Investment | E43: =NPV($E$15,F43:AO43)*(1+$E$15) -> 172.6295 | Z43: =IF(Z$18-Y$18<=$E$16,Y$21/$E$16,0) -> 22.943647 | AA43: =IF(AA$18-Y$18<=$E$16,Y$21/$E$16,0) -> 22.943647 | AB43: =IF(AB$18-Y$18<=$E$16,Y$21/$E$16,0) -> 22.943647 | AC43: =IF(AC$18-Y$18<=$E$16,Y$21/$E$16,0) -> 22.943647 | AD43: =IF(AD$18-Y$18<=$E$16,Y$21/$E$16,0) -> 22.943647 | AE43: =IF(AE$18-Y$18<=$E$16,Y$21/$E$16,0) -> 22.943647 | AF43: =IF(AF$18-Y$18<=$E$16,Y$21/$E$16,0) -> 22.943647 | AG43: =IF(AG$18-Y$18<=$E$16,Y$21/$E$16,0) -> 22.943647 | AH43: =IF(AH$18-Y$18<=$E$16,Y$21/$E$16,0) -> 22.943647 | AI43: =IF(AI$18-Y$18<=$E$16,Y$21/$E$16,0) -> 22.943647 | AJ43: =IF(AJ$18-Y$18<=$E$16,Y$21/$E$16,0) -> 0 | AK43: =IF(AK$18-Y$18<=$E$16,Y$21/$E$16,0) -> 0 | AL43: =IF(AL$18-Y$18<=$E$16,Y$21/$E$16,0) -> 0 | AM43: =IF(AM$18-Y$18<=$E$16,Y$21/$E$16,0) -> 0 | AN43: =IF(AN$18-Y$18<=$E$16,Y$21/$E$16,0) -> 0 | AO43: =IF(AO$18-Y$18<=$E$16,Y$21/$E$16,0) -> 0
D44: Total | E44: =NPV($E$15,F44:AO44)*(1+$E$15) -> 1437.8695 | F44: =SUM(F24:F43) -> 0 | G44: =SUM(G24:G43) -> 14.226 | H44: =SUM(H24:H43) -> 29.10822 | I44: =SUM(I24:I43) -> 44.678369 | J44: =SUM(J24:J43) -> 60.969721 | K44: =SUM(K24:K43) -> 78.017189 | L44: =SUM(L24:L43) -> 95.405606 | M44: =SUM(M24:M43) -> 113.14179 | ... AO44: =SUM(AO24:AO43) -> 0
B45: Summary
E46: NPV | F46: 2023 | G46: 2024 | H46: 2025 | I46: 2026 | J46: 2027 | K46: 2028 | L46: 2029 | M46: 2030 | N46: 2031 | O46: 2032 | P46: 2033 | Q46: 2034 | R46: 2035 | S46: 2036 | T46: 2037 | U46: 2038 | V46: 2039 | W46: 2040 | X46: 2041 | Y46: 2042 | Z46: 2043 | AA46: 2044 | AB46: 2045 | AC46: 2046 | AD46: 2047 | AE46: 2048 | AF46: 2049 | AG46: 2050 | AH46: 2051 | AI46: 2052 | AJ46: 2052 | AK46: 2052 | AL46: 2052 | AM46: 2052 | AN46: 2052 | AO46: 2052
D47: Expenses | E47: =NPV($E$15,F47:AO47)*(1+$E$15) -> 0 | F47: =F19 -> 0 | G47: =G19 -> 0 | H47: =H19 -> 0 | I47: =I19 -> 0 | J47: =J19 -> 0 | K47: =K19 -> 0 | L47: =L19 -> 0 | M47: =M19 -> 0 | ... AO47: =AO19 -> 0
D48: Amortization | E48: =NPV($E$15,F48:AO48)*(1+$E$15) -> 1538.0626 | G48: =G44 -> 14.226 | H48: =H44 -> 29.10822 | I48: =I44 -> 44.678369 | J48: =J44 -> 60.969721 | K48: =K44 -> 78.017189 | L48: =L44 -> 95.405606 | M48: =M44 -> 113.14179 | N48: =N44 -> 131.2327 | ... AO48: =AO44 -> 0
D49: Debt Interest | E49: =NPV($E$15,F49:AO49)*(1+$E$15) -> 238.27535 | G49: =F$22*$H10 -> 3.641856 | H49: =G$22*$H10 -> 7.0875187 | I49: =H$22*$H10 -> 10.328307 | J49: =I$22*$H10 -> 13.355126 | K49: =J$22*$H10 -> 16.158453 | L49: =K$22*$H10 -> 18.612648 | M49: =L$22*$H10 -> 20.710728 | N49: =M$22*$H10 -> 22.445571 | ... AO49: =AN$22*$H10 -> 9.094947e-16
D50: Equity Earnings (After Tax) | E50: =NPV($E$15,F50:AO50)*(1+$E$15) -> 301.56724 | G50: =F$22*$H11 -> 4.609224 | H50: =G$22*$H11 -> 8.9701409 | I50: =H$22*$H11 -> 13.071763 | J50: =I$22*$H11 -> 16.902582 | K50: =J$22*$H11 -> 20.450542 | L50: =K$22*$H11 -> 23.556633 | M50: =L$22*$H11 -> 26.212015 | N50: =M$22*$H11 -> 28.407676 | ... AO50: =AN$22*$H11 -> 1.1510792e-15
D51: Total Cost of Capital | E51: =NPV($E$15,F51:AO51)*(1+$E$15) -> 539.84259 | G51: =SUM(G49:G50) -> 8.25108 | H51: =SUM(H49:H50) -> 16.05766 | I51: =SUM(I49:I50) -> 23.400069 | J51: =SUM(J49:J50) -> 30.257708 | K51: =SUM(K49:K50) -> 36.608996 | L51: =SUM(L49:L50) -> 42.169281 | M51: =SUM(M49:M50) -> 46.922743 | N51: =SUM(N49:N50) -> 50.853247 | ... AO51: =SUM(AO49:AO50) -> 2.0605739e-15
D52: Income Taxes | E52: =NPV($E$15,F52:AO52)*(1+$E$15) -> 108.72832 | G52: =G50*($H$14-1) -> 1.6618291 | H52: =H50*($H$14-1) -> 3.2341324 | I52: =I50*($H$14-1) -> 4.7129485 | J52: =J50*($H$14-1) -> 6.0941281 | K52: =K50*($H$14-1) -> 7.3733248 | L52: =L50*($H$14-1) -> 8.4932077 | M52: =M50*($H$14-1) -> 9.4505905 | N52: =N50*($H$14-1) -> 10.242223 | ... AO52: =AO50*($H$14-1) -> 4.1501496e-16
D53: Revenue Requirement | E53: =NPV($E$15,F53:AO53)*(1+$E$15) -> 2044.1909 | F53: =SUM(F48,F51,F47,F52) -> 0 | G53: =SUM(G48,G51,G47,G52) -> 24.138909 | H53: =SUM(H48,H51,H47,H52) -> 48.400012 | I53: =SUM(I48,I51,I47,I52) -> 72.791387 | J53: =SUM(J48,J51,J47,J52) -> 97.321557 | K53: =SUM(K48,K51,K47,K52) -> 121.99951 | L53: =SUM(L48,L51,L47,L52) -> 146.06809 | M53: =SUM(M48,M51,M47,M52) -> 169.51513 | ... AO53: =SUM(AO48,AO51,AO47,AO52) -> 2.4755889e-15
D55: Cash Flow | E55: =NPV($E$15,F55:AO55)*(1+$E$15) -> 7.530736e-13 | F55: =-F8+F53 -> -142.26 | G55: =-G8+G53 -> -124.68329 | H55: =-H8+H53 -> -107.30148 | I55: =-I8+I53 -> -90.12213 | J55: =-J8+J53 -> -73.153123 | K55: =-K8+K53 -> -51.884664 | L55: =-L8+L53 -> -31.293762 | M55: =-M8+M53 -> -11.393968 | ... AO55: =-AO8+AO53 -> 2.4755889e-15
D56: Unamortized Asset Balance | F56: =F22 -> 142.26 | G56: =G22 -> 276.8562 | H56: =H22 -> 403.44947 | I56: =I22 -> 521.68462 | J56: =J22 -> 631.18958 | K56: =K22 -> 727.05657 | L56: =L22 -> 809.01282 | M56: =M22 -> 876.78012 | ... AO56: =AO22 -> 3.5527137e-14

Sheet Am20-5yr
A1: Enbridge: Amortization Analysis
A2: Tax as Capital Investment
D3: Scenario: | E3: Cost Recovery | G3: Amortize | I3: Amortization Cost of Capital | L3: WACC
E4: Portfolio Horizon | G4: 20 | H4: years | I4: Amortiztion Life | L4: 5 | M4: years
B6: Background Data
C7: DSM Portfolio | F7: 2023 | G7: 2024 | H7: 2025 | I7: 2026 | J7: =I7+1 -> 2027 | K7: =J7+1 -> 2028 | L7: =K7+1 -> 2029 | M7: =L7+1 -> 2030 | N7: =M7+1 -> 2031 | O7: =N7+1 -> 2032 | P7: =O7+1 -> 2033 | Q7: =P7+1 -> 2034 | ... AO7: =AN7+1 -> 2058
D8: Investment (millions) | F8: ='Portfolio$'!E6/10^6 -> 142.26 | G8: =IF(G7-$F$7+1>$G$4,0,'Portfolio$'!F6/10^6) -> 148.8222 | H8: =IF(H7-$F$7+1>$G$4,0,'Portfolio$'!G6/10^6) -> 155.70149 | I8: =IF(I7-$F$7+1>$G$4,0,'Portfolio$'!H6/10^6) -> 162.91352 | J8: =IF(J7-$F$7+1>$G$4,0,'Portfolio$'!I6/10^6) -> 170.47468 | K8: =IF(K7-$F$7+1>$G$4,0,J8*1.02) -> 173.88417 | L8: =IF(L7-$F$7+1>$G$4,0,K8*1.02) -> 177.36186 | M8: =IF(M7-$F$7+1>$G$4,0,L8*1.02) -> 180.90909 | N8: =IF(N7-$F$7+1>$G$4,0,M8*1.02) -> 184.52728 | O8: =IF(O7-$F$7+1>$G$4,0,N8*1.02) -> 188.21782 | P8: =IF(P7-$F$7+1>$G$4,0,O8*1.02) -> 191.98218 | Q8: =IF(Q7-$F$7+1>$G$4,0,P8*1.02) -> 195.82182 | R8: =IF(R7-$F$7+1>$G$4,0,Q8*1.02) -> 199.73826 | ... Y8: =IF(Y7-$F$7+1>$G$4,0,X8*1.02) -> 229.43647
C9: Enbridge Capital Structure | F9: Capitalization | G9: After-Tax Return | H9: Weighted | J9: Pre-Tax Return | K9: Weighted
D10: Debt | F10: 0.64 | G10: 0.04 | H10: =F10*G10 -> 0.0256 | J10: 0.04 | K10: =$F10*J10 -> 0.0256
D11: Equity | F11: 0.36 | G11: 0.09 | H11: =F11*G11 -> 0.0324 | J11: =G11*H14 -> 0.12244898 | K11: =$F11*J11 -> 0.044081633
D12: WACC-After-Tax | F12: =SUM(F10:F11) -> 1 | H12: =SUM(H10:H11) -> 0.058 | K12: =SUM(K10:K11) -> 0.069681633
D13: Combined Income Tax Rate | H13: 0.265
D14: Tax Gross Up Factor | H14: =1/(1-H13) -> 1.3605442
C15: Discount Rate | E15: =K12 -> 0.069681633
C16: Amortization Term | E16: =L4 -> 5 | F16: years
B17: Revenue Requirement Calcs
E18: NPV | F18: =F7 -> 2023 | G18: =F18+1 -> 2024 | H18: =G18+1 -> 2025 | I18: =H18+1 -> 2026 | J18: =I18+1 -> 2027 | K18: =J18+1 -> 2028 | L18: =K18+1 -> 2029 | M18: =L18+1 -> 2030 | N18: =M18+1 -> 2031 | ... AO18: =AN18+1 -> 2058
C19: Expenses | E19: =NPV($E$15,F19:AO19)*(1+$H$12) -> 0 | F19: =IF($G$3="Expense",F8,0) -> 0 | G19: =IF($G$3="Expense",G8,0) -> 0 | H19: =IF($G$3="Expense",H8,0) -> 0 | I19: =IF($G$3="Expense",I8,0) -> 0 | J19: =IF($G$3="Expense",J8,0) -> 0 | K19: =IF($G$3="Expense",K8,0) -> 0 | L19: =IF($G$3="Expense",L8,0) -> 0 | M19: =IF($G$3="Expense",M8,0) -> 0 | ... Y19: =IF($G$3="Expense",Y8,0) -> 0
C20: Rate Base
D21: Additions To Rate Base | E21: =NPV($E$15,F21:AO21)*(1+$E$15) -> 2044.1909 | F21: =F8-F19 -> 142.26 | G21: =G8-G19 -> 148.8222 | H21: =H8-H19 -> 155.70149 | I21: =I8-I19 -> 162.91352 | J21: =J8-J19 -> 170.47468 | K21: =K8-K19 -> 173.88417 | L21: =L8-L19 -> 177.36186 | M21: =M8-M19 -> 180.90909 | ... Y21: =Y8-Y19 -> 229.43647
D22: Unamortized Balance (EOY) | F22: =E22+F21-F44 -> 142.26 | G22: =F22+G21-G44 -> 262.6302 | H22: =G22+H21-H44 -> 360.11525 | I22: =H22+I21-I44 -> 433.67203 | J22: =I22+J21-J44 -> 482.20727 | K22: =J22+K21-K44 -> 500.05707 | L22: =K22+L21-L44 -> 515.05971 | M22: =L22+M21-M44 -> 527.90166 | ... AO22: =AN22+AO21-AO44 -> 1.8474111e-13
C23: Amortization
D24: 2023 Investment | E24: =NPV($E$15,F24:AO24)*(1+$E$15) -> 124.89424 | G24: =IF(G$18-F$18<=$E$16,F$21/$E$16,0) -> 28.452 | H24: =IF(H$18-F$18<=$E$16,F$21/$E$16,0) -> 28.452 | I24: =IF(I$18-F$18<=$E$16,F$21/$E$16,0) -> 28.452 | J24: =IF(J$18-F$18<=$E$16,F$21/$E$16,0) -> 28.452 | K24: =IF(K$18-F$18<=$E$16,F$21/$E$16,0) -> 28.452 | L24: =IF(L$18-F$18<=$E$16,F$21/$E$16,0) -> 0 | M24: =IF(M$18-F$18<=$E$16,F$21/$E$16,0) -> 0 | N24: =IF(N$18-F$18<=$E$16,F$21/$E$16,0) -> 0 | O24: =IF(O$18-F$18<=$E$16,F$21/$E$16,0) -> 0 | P24: =IF(P$18-F$18<=$E$16,F$21/$E$16,0) -> 0 | Q24: =IF(Q$18-F$18<=$E$16,F$21/$E$16,0) -> 0 | R24: =IF(R$18-F$18<=$E$16,F$21/$E$16,0) -> 0 | S24: =IF(S$18-F$18<=$E$16,F$21/$E$16,0) -> 0 | T24: =IF(T$18-F$18<=$E$16,F$21/$E$16,0) -> 0 | U24: =IF(U$18-F$18<=$E$16,F$21/$E$16,0) -> 0 | V24: =IF(V$18-F$18<=$E$16,F$21/$E$16,0) -> 0
D25: 2024 Investment | E25: =NPV($E$15,F25:AO25)*(1+$E$15) -> 130.65539 | H25: =IF(H$18-G$18<=$E$16,G$21/$E$16,0) -> 29.76444 | I25: =IF(I$18-G$18<=$E$16,G$21/$E$16,0) -> 29.76444 | J25: =IF(J$18-G$18<=$E$16,G$21/$E$16,0) -> 29.76444 | K25: =IF(K$18-G$18<=$E$16,G$21/$E$16,0) -> 29.76444 | L25: =IF(L$18-G$18<=$E$16,G$21/$E$16,0) -> 29.76444 | M25: =IF(M$18-G$18<=$E$16,G$21/$E$16,0) -> 0 | N25: =IF(N$18-G$18<=$E$16,G$21/$E$16,0) -> 0 | O25: =IF(O$18-G$18<=$E$16,G$21/$E$16,0) -> 0 | P25: =IF(P$18-G$18<=$E$16,G$21/$E$16,0) -> 0 | Q25: =IF(Q$18-G$18<=$E$16,G$21/$E$16,0) -> 0 | R25: =IF(R$18-G$18<=$E$16,G$21/$E$16,0) -> 0 | S25: =IF(S$18-G$18<=$E$16,G$21/$E$16,0) -> 0 | T25: =IF(T$18-G$18<=$E$16,G$21/$E$16,0) -> 0 | U25: =IF(U$18-G$18<=$E$16,G$21/$E$16,0) -> 0 | V25: =IF(V$18-G$18<=$E$16,G$21/$E$16,0) -> 0 | W25: =IF(W$18-G$18<=$E$16,G$21/$E$16,0) -> 0
D26: 2025 Investment | E26: =NPV($E$15,F26:AO26)*(1+$E$15) -> 136.69492 | I26: =IF(I$18-H$18<=$E$16,H$21/$E$16,0) -> 31.140299 | J26: =IF(J$18-H$18<=$E$16,H$21/$E$16,0) -> 31.140299 | K26: =IF(K$18-H$18<=$E$16,H$21/$E$16,0) -> 31.140299 | L26: =IF(L$18-H$18<=$E$16,H$21/$E$16,0) -> 31.140299 | M26: =IF(M$18-H$18<=$E$16,H$21/$E$16,0) -> 31.140299 | N26: =IF(N$18-H$18<=$E$16,H$21/$E$16,0) -> 0 | O26: =IF(O$18-H$18<=$E$16,H$21/$E$16,0) -> 0 | P26: =IF(P$18-H$18<=$E$16,H$21/$E$16,0) -> 0 | Q26: =IF(Q$18-H$18<=$E$16,H$21/$E$16,0) -> 0 | R26: =IF(R$18-H$18<=$E$16,H$21/$E$16,0) -> 0 | S26: =IF(S$18-H$18<=$E$16,H$21/$E$16,0) -> 0 | T26: =IF(T$18-H$18<=$E$16,H$21/$E$16,0) -> 0 | U26: =IF(U$18-H$18<=$E$16,H$21/$E$16,0) -> 0 | V26: =IF(V$18-H$18<=$E$16,H$21/$E$16,0) -> 0 | W26: =IF(W$18-H$18<=$E$16,H$21/$E$16,0) -> 0 | X26: =IF(X$18-H$18<=$E$16,H$21/$E$16,0) -> 0
D27: 2026 Investment | E27: =NPV($E$15,F27:AO27)*(1+$E$15) -> 143.02657 | J27: =IF(J$18-I$18<=$E$16,I$21/$E$16,0) -> 32.582703 | K27: =IF(K$18-I$18<=$E$16,I$21/$E$16,0) -> 32.582703 | L27: =IF(L$18-I$18<=$E$16,I$21/$E$16,0) -> 32.582703 | M27: =IF(M$18-I$18<=$E$16,I$21/$E$16,0) -> 32.582703 | N27: =IF(N$18-I$18<=$E$16,I$21/$E$16,0) -> 32.582703 | O27: =IF(O$18-I$18<=$E$16,I$21/$E$16,0) -> 0 | P27: =IF(P$18-I$18<=$E$16,I$21/$E$16,0) -> 0 | Q27: =IF(Q$18-I$18<=$E$16,I$21/$E$16,0) -> 0 | R27: =IF(R$18-I$18<=$E$16,I$21/$E$16,0) -> 0 | S27: =IF(S$18-I$18<=$E$16,I$21/$E$16,0) -> 0 | T27: =IF(T$18-I$18<=$E$16,I$21/$E$16,0) -> 0 | U27: =IF(U$18-I$18<=$E$16,I$21/$E$16,0) -> 0 | V27: =IF(V$18-I$18<=$E$16,I$21/$E$16,0) -> 0 | W27: =IF(W$18-I$18<=$E$16,I$21/$E$16,0) -> 0 | X27: =IF(X$18-I$18<=$E$16,I$21/$E$16,0) -> 0 | Y27: =IF(Y$18-I$18<=$E$16,I$21/$E$16,0) -> 0
D28: 2027 Investment | E28: =NPV($E$15,F28:AO28)*(1+$E$15) -> 149.66474 | K28: =IF(K$18-J$18<=$E$16,J$21/$E$16,0) -> 34.094936 | L28: =IF(L$18-J$18<=$E$16,J$21/$E$16,0) -> 34.094936 | M28: =IF(M$18-J$18<=$E$16,J$21/$E$16,0) -> 34.094936 | N28: =IF(N$18-J$18<=$E$16,J$21/$E$16,0) -> 34.094936 | O28: =IF(O$18-J$18<=$E$16,J$21/$E$16,0) -> 34.094936 | P28: =IF(P$18-J$18<=$E$16,J$21/$E$16,0) -> 0 | Q28: =IF(Q$18-J$18<=$E$16,J$21/$E$16,0) -> 0 | R28: =IF(R$18-J$18<=$E$16,J$21/$E$16,0) -> 0 | S28: =IF(S$18-J$18<=$E$16,J$21/$E$16,0) -> 0 | T28: =IF(T$18-J$18<=$E$16,J$21/$E$16,0) -> 0 | U28: =IF(U$18-J$18<=$E$16,J$21/$E$16,0) -> 0 | V28: =IF(V$18-J$18<=$E$16,J$21/$E$16,0) -> 0 | W28: =IF(W$18-J$18<=$E$16,J$21/$E$16,0) -> 0 | X28: =IF(X$18-J$18<=$E$16,J$21/$E$16,0) -> 0 | Y28: =IF(Y$18-J$18<=$E$16,J$21/$E$16,0) -> 0 | Z28: =IF(Z$18-J$18<=$E$16,J$21/$E$16,0) -> 0
D29: 2028 Investment | E29: =NPV($E$15,F29:AO29)*(1+$E$15) -> 152.65803 | L29: =IF(L$18-K$18<=$E$16,K$21/$E$16,0) -> 34.776835 | M29: =IF(M$18-K$18<=$E$16,K$21/$E$16,0) -> 34.776835 | N29: =IF(N$18-K$18<=$E$16,K$21/$E$16,0) -> 34.776835 | O29: =IF(O$18-K$18<=$E$16,K$21/$E$16,0) -> 34.776835 | P29: =IF(P$18-K$18<=$E$16,K$21/$E$16,0) -> 34.776835 | Q29: =IF(Q$18-K$18<=$E$16,K$21/$E$16,0) -> 0 | R29: =IF(R$18-K$18<=$E$16,K$21/$E$16,0) -> 0 | S29: =IF(S$18-K$18<=$E$16,K$21/$E$16,0) -> 0 | T29: =IF(T$18-K$18<=$E$16,K$21/$E$16,0) -> 0 | U29: =IF(U$18-K$18<=$E$16,K$21/$E$16,0) -> 0 | V29: =IF(V$18-K$18<=$E$16,K$21/$E$16,0) -> 0 | W29: =IF(W$18-K$18<=$E$16,K$21/$E$16,0) -> 0 | X29: =IF(X$18-K$18<=$E$16,K$21/$E$16,0) -> 0 | Y29: =IF(Y$18-K$18<=$E$16,K$21/$E$16,0) -> 0 | Z29: =IF(Z$18-K$18<=$E$16,K$21/$E$16,0) -> 0 | AA29: =IF(AA$18-K$18<=$E$16,K$21/$E$16,0) -> 0
D30: 2029 Investment | E30: =NPV($E$15,F30:AO30)*(1+$E$15) -> 155.71119 | M30: =IF(M$18-L$18<=$E$16,L$21/$E$16,0) -> 35.472371 | N30: =IF(N$18-L$18<=$E$16,L$21/$E$16,0) -> 35.472371 | O30: =IF(O$18-L$18<=$E$16,L$21/$E$16,0) -> 35.472371 | P30: =IF(P$18-L$18<=$E$16,L$21/$E$16,0) -> 35.472371 | Q30: =IF(Q$18-L$18<=$E$16,L$21/$E$16,0) -> 35.472371 | R30: =IF(R$18-L$18<=$E$16,L$21/$E$16,0) -> 0 | S30: =IF(S$18-L$18<=$E$16,L$21/$E$16,0) -> 0 | T30: =IF(T$18-L$18<=$E$16,L$21/$E$16,0) -> 0 | U30: =IF(U$18-L$18<=$E$16,L$21/$E$16,0) -> 0 | V30: =IF(V$18-L$18<=$E$16,L$21/$E$16,0) -> 0 | W30: =IF(W$18-L$18<=$E$16,L$21/$E$16,0) -> 0 | X30: =IF(X$18-L$18<=$E$16,L$21/$E$16,0) -> 0 | Y30: =IF(Y$18-L$18<=$E$16,L$21/$E$16,0) -> 0 | Z30: =IF(Z$18-L$18<=$E$16,L$21/$E$16,0) -> 0 | AA30: =IF(AA$18-L$18<=$E$16,L$21/$E$16,0) -> 0 | AB30: =IF(AB$18-L$18<=$E$16,L$21/$E$16,0) -> 0
D31: 2030 Investment | E31: =NPV($E$15,F31:AO31)*(1+$E$15) -> 158.82542 | N31: =IF(N$18-M$18<=$E$16,M$21/$E$16,0) -> 36.181819 | O31: =IF(O$18-M$18<=$E$16,M$21/$E$16,0) -> 36.181819 | P31: =IF(P$18-M$18<=$E$16,M$21/$E$16,0) -> 36.181819 | Q31: =IF(Q$18-M$18<=$E$16,M$21/$E$16,0) -> 36.181819 | R31: =IF(R$18-M$18<=$E$16,M$21/$E$16,0) -> 36.181819 | S31: =IF(S$18-M$18<=$E$16,M$21/$E$16,0) -> 0 | T31: =IF(T$18-M$18<=$E$16,M$21/$E$16,0) -> 0 | U31: =IF(U$18-M$18<=$E$16,M$21/$E$16,0) -> 0 | V31: =IF(V$18-M$18<=$E$16,M$21/$E$16,0) -> 0 | W31: =IF(W$18-M$18<=$E$16,M$21/$E$16,0) -> 0 | X31: =IF(X$18-M$18<=$E$16,M$21/$E$16,0) -> 0 | Y31: =IF(Y$18-M$18<=$E$16,M$21/$E$16,0) -> 0 | Z31: =IF(Z$18-M$18<=$E$16,M$21/$E$16,0) -> 0 | AA31: =IF(AA$18-M$18<=$E$16,M$21/$E$16,0) -> 0 | AB31: =IF(AB$18-M$18<=$E$16,M$21/$E$16,0) -> 0 | AC31: =IF(AC$18-M$18<=$E$16,M$21/$E$16,0) -> 0
D32: 2031 Investment | E32: =NPV($E$15,F32:AO32)*(1+$E$15) -> 162.00193 | O32: =IF(O$18-N$18<=$E$16,N$21/$E$16,0) -> 36.905455 | P32: =IF(P$18-N$18<=$E$16,N$21/$E$16,0) -> 36.905455 | Q32: =IF(Q$18-N$18<=$E$16,N$21/$E$16,0) -> 36.905455 | R32: =IF(R$18-N$18<=$E$16,N$21/$E$16,0) -> 36.905455 | S32: =IF(S$18-N$18<=$E$16,N$21/$E$16,0) -> 36.905455 | T32: =IF(T$18-N$18<=$E$16,N$21/$E$16,0) -> 0 | U32: =IF(U$18-N$18<=$E$16,N$21/$E$16,0) -> 0 | V32: =IF(V$18-N$18<=$E$16,N$21/$E$16,0) -> 0 | W32: =IF(W$18-N$18<=$E$16,N$21/$E$16,0) -> 0 | X32: =IF(X$18-N$18<=$E$16,N$21/$E$16,0) -> 0 | Y32: =IF(Y$18-N$18<=$E$16,N$21/$E$16,0) -> 0 | Z32: =IF(Z$18-N$18<=$E$16,N$21/$E$16,0) -> 0 | AA32: =IF(AA$18-N$18<=$E$16,N$21/$E$16,0) -> 0 | AB32: =IF(AB$18-N$18<=$E$16,N$21/$E$16,0) -> 0 | AC32: =IF(AC$18-N$18<=$E$16,N$21/$E$16,0) -> 0 | AD32: =IF(AD$18-N$18<=$E$16,N$21/$E$16,0) -> 0
D33: 2032 Investment | E33: =NPV($E$15,F33:AO33)*(1+$E$15) -> 165.24196 | P33: =IF(P$18-O$18<=$E$16,O$21/$E$16,0) -> 37.643564 | Q33: =IF(Q$18-O$18<=$E$16,O$21/$E$16,0) -> 37.643564 | R33: =IF(R$18-O$18<=$E$16,O$21/$E$16,0) -> 37.643564 | S33: =IF(S$18-O$18<=$E$16,O$21/$E$16,0) -> 37.643564 | T33: =IF(T$18-O$18<=$E$16,O$21/$E$16,0) -> 37.643564 | U33: =IF(U$18-O$18<=$E$16,O$21/$E$16,0) -> 0 | V33: =IF(V$18-O$18<=$E$16,O$21/$E$16,0) -> 0 | W33: =IF(W$18-O$18<=$E$16,O$21/$E$16,0) -> 0 | X33: =IF(X$18-O$18<=$E$16,O$21/$E$16,0) -> 0 | Y33: =IF(Y$18-O$18<=$E$16,O$21/$E$16,0) -> 0 | Z33: =IF(Z$18-O$18<=$E$16,O$21/$E$16,0) -> 0 | AA33: =IF(AA$18-O$18<=$E$16,O$21/$E$16,0) -> 0 | AB33: =IF(AB$18-O$18<=$E$16,O$21/$E$16,0) -> 0 | AC33: =IF(AC$18-O$18<=$E$16,O$21/$E$16,0) -> 0 | AD33: =IF(AD$18-O$18<=$E$16,O$21/$E$16,0) -> 0 | AE33: =IF(AE$18-O$18<=$E$16,O$21/$E$16,0) -> 0
D34: 2033 Investment | E34: =NPV($E$15,F34:AO34)*(1+$E$15) -> 168.5468 | Q34: =IF(Q$18-P$18<=$E$16,P$21/$E$16,0) -> 38.396436 | R34: =IF(R$18-P$18<=$E$16,P$21/$E$16,0) -> 38.396436 | S34: =IF(S$18-P$18<=$E$16,P$21/$E$16,0) -> 38.396436 | T34: =IF(T$18-P$18<=$E$16,P$21/$E$16,0) -> 38.396436 | U34: =IF(U$18-P$18<=$E$16,P$21/$E$16,0) -> 38.396436 | V34: =IF(V$18-P$18<=$E$16,P$21/$E$16,0) -> 0 | W34: =IF(W$18-P$18<=$E$16,P$21/$E$16,0) -> 0 | X34: =IF(X$18-P$18<=$E$16,P$21/$E$16,0) -> 0 | Y34: =IF(Y$18-P$18<=$E$16,P$21/$E$16,0) -> 0 | Z34: =IF(Z$18-P$18<=$E$16,P$21/$E$16,0) -> 0 | AA34: =IF(AA$18-P$18<=$E$16,P$21/$E$16,0) -> 0 | AB34: =IF(AB$18-P$18<=$E$16,P$21/$E$16,0) -> 0 | AC34: =IF(AC$18-P$18<=$E$16,P$21/$E$16,0) -> 0 | AD34: =IF(AD$18-P$18<=$E$16,P$21/$E$16,0) -> 0 | AE34: =IF(AE$18-P$18<=$E$16,P$21/$E$16,0) -> 0 | AF34: =IF(AF$18-P$18<=$E$16,P$21/$E$16,0) -> 0
D35: 2034 Investment | E35: =NPV($E$15,F35:AO35)*(1+$E$15) -> 171.91774 | R35: =IF(R$18-Q$18<=$E$16,Q$21/$E$16,0) -> 39.164364 | S35: =IF(S$18-Q$18<=$E$16,Q$21/$E$16,0) -> 39.164364 | T35: =IF(T$18-Q$18<=$E$16,Q$21/$E$16,0) -> 39.164364 | U35: =IF(U$18-Q$18<=$E$16,Q$21/$E$16,0) -> 39.164364 | V35: =IF(V$18-Q$18<=$E$16,Q$21/$E$16,0) -> 39.164364 | W35: =IF(W$18-Q$18<=$E$16,Q$21/$E$16,0) -> 0 | X35: =IF(X$18-Q$18<=$E$16,Q$21/$E$16,0) -> 0 | Y35: =IF(Y$18-Q$18<=$E$16,Q$21/$E$16,0) -> 0 | Z35: =IF(Z$18-Q$18<=$E$16,Q$21/$E$16,0) -> 0 | AA35: =IF(AA$18-Q$18<=$E$16,Q$21/$E$16,0) -> 0 | AB35: =IF(AB$18-Q$18<=$E$16,Q$21/$E$16,0) -> 0 | AC35: =IF(AC$18-Q$18<=$E$16,Q$21/$E$16,0) -> 0 | AD35: =IF(AD$18-Q$18<=$E$16,Q$21/$E$16,0) -> 0 | AE35: =IF(AE$18-Q$18<=$E$16,Q$21/$E$16,0) -> 0 | AF35: =IF(AF$18-Q$18<=$E$16,Q$21/$E$16,0) -> 0 | AG35: =IF(AG$18-Q$18<=$E$16,Q$21/$E$16,0) -> 0
D36: 2035 Investment | E36: =NPV($E$15,F36:AO36)*(1+$E$15) -> 175.35609 | S36: =IF(S$18-R$18<=$E$16,R$21/$E$16,0) -> 39.947652 | T36: =IF(T$18-R$18<=$E$16,R$21/$E$16,0) -> 39.947652 | U36: =IF(U$18-R$18<=$E$16,R$21/$E$16,0) -> 39.947652 | V36: =IF(V$18-R$18<=$E$16,R$21/$E$16,0) -> 39.947652 | W36: =IF(W$18-R$18<=$E$16,R$21/$E$16,0) -> 39.947652 | X36: =IF(X$18-R$18<=$E$16,R$21/$E$16,0) -> 0 | Y36: =IF(Y$18-R$18<=$E$16,R$21/$E$16,0) -> 0 | Z36: =IF(Z$18-R$18<=$E$16,R$21/$E$16,0) -> 0 | AA36: =IF(AA$18-R$18<=$E$16,R$21/$E$16,0) -> 0 | AB36: =IF(AB$18-R$18<=$E$16,R$21/$E$16,0) -> 0 | AC36: =IF(AC$18-R$18<=$E$16,R$21/$E$16,0) -> 0 | AD36: =IF(AD$18-R$18<=$E$16,R$21/$E$16,0) -> 0 | AE36: =IF(AE$18-R$18<=$E$16,R$21/$E$16,0) -> 0 | AF36: =IF(AF$18-R$18<=$E$16,R$21/$E$16,0) -> 0 | AG36: =IF(AG$18-R$18<=$E$16,R$21/$E$16,0) -> 0 | AH36: =IF(AH$18-R$18<=$E$16,R$21/$E$16,0) -> 0
D37: 2036 Investment | E37: =NPV($E$15,F37:AO37)*(1+$E$15) -> 178.86322 | T37: =IF(T$18-S$18<=$E$16,S$21/$E$16,0) -> 40.746605 | U37: =IF(U$18-S$18<=$E$16,S$21/$E$16,0) -> 40.746605 | V37: =IF(V$18-S$18<=$E$16,S$21/$E$16,0) -> 40.746605 | W37: =IF(W$18-S$18<=$E$16,S$21/$E$16,0) -> 40.746605 | X37: =IF(X$18-S$18<=$E$16,S$21/$E$16,0) -> 40.746605 | Y37: =IF(Y$18-S$18<=$E$16,S$21/$E$16,0) -> 0 | Z37: =IF(Z$18-S$18<=$E$16,S$21/$E$16,0) -> 0 | AA37: =IF(AA$18-S$18<=$E$16,S$21/$E$16,0) -> 0 | AB37: =IF(AB$18-S$18<=$E$16,S$21/$E$16,0) -> 0 | AC37: =IF(AC$18-S$18<=$E$16,S$21/$E$16,0) -> 0 | AD37: =IF(AD$18-S$18<=$E$16,S$21/$E$16,0) -> 0 | AE37: =IF(AE$18-S$18<=$E$16,S$21/$E$16,0) -> 0 | AF37: =IF(AF$18-S$18<=$E$16,S$21/$E$16,0) -> 0 | AG37: =IF(AG$18-S$18<=$E$16,S$21/$E$16,0) -> 0 | AH37: =IF(AH$18-S$18<=$E$16,S$21/$E$16,0) -> 0 | AI37: =IF(AI$18-S$18<=$E$16,S$21/$E$16,0) -> 0
D38: 2037 Investment | E38: =NPV($E$15,F38:AO38)*(1+$E$15) -> 182.44048 | U38: =IF(U$18-T$18<=$E$16,T$21/$E$16,0) -> 41.561537 | V38: =IF(V$18-T$18<=$E$16,T$21/$E$16,0) -> 41.561537 | W38: =IF(W$18-T$18<=$E$16,T$21/$E$16,0) -> 41.561537 | X38: =IF(X$18-T$18<=$E$16,T$21/$E$16,0) -> 41.561537 | Y38: =IF(Y$18-T$18<=$E$16,T$21/$E$16,0) -> 41.561537 | Z38: =IF(Z$18-T$18<=$E$16,T$21/$E$16,0) -> 0 | AA38: =IF(AA$18-T$18<=$E$16,T$21/$E$16,0) -> 0 | AB38: =IF(AB$18-T$18<=$E$16,T$21/$E$16,0) -> 0 | AC38: =IF(AC$18-T$18<=$E$16,T$21/$E$16,0) -> 0 | AD38: =IF(AD$18-T$18<=$E$16,T$21/$E$16,0) -> 0 | AE38: =IF(AE$18-T$18<=$E$16,T$21/$E$16,0) -> 0 | AF38: =IF(AF$18-T$18<=$E$16,T$21/$E$16,0) -> 0 | AG38: =IF(AG$18-T$18<=$E$16,T$21/$E$16,0) -> 0 | AH38: =IF(AH$18-T$18<=$E$16,T$21/$E$16,0) -> 0 | AI38: =IF(AI$18-T$18<=$E$16,T$21/$E$16,0) -> 0 | AJ38: =IF(AJ$18-T$18<=$E$16,T$21/$E$16,0) -> 0
D39: 2038 Investment | E39: =NPV($E$15,F39:AO39)*(1+$E$15) -> 186.08929 | V39: =IF(V$18-U$18<=$E$16,U$21/$E$16,0) -> 42.392767 | W39: =IF(W$18-U$18<=$E$16,U$21/$E$16,0) -> 42.392767 | X39: =IF(X$18-U$18<=$E$16,U$21/$E$16,0) -> 42.392767 | Y39: =IF(Y$18-U$18<=$E$16,U$21/$E$16,0) -> 42.392767 | Z39: =IF(Z$18-U$18<=$E$16,U$21/$E$16,0) -> 42.392767 | AA39: =IF(AA$18-U$18<=$E$16,U$21/$E$16,0) -> 0 | AB39: =IF(AB$18-U$18<=$E$16,U$21/$E$16,0) -> 0 | AC39: =IF(AC$18-U$18<=$E$16,U$21/$E$16,0) -> 0 | AD39: =IF(AD$18-U$18<=$E$16,U$21/$E$16,0) -> 0 | AE39: =IF(AE$18-U$18<=$E$16,U$21/$E$16,0) -> 0 | AF39: =IF(AF$18-U$18<=$E$16,U$21/$E$16,0) -> 0 | AG39: =IF(AG$18-U$18<=$E$16,U$21/$E$16,0) -> 0 | AH39: =IF(AH$18-U$18<=$E$16,U$21/$E$16,0) -> 0 | AI39: =IF(AI$18-U$18<=$E$16,U$21/$E$16,0) -> 0 | AJ39: =IF(AJ$18-U$18<=$E$16,U$21/$E$16,0) -> 0 | AK39: =IF(AK$18-U$18<=$E$16,U$21/$E$16,0) -> 0
D40: 2039 Investment | E40: =NPV($E$15,F40:AO40)*(1+$E$15) -> 189.81108 | W40: =IF(W$18-V$18<=$E$16,V$21/$E$16,0) -> 43.240623 | X40: =IF(X$18-V$18<=$E$16,V$21/$E$16,0) -> 43.240623 | Y40: =IF(Y$18-V$18<=$E$16,V$21/$E$16,0) -> 43.240623 | Z40: =IF(Z$18-V$18<=$E$16,V$21/$E$16,0) -> 43.240623 | AA40: =IF(AA$18-V$18<=$E$16,V$21/$E$16,0) -> 43.240623 | AB40: =IF(AB$18-V$18<=$E$16,V$21/$E$16,0) -> 0 | AC40: =IF(AC$18-V$18<=$E$16,V$21/$E$16,0) -> 0 | AD40: =IF(AD$18-V$18<=$E$16,V$21/$E$16,0) -> 0 | AE40: =IF(AE$18-V$18<=$E$16,V$21/$E$16,0) -> 0 | AF40: =IF(AF$18-V$18<=$E$16,V$21/$E$16,0) -> 0 | AG40: =IF(AG$18-V$18<=$E$16,V$21/$E$16,0) -> 0 | AH40: =IF(AH$18-V$18<=$E$16,V$21/$E$16,0) -> 0 | AI40: =IF(AI$18-V$18<=$E$16,V$21/$E$16,0) -> 0 | AJ40: =IF(AJ$18-V$18<=$E$16,V$21/$E$16,0) -> 0 | AK40: =IF(AK$18-V$18<=$E$16,V$21/$E$16,0) -> 0 | AL40: =IF(AL$18-V$18<=$E$16,V$21/$E$16,0) -> 0
D41: 2040 Investment | E41: =NPV($E$15,F41:AO41)*(1+$E$15) -> 193.6073 | X41: =IF(X$18-W$18<=$E$16,W$21/$E$16,0) -> 44.105435 | Y41: =IF(Y$18-W$18<=$E$16,W$21/$E$16,0) -> 44.105435 | Z41: =IF(Z$18-W$18<=$E$16,W$21/$E$16,0) -> 44.105435 | AA41: =IF(AA$18-W$18<=$E$16,W$21/$E$16,0) -> 44.105435 | AB41: =IF(AB$18-W$18<=$E$16,W$21/$E$16,0) -> 44.105435 | AC41: =IF(AC$18-W$18<=$E$16,W$21/$E$16,0) -> 0 | AD41: =IF(AD$18-W$18<=$E$16,W$21/$E$16,0) -> 0 | AE41: =IF(AE$18-W$18<=$E$16,W$21/$E$16,0) -> 0 | AF41: =IF(AF$18-W$18<=$E$16,W$21/$E$16,0) -> 0 | AG41: =IF(AG$18-W$18<=$E$16,W$21/$E$16,0) -> 0 | AH41: =IF(AH$18-W$18<=$E$16,W$21/$E$16,0) -> 0 | AI41: =IF(AI$18-W$18<=$E$16,W$21/$E$16,0) -> 0 | AJ41: =IF(AJ$18-W$18<=$E$16,W$21/$E$16,0) -> 0 | AK41: =IF(AK$18-W$18<=$E$16,W$21/$E$16,0) -> 0 | AL41: =IF(AL$18-W$18<=$E$16,W$21/$E$16,0) -> 0 | AM41: =IF(AM$18-W$18<=$E$16,W$21/$E$16,0) -> 0
D42: 2041 Investment | E42: =NPV($E$15,F42:AO42)*(1+$E$15) -> 197.47944 | Y42: =IF(Y$18-X$18<=$E$16,X$21/$E$16,0) -> 44.987544 | Z42: =IF(Z$18-X$18<=$E$16,X$21/$E$16,0) -> 44.987544 | AA42: =IF(AA$18-X$18<=$E$16,X$21/$E$16,0) -> 44.987544 | AB42: =IF(AB$18-X$18<=$E$16,X$21/$E$16,0) -> 44.987544 | AC42: =IF(AC$18-X$18<=$E$16,X$21/$E$16,0) -> 44.987544 | AD42: =IF(AD$18-X$18<=$E$16,X$21/$E$16,0) -> 0 | AE42: =IF(AE$18-X$18<=$E$16,X$21/$E$16,0) -> 0 | AF42: =IF(AF$18-X$18<=$E$16,X$21/$E$16,0) -> 0 | AG42: =IF(AG$18-X$18<=$E$16,X$21/$E$16,0) -> 0 | AH42: =IF(AH$18-X$18<=$E$16,X$21/$E$16,0) -> 0 | AI42: =IF(AI$18-X$18<=$E$16,X$21/$E$16,0) -> 0 | AJ42: =IF(AJ$18-X$18<=$E$16,X$21/$E$16,0) -> 0 | AK42: =IF(AK$18-X$18<=$E$16,X$21/$E$16,0) -> 0 | AL42: =IF(AL$18-X$18<=$E$16,X$21/$E$16,0) -> 0 | AM42: =IF(AM$18-X$18<=$E$16,X$21/$E$16,0) -> 0 | AN42: =IF(AN$18-X$18<=$E$16,X$21/$E$16,0) -> 0
D43: 2042 Investment | E43: =NPV($E$15,F43:AO43)*(1+$E$15) -> 201.42903 | Z43: =IF(Z$18-Y$18<=$E$16,Y$21/$E$16,0) -> 45.887295 | AA43: =IF(AA$18-Y$18<=$E$16,Y$21/$E$16,0) -> 45.887295 | AB43: =IF(AB$18-Y$18<=$E$16,Y$21/$E$16,0) -> 45.887295 | AC43: =IF(AC$18-Y$18<=$E$16,Y$21/$E$16,0) -> 45.887295 | AD43: =IF(AD$18-Y$18<=$E$16,Y$21/$E$16,0) -> 45.887295 | AE43: =IF(AE$18-Y$18<=$E$16,Y$21/$E$16,0) -> 0 | AF43: =IF(AF$18-Y$18<=$E$16,Y$21/$E$16,0) -> 0 | AG43: =IF(AG$18-Y$18<=$E$16,Y$21/$E$16,0) -> 0 | AH43: =IF(AH$18-Y$18<=$E$16,Y$21/$E$16,0) -> 0 | AI43: =IF(AI$18-Y$18<=$E$16,Y$21/$E$16,0) -> 0 | AJ43: =IF(AJ$18-Y$18<=$E$16,Y$21/$E$16,0) -> 0 | AK43: =IF(AK$18-Y$18<=$E$16,Y$21/$E$16,0) -> 0 | AL43: =IF(AL$18-Y$18<=$E$16,Y$21/$E$16,0) -> 0 | AM43: =IF(AM$18-Y$18<=$E$16,Y$21/$E$16,0) -> 0 | AN43: =IF(AN$18-Y$18<=$E$16,Y$21/$E$16,0) -> 0 | AO43: =IF(AO$18-Y$18<=$E$16,Y$21/$E$16,0) -> 0
D44: Total | E44: =NPV($E$15,F44:AO44)*(1+$E$15) -> 1677.7472 | F44: =SUM(F24:F43) -> 0 | G44: =SUM(G24:G43) -> 28.452 | H44: =SUM(H24:H43) -> 58.21644 | I44: =SUM(I24:I43) -> 89.356739 | J44: =SUM(J24:J43) -> 121.93944 | K44: =SUM(K24:K43) -> 156.03438 | L44: =SUM(L24:L43) -> 162.35921 | M44: =SUM(M24:M43) -> 168.06714 | ... AO44: =SUM(AO24:AO43) -> 0
B45: Summary
E46: NPV | F46: 2023 | G46: 2024 | H46: 2025 | I46: 2026 | J46: 2027 | K46: 2028 | L46: 2029 | M46: 2030 | N46: 2031 | O46: 2032 | P46: 2033 | Q46: 2034 | R46: 2035 | S46: 2036 | T46: 2037 | U46: 2038 | V46: 2039 | W46: 2040 | X46: 2041 | Y46: 2042 | Z46: 2043 | AA46: 2044 | AB46: 2045 | AC46: 2046 | AD46: 2047 | AE46: 2048 | AF46: 2049 | AG46: 2050 | AH46: 2051 | AI46: 2052 | AJ46: 2052 | AK46: 2052 | AL46: 2052 | AM46: 2052 | AN46: 2052 | AO46: 2052
D47: Expenses | E47: =NPV($E$15,F47:AO47)*(1+$E$15) -> 0 | F47: =F19 -> 0 | G47: =G19 -> 0 | H47: =H19 -> 0 | I47: =I19 -> 0 | J47: =J19 -> 0 | K47: =K19 -> 0 | L47: =L19 -> 0 | M47: =M19 -> 0 | ... AO47: =AO19 -> 0
D48: Amortization | E48: =NPV($E$15,F48:AO48)*(1+$E$15) -> 1794.6554 | G48: =G44 -> 28.452 | H48: =H44 -> 58.21644 | I48: =I44 -> 89.356739 | J48: =J44 -> 121.93944 | K48: =K44 -> 156.03438 | L48: =L44 -> 162.35921 | M48: =M44 -> 168.06714 | N48: =N44 -> 173.10866 | ... AO48: =AO44 -> 0
D49: Debt Interest | E49: =NPV($E$15,F49:AO49)*(1+$E$15) -> 144.00696 | G49: =F$22*$H10 -> 3.641856 | H49: =G$22*$H10 -> 6.7233331 | I49: =H$22*$H10 -> 9.2189505 | J49: =I$22*$H10 -> 11.102004 | K49: =J$22*$H10 -> 12.344506 | L49: =K$22*$H10 -> 12.801461 | M49: =L$22*$H10 -> 13.185529 | N49: =M$22*$H10 -> 13.514282 | ... AO49: =AN$22*$H10 -> 4.7293724e-15
D50: Equity Earnings (After Tax) | E50: =NPV($E$15,F50:AO50)*(1+$E$15) -> 182.25881 | G50: =F$22*$H11 -> 4.609224 | H50: =G$22*$H11 -> 8.5092185 | I50: =H$22*$H11 -> 11.667734 | J50: =I$22*$H11 -> 14.050974 | K50: =J$22*$H11 -> 15.623516 | L50: =K$22*$H11 -> 16.201849 | M50: =L$22*$H11 -> 16.687935 | N50: =M$22*$H11 -> 17.104014 | ... AO50: =AN$22*$H11 -> 5.985612e-15
D51: Total Cost of Capital | E51: =NPV($E$15,F51:AO51)*(1+$E$15) -> 326.26576 | G51: =SUM(G49:G50) -> 8.25108 | H51: =SUM(H49:H50) -> 15.232552 | I51: =SUM(I49:I50) -> 20.886685 | J51: =SUM(J49:J50) -> 25.152978 | K51: =SUM(K49:K50) -> 27.968022 | L51: =SUM(L49:L50) -> 29.00331 | M51: =SUM(M49:M50) -> 29.873463 | N51: =SUM(N49:N50) -> 30.618296 | ... AO51: =SUM(AO49:AO50) -> 1.0714984e-14
D52: Income Taxes | E52: =NPV($E$15,F52:AO52)*(1+$E$15) -> 65.712359 | G52: =G50*($H$14-1) -> 1.6618291 | H52: =H50*($H$14-1) -> 3.0679495 | I52: =I50*($H$14-1) -> 4.2067341 | J52: =J50*($H$14-1) -> 5.0659974 | K52: =K50*($H$14-1) -> 5.6329682 | L52: =L50*($H$14-1) -> 5.8414829 | M52: =M50*($H$14-1) -> 6.0167383 | N52: =N50*($H$14-1) -> 6.1667533 | ... AO52: =AO50*($H$14-1) -> 2.1580778e-15
D53: Revenue Requirement | E53: =NPV($E$15,F53:AO53)*(1+$E$15) -> 2044.1909 | F53: =SUM(F48,F51,F47,F52) -> 0 | G53: =SUM(G48,G51,G47,G52) -> 38.364909 | H53: =SUM(H48,H51,H47,H52) -> 76.516941 | I53: =SUM(I48,I51,I47,I52) -> 114.45016 | J53: =SUM(J48,J51,J47,J52) -> 152.15842 | K53: =SUM(K48,K51,K47,K52) -> 189.63537 | L53: =SUM(L48,L51,L47,L52) -> 197.20401 | M53: =SUM(M48,M51,M47,M52) -> 203.95735 | ... AO53: =SUM(AO48,AO51,AO47,AO52) -> 1.2873062e-14
D55: Cash Flow | E55: =NPV($E$15,F55:AO55)*(1+$E$15) -> 6.6934418e-13 | F55: =-F8+F53 -> -142.26 | G55: =-G8+G53 -> -110.45729 | H55: =-H8+H53 -> -79.184553 | I55: =-I8+I53 -> -48.463359 | J55: =-J8+J53 -> -18.316263 | K55: =-K8+K53 -> 15.751194 | L55: =-L8+L53 -> 19.842149 | M55: =-M8+M53 -> 23.048252 | ... AO55: =-AO8+AO53 -> 1.2873062e-14
D56: Unamortized Asset Balance | F56: =F22 -> 142.26 | G56: =G22 -> 262.6302 | H56: =H22 -> 360.11525 | I56: =I22 -> 433.67203 | J56: =J22 -> 482.20727 | K56: =K22 -> 500.05707 | L56: =L22 -> 515.05971 | M56: =M22 -> 527.90166 | ... AO56: =AO22 -> 1.8474111e-13

Sheet Am20-16yr
A1: Enbridge: Amortization Analysis
A2: Tax as Capital Investment
D3: Scenario: | E3: Cost Recovery | G3: Amortize | I3: Amortization Cost of Capital | L3: WACC
E4: Portfolio Horizon | G4: 20 | H4: years | I4: Amortiztion Life | L4: 16 | M4: years
B6: Background Data
C7: DSM Portfolio | F7: 2023 | G7: 2024 | H7: 2025 | I7: 2026 | J7: =I7+1 -> 2027 | K7: =J7+1 -> 2028 | L7: =K7+1 -> 2029 | M7: =L7+1 -> 2030 | N7: =M7+1 -> 2031 | O7: =N7+1 -> 2032 | P7: =O7+1 -> 2033 | Q7: =P7+1 -> 2034 | ... AO7: =AN7+1 -> 2058
D8: Investment (millions) | F8: ='Portfolio$'!E6/10^6 -> 142.26 | G8: =IF(G7-$F$7+1>$G$4,0,'Portfolio$'!F6/10^6) -> 148.8222 | H8: =IF(H7-$F$7+1>$G$4,0,'Portfolio$'!G6/10^6) -> 155.70149 | I8: =IF(I7-$F$7+1>$G$4,0,'Portfolio$'!H6/10^6) -> 162.91352 | J8: =IF(J7-$F$7+1>$G$4,0,'Portfolio$'!I6/10^6) -> 170.47468 | K8: =IF(K7-$F$7+1>$G$4,0,J8*1.02) -> 173.88417 | L8: =IF(L7-$F$7+1>$G$4,0,K8*1.02) -> 177.36186 | M8: =IF(M7-$F$7+1>$G$4,0,L8*1.02) -> 180.90909 | N8: =IF(N7-$F$7+1>$G$4,0,M8*1.02) -> 184.52728 | O8: =IF(O7-$F$7+1>$G$4,0,N8*1.02) -> 188.21782 | P8: =IF(P7-$F$7+1>$G$4,0,O8*1.02) -> 191.98218 | Q8: =IF(Q7-$F$7+1>$G$4,0,P8*1.02) -> 195.82182 | R8: =IF(R7-$F$7+1>$G$4,0,Q8*1.02) -> 199.73826 | ... Y8: =IF(Y7-$F$7+1>$G$4,0,X8*1.02) -> 229.43647
C9: Enbridge Capital Structure | F9: Capitalization | G9: After-Tax Return | H9: Weighted | J9: Pre-Tax Return | K9: Weighted
D10: Debt | F10: 0.64 | G10: 0.04 | H10: =F10*G10 -> 0.0256 | J10: 0.04 | K10: =$F10*J10 -> 0.0256
D11: Equity | F11: 0.36 | G11: 0.09 | H11: =F11*G11 -> 0.0324 | J11: =G11*H14 -> 0.12244898 | K11: =$F11*J11 -> 0.044081633
D12: WACC-After-Tax | F12: =SUM(F10:F11) -> 1 | H12: =SUM(H10:H11) -> 0.058 | K12: =SUM(K10:K11) -> 0.069681633
D13: Combined Income Tax Rate | H13: 0.265
D14: Tax Gross Up Factor | H14: =1/(1-H13) -> 1.3605442
C15: Discount Rate | E15: =K12 -> 0.069681633
C16: Amortization Term | E16: =L4 -> 16 | F16: years
B17: Revenue Requirement Calcs
E18: NPV | F18: =F7 -> 2023 | G18: =F18+1 -> 2024 | H18: =G18+1 -> 2025 | I18: =H18+1 -> 2026 | J18: =I18+1 -> 2027 | K18: =J18+1 -> 2028 | L18: =K18+1 -> 2029 | M18: =L18+1 -> 2030 | N18: =M18+1 -> 2031 | ... AO18: =AN18+1 -> 2058
C19: Expenses | E19: =NPV($E$15,F19:AO19)*(1+$H$12) -> 0 | F19: =IF($G$3="Expense",F8,0) -> 0 | G19: =IF($G$3="Expense",G8,0) -> 0 | H19: =IF($G$3="Expense",H8,0) -> 0 | I19: =IF($G$3="Expense",I8,0) -> 0 | J19: =IF($G$3="Expense",J8,0) -> 0 | K19: =IF($G$3="Expense",K8,0) -> 0 | L19: =IF($G$3="Expense",L8,0) -> 0 | M19: =IF($G$3="Expense",M8,0) -> 0 | ... Y19: =IF($G$3="Expense",Y8,0) -> 0
C20: Rate Base
D21: Additions To Rate Base | E21: =NPV($E$15,F21:AO21)*(1+$E$15) -> 2044.1909 | F21: =F8-F19 -> 142.26 | G21: =G8-G19 -> 148.8222 | H21: =H8-H19 -> 155.70149 | I21: =I8-I19 -> 162.91352 | J21: =J8-J19 -> 170.47468 | K21: =K8-K19 -> 173.88417 | L21: =L8-L19 -> 177.36186 | M21: =M8-M19 -> 180.90909 | ... Y21: =Y8-Y19 -> 229.43647
D22: Unamortized Balance (EOY) | F22: =E22+F21-F44 -> 142.26 | G22: =F22+G21-G44 -> 282.19095 | H22: =G22+H21-H44 -> 419.69981 | I22: =H22+I21-I44 -> 554.68934 | J22: =I22+J21-J44 -> 687.05795 | K22: =J22+K21-K44 -> 812.18138 | L22: =K22+L21-L44 -> 929.91473 | M22: =L22+M21-M44 -> 1040.1102 | ... AO22: =AN22+AO21-AO44 -> 1.7941204e-13
C23: Amortization
D24: 2023 Investment | E24: =NPV($E$15,F24:AO24)*(1+$E$15) -> 90.035083 | G24: =IF(G$18-F$18<=$E$16,F$21/$E$16,0) -> 8.89125 | H24: =IF(H$18-F$18<=$E$16,F$21/$E$16,0) -> 8.89125 | I24: =IF(I$18-F$18<=$E$16,F$21/$E$16,0) -> 8.89125 | J24: =IF(J$18-F$18<=$E$16,F$21/$E$16,0) -> 8.89125 | K24: =IF(K$18-F$18<=$E$16,F$21/$E$16,0) -> 8.89125 | L24: =IF(L$18-F$18<=$E$16,F$21/$E$16,0) -> 8.89125 | M24: =IF(M$18-F$18<=$E$16,F$21/$E$16,0) -> 8.89125 | N24: =IF(N$18-F$18<=$E$16,F$21/$E$16,0) -> 8.89125 | O24: =IF(O$18-F$18<=$E$16,F$21/$E$16,0) -> 8.89125 | P24: =IF(P$18-F$18<=$E$16,F$21/$E$16,0) -> 8.89125 | Q24: =IF(Q$18-F$18<=$E$16,F$21/$E$16,0) -> 8.89125 | R24: =IF(R$18-F$18<=$E$16,F$21/$E$16,0) -> 8.89125 | S24: =IF(S$18-F$18<=$E$16,F$21/$E$16,0) -> 8.89125 | T24: =IF(T$18-F$18<=$E$16,F$21/$E$16,0) -> 8.89125 | U24: =IF(U$18-F$18<=$E$16,F$21/$E$16,0) -> 8.89125 | V24: =IF(V$18-F$18<=$E$16,F$21/$E$16,0) -> 8.89125
D25: 2024 Investment | E25: =NPV($E$15,F25:AO25)*(1+$E$15) -> 94.188241 | H25: =IF(H$18-G$18<=$E$16,G$21/$E$16,0) -> 9.3013875 | I25: =IF(I$18-G$18<=$E$16,G$21/$E$16,0) -> 9.3013875 | J25: =IF(J$18-G$18<=$E$16,G$21/$E$16,0) -> 9.3013875 | K25: =IF(K$18-G$18<=$E$16,G$21/$E$16,0) -> 9.3013875 | L25: =IF(L$18-G$18<=$E$16,G$21/$E$16,0) -> 9.3013875 | M25: =IF(M$18-G$18<=$E$16,G$21/$E$16,0) -> 9.3013875 | N25: =IF(N$18-G$18<=$E$16,G$21/$E$16,0) -> 9.3013875 | O25: =IF(O$18-G$18<=$E$16,G$21/$E$16,0) -> 9.3013875 | P25: =IF(P$18-G$18<=$E$16,G$21/$E$16,0) -> 9.3013875 | Q25: =IF(Q$18-G$18<=$E$16,G$21/$E$16,0) -> 9.3013875 | R25: =IF(R$18-G$18<=$E$16,G$21/$E$16,0) -> 9.3013875 | S25: =IF(S$18-G$18<=$E$16,G$21/$E$16,0) -> 9.3013875 | T25: =IF(T$18-G$18<=$E$16,G$21/$E$16,0) -> 9.3013875 | U25: =IF(U$18-G$18<=$E$16,G$21/$E$16,0) -> 9.3013875 | V25: =IF(V$18-G$18<=$E$16,G$21/$E$16,0) -> 9.3013875 | W25: =IF(W$18-G$18<=$E$16,G$21/$E$16,0) -> 9.3013875
D26: 2025 Investment | E26: =NPV($E$15,F26:AO26)*(1+$E$15) -> 98.542085 | I26: =IF(I$18-H$18<=$E$16,H$21/$E$16,0) -> 9.7313434 | J26: =IF(J$18-H$18<=$E$16,H$21/$E$16,0) -> 9.7313434 | K26: =IF(K$18-H$18<=$E$16,H$21/$E$16,0) -> 9.7313434 | L26: =IF(L$18-H$18<=$E$16,H$21/$E$16,0) -> 9.7313434 | M26: =IF(M$18-H$18<=$E$16,H$21/$E$16,0) -> 9.7313434 | N26: =IF(N$18-H$18<=$E$16,H$21/$E$16,0) -> 9.7313434 | O26: =IF(O$18-H$18<=$E$16,H$21/$E$16,0) -> 9.7313434 | P26: =IF(P$18-H$18<=$E$16,H$21/$E$16,0) -> 9.7313434 | Q26: =IF(Q$18-H$18<=$E$16,H$21/$E$16,0) -> 9.7313434 | R26: =IF(R$18-H$18<=$E$16,H$21/$E$16,0) -> 9.7313434 | S26: =IF(S$18-H$18<=$E$16,H$21/$E$16,0) -> 9.7313434 | T26: =IF(T$18-H$18<=$E$16,H$21/$E$16,0) -> 9.7313434 | U26: =IF(U$18-H$18<=$E$16,H$21/$E$16,0) -> 9.7313434 | V26: =IF(V$18-H$18<=$E$16,H$21/$E$16,0) -> 9.7313434 | W26: =IF(W$18-H$18<=$E$16,H$21/$E$16,0) -> 9.7313434 | X26: =IF(X$18-H$18<=$E$16,H$21/$E$16,0) -> 9.7313434
D27: 2026 Investment | E27: =NPV($E$15,F27:AO27)*(1+$E$15) -> 103.10651 | J27: =IF(J$18-I$18<=$E$16,I$21/$E$16,0) -> 10.182095 | K27: =IF(K$18-I$18<=$E$16,I$21/$E$16,0) -> 10.182095 | L27: =IF(L$18-I$18<=$E$16,I$21/$E$16,0) -> 10.182095 | M27: =IF(M$18-I$18<=$E$16,I$21/$E$16,0) -> 10.182095 | N27: =IF(N$18-I$18<=$E$16,I$21/$E$16,0) -> 10.182095 | O27: =IF(O$18-I$18<=$E$16,I$21/$E$16,0) -> 10.182095 | P27: =IF(P$18-I$18<=$E$16,I$21/$E$16,0) -> 10.182095 | Q27: =IF(Q$18-I$18<=$E$16,I$21/$E$16,0) -> 10.182095 | R27: =IF(R$18-I$18<=$E$16,I$21/$E$16,0) -> 10.182095 | S27: =IF(S$18-I$18<=$E$16,I$21/$E$16,0) -> 10.182095 | T27: =IF(T$18-I$18<=$E$16,I$21/$E$16,0) -> 10.182095 | U27: =IF(U$18-I$18<=$E$16,I$21/$E$16,0) -> 10.182095 | V27: =IF(V$18-I$18<=$E$16,I$21/$E$16,0) -> 10.182095 | W27: =IF(W$18-I$18<=$E$16,I$21/$E$16,0) -> 10.182095 | X27: =IF(X$18-I$18<=$E$16,I$21/$E$16,0) -> 10.182095 | Y27: =IF(Y$18-I$18<=$E$16,I$21/$E$16,0) -> 10.182095
D28: 2027 Investment | E28: =NPV($E$15,F28:AO28)*(1+$E$15) -> 107.8919 | K28: =IF(K$18-J$18<=$E$16,J$21/$E$16,0) -> 10.654668 | L28: =IF(L$18-J$18<=$E$16,J$21/$E$16,0) -> 10.654668 | M28: =IF(M$18-J$18<=$E$16,J$21/$E$16,0) -> 10.654668 | N28: =IF(N$18-J$18<=$E$16,J$21/$E$16,0) -> 10.654668 | O28: =IF(O$18-J$18<=$E$16,J$21/$E$16,0) -> 10.654668 | P28: =IF(P$18-J$18<=$E$16,J$21/$E$16,0) -> 10.654668 | Q28: =IF(Q$18-J$18<=$E$16,J$21/$E$16,0) -> 10.654668 | R28: =IF(R$18-J$18<=$E$16,J$21/$E$16,0) -> 10.654668 | S28: =IF(S$18-J$18<=$E$16,J$21/$E$16,0) -> 10.654668 | T28: =IF(T$18-J$18<=$E$16,J$21/$E$16,0) -> 10.654668 | U28: =IF(U$18-J$18<=$E$16,J$21/$E$16,0) -> 10.654668 | V28: =IF(V$18-J$18<=$E$16,J$21/$E$16,0) -> 10.654668 | W28: =IF(W$18-J$18<=$E$16,J$21/$E$16,0) -> 10.654668 | X28: =IF(X$18-J$18<=$E$16,J$21/$E$16,0) -> 10.654668 | Y28: =IF(Y$18-J$18<=$E$16,J$21/$E$16,0) -> 10.654668 | Z28: =IF(Z$18-J$18<=$E$16,J$21/$E$16,0) -> 10.654668
D29: 2028 Investment | E29: =NPV($E$15,F29:AO29)*(1+$E$15) -> 110.04974 | L29: =IF(L$18-K$18<=$E$16,K$21/$E$16,0) -> 10.867761 | M29: =IF(M$18-K$18<=$E$16,K$21/$E$16,0) -> 10.867761 | N29: =IF(N$18-K$18<=$E$16,K$21/$E$16,0) -> 10.867761 | O29: =IF(O$18-K$18<=$E$16,K$21/$E$16,0) -> 10.867761 | P29: =IF(P$18-K$18<=$E$16,K$21/$E$16,0) -> 10.867761 | Q29: =IF(Q$18-K$18<=$E$16,K$21/$E$16,0) -> 10.867761 | R29: =IF(R$18-K$18<=$E$16,K$21/$E$16,0) -> 10.867761 | S29: =IF(S$18-K$18<=$E$16,K$21/$E$16,0) -> 10.867761 | T29: =IF(T$18-K$18<=$E$16,K$21/$E$16,0) -> 10.867761 | U29: =IF(U$18-K$18<=$E$16,K$21/$E$16,0) -> 10.867761 | V29: =IF(V$18-K$18<=$E$16,K$21/$E$16,0) -> 10.867761 | W29: =IF(W$18-K$18<=$E$16,K$21/$E$16,0) -> 10.867761 | X29: =IF(X$18-K$18<=$E$16,K$21/$E$16,0) -> 10.867761 | Y29: =IF(Y$18-K$18<=$E$16,K$21/$E$16,0) -> 10.867761 | Z29: =IF(Z$18-K$18<=$E$16,K$21/$E$16,0) -> 10.867761 | AA29: =IF(AA$18-K$18<=$E$16,K$21/$E$16,0) -> 10.867761
D30: 2029 Investment | E30: =NPV($E$15,F30:AO30)*(1+$E$15) -> 112.25073 | M30: =IF(M$18-L$18<=$E$16,L$21/$E$16,0) -> 11.085116 | N30: =IF(N$18-L$18<=$E$16,L$21/$E$16,0) -> 11.085116 | O30: =IF(O$18-L$18<=$E$16,L$21/$E$16,0) -> 11.085116 | P30: =IF(P$18-L$18<=$E$16,L$21/$E$16,0) -> 11.085116 | Q30: =IF(Q$18-L$18<=$E$16,L$21/$E$16,0) -> 11.085116 | R30: =IF(R$18-L$18<=$E$16,L$21/$E$16,0) -> 11.085116 | S30: =IF(S$18-L$18<=$E$16,L$21/$E$16,0) -> 11.085116 | T30: =IF(T$18-L$18<=$E$16,L$21/$E$16,0) -> 11.085116 | U30: =IF(U$18-L$18<=$E$16,L$21/$E$16,0) -> 11.085116 | V30: =IF(V$18-L$18<=$E$16,L$21/$E$16,0) -> 11.085116 | W30: =IF(W$18-L$18<=$E$16,L$21/$E$16,0) -> 11.085116 | X30: =IF(X$18-L$18<=$E$16,L$21/$E$16,0) -> 11.085116 | Y30: =IF(Y$18-L$18<=$E$16,L$21/$E$16,0) -> 11.085116 | Z30: =IF(Z$18-L$18<=$E$16,L$21/$E$16,0) -> 11.085116 | AA30: =IF(AA$18-L$18<=$E$16,L$21/$E$16,0) -> 11.085116 | AB30: =IF(AB$18-L$18<=$E$16,L$21/$E$16,0) -> 11.085116
D31: 2030 Investment | E31: =NPV($E$15,F31:AO31)*(1+$E$15) -> 114.49575 | N31: =IF(N$18-M$18<=$E$16,M$21/$E$16,0) -> 11.306818 | O31: =IF(O$18-M$18<=$E$16,M$21/$E$16,0) -> 11.306818 | P31: =IF(P$18-M$18<=$E$16,M$21/$E$16,0) -> 11.306818 | Q31: =IF(Q$18-M$18<=$E$16,M$21/$E$16,0) -> 11.306818 | R31: =IF(R$18-M$18<=$E$16,M$21/$E$16,0) -> 11.306818 | S31: =IF(S$18-M$18<=$E$16,M$21/$E$16,0) -> 11.306818 | T31: =IF(T$18-M$18<=$E$16,M$21/$E$16,0) -> 11.306818 | U31: =IF(U$18-M$18<=$E$16,M$21/$E$16,0) -> 11.306818 | V31: =IF(V$18-M$18<=$E$16,M$21/$E$16,0) -> 11.306818 | W31: =IF(W$18-M$18<=$E$16,M$21/$E$16,0) -> 11.306818 | X31: =IF(X$18-M$18<=$E$16,M$21/$E$16,0) -> 11.306818 | Y31: =IF(Y$18-M$18<=$E$16,M$21/$E$16,0) -> 11.306818 | Z31: =IF(Z$18-M$18<=$E$16,M$21/$E$16,0) -> 11.306818 | AA31: =IF(AA$18-M$18<=$E$16,M$21/$E$16,0) -> 11.306818 | AB31: =IF(AB$18-M$18<=$E$16,M$21/$E$16,0) -> 11.306818 | AC31: =IF(AC$18-M$18<=$E$16,M$21/$E$16,0) -> 11.306818
D32: 2031 Investment | E32: =NPV($E$15,F32:AO32)*(1+$E$15) -> 116.78566 | O32: =IF(O$18-N$18<=$E$16,N$21/$E$16,0) -> 11.532955 | P32: =IF(P$18-N$18<=$E$16,N$21/$E$16,0) -> 11.532955 | Q32: =IF(Q$18-N$18<=$E$16,N$21/$E$16,0) -> 11.532955 | R32: =IF(R$18-N$18<=$E$16,N$21/$E$16,0) -> 11.532955 | S32: =IF(S$18-N$18<=$E$16,N$21/$E$16,0) -> 11.532955 | T32: =IF(T$18-N$18<=$E$16,N$21/$E$16,0) -> 11.532955 | U32: =IF(U$18-N$18<=$E$16,N$21/$E$16,0) -> 11.532955 | V32: =IF(V$18-N$18<=$E$16,N$21/$E$16,0) -> 11.532955 | W32: =IF(W$18-N$18<=$E$16,N$21/$E$16,0) -> 11.532955 | X32: =IF(X$18-N$18<=$E$16,N$21/$E$16,0) -> 11.532955 | Y32: =IF(Y$18-N$18<=$E$16,N$21/$E$16,0) -> 11.532955 | Z32: =IF(Z$18-N$18<=$E$16,N$21/$E$16,0) -> 11.532955 | AA32: =IF(AA$18-N$18<=$E$16,N$21/$E$16,0) -> 11.532955 | AB32: =IF(AB$18-N$18<=$E$16,N$21/$E$16,0) -> 11.532955 | AC32: =IF(AC$18-N$18<=$E$16,N$21/$E$16,0) -> 11.532955 | AD32: =IF(AD$18-N$18<=$E$16,N$21/$E$16,0) -> 11.532955
D33: 2032 Investment | E33: =NPV($E$15,F33:AO33)*(1+$E$15) -> 119.12138 | P33: =IF(P$18-O$18<=$E$16,O$21/$E$16,0) -> 11.763614 | Q33: =IF(Q$18-O$18<=$E$16,O$21/$E$16,0) -> 11.763614 | R33: =IF(R$18-O$18<=$E$16,O$21/$E$16,0) -> 11.763614 | S33: =IF(S$18-O$18<=$E$16,O$21/$E$16,0) -> 11.763614 | T33: =IF(T$18-O$18<=$E$16,O$21/$E$16,0) -> 11.763614 | U33: =IF(U$18-O$18<=$E$16,O$21/$E$16,0) -> 11.763614 | V33: =IF(V$18-O$18<=$E$16,O$21/$E$16,0) -> 11.763614 | W33: =IF(W$18-O$18<=$E$16,O$21/$E$16,0) -> 11.763614 | X33: =IF(X$18-O$18<=$E$16,O$21/$E$16,0) -> 11.763614 | Y33: =IF(Y$18-O$18<=$E$16,O$21/$E$16,0) -> 11.763614 | Z33: =IF(Z$18-O$18<=$E$16,O$21/$E$16,0) -> 11.763614 | AA33: =IF(AA$18-O$18<=$E$16,O$21/$E$16,0) -> 11.763614 | AB33: =IF(AB$18-O$18<=$E$16,O$21/$E$16,0) -> 11.763614 | AC33: =IF(AC$18-O$18<=$E$16,O$21/$E$16,0) -> 11.763614 | AD33: =IF(AD$18-O$18<=$E$16,O$21/$E$16,0) -> 11.763614 | AE33: =IF(AE$18-O$18<=$E$16,O$21/$E$16,0) -> 11.763614
D34: 2033 Investment | E34: =NPV($E$15,F34:AO34)*(1+$E$15) -> 121.50381 | Q34: =IF(Q$18-P$18<=$E$16,P$21/$E$16,0) -> 11.998886 | R34: =IF(R$18-P$18<=$E$16,P$21/$E$16,0) -> 11.998886 | S34: =IF(S$18-P$18<=$E$16,P$21/$E$16,0) -> 11.998886 | T34: =IF(T$18-P$18<=$E$16,P$21/$E$16,0) -> 11.998886 | U34: =IF(U$18-P$18<=$E$16,P$21/$E$16,0) -> 11.998886 | V34: =IF(V$18-P$18<=$E$16,P$21/$E$16,0) -> 11.998886 | W34: =IF(W$18-P$18<=$E$16,P$21/$E$16,0) -> 11.998886 | X34: =IF(X$18-P$18<=$E$16,P$21/$E$16,0) -> 11.998886 | Y34: =IF(Y$18-P$18<=$E$16,P$21/$E$16,0) -> 11.998886 | Z34: =IF(Z$18-P$18<=$E$16,P$21/$E$16,0) -> 11.998886 | AA34: =IF(AA$18-P$18<=$E$16,P$21/$E$16,0) -> 11.998886 | AB34: =IF(AB$18-P$18<=$E$16,P$21/$E$16,0) -> 11.998886 | AC34: =IF(AC$18-P$18<=$E$16,P$21/$E$16,0) -> 11.998886 | AD34: =IF(AD$18-P$18<=$E$16,P$21/$E$16,0) -> 11.998886 | AE34: =IF(AE$18-P$18<=$E$16,P$21/$E$16,0) -> 11.998886 | AF34: =IF(AF$18-P$18<=$E$16,P$21/$E$16,0) -> 11.998886
D35: 2034 Investment | E35: =NPV($E$15,F35:AO35)*(1+$E$15) -> 123.93388 | R35: =IF(R$18-Q$18<=$E$16,Q$21/$E$16,0) -> 12.238864 | S35: =IF(S$18-Q$18<=$E$16,Q$21/$E$16,0) -> 12.238864 | T35: =IF(T$18-Q$18<=$E$16,Q$21/$E$16,0) -> 12.238864 | U35: =IF(U$18-Q$18<=$E$16,Q$21/$E$16,0) -> 12.238864 | V35: =IF(V$18-Q$18<=$E$16,Q$21/$E$16,0) -> 12.238864 | W35: =IF(W$18-Q$18<=$E$16,Q$21/$E$16,0) -> 12.238864 | X35: =IF(X$18-Q$18<=$E$16,Q$21/$E$16,0) -> 12.238864 | Y35: =IF(Y$18-Q$18<=$E$16,Q$21/$E$16,0) -> 12.238864 | Z35: =IF(Z$18-Q$18<=$E$16,Q$21/$E$16,0) -> 12.238864 | AA35: =IF(AA$18-Q$18<=$E$16,Q$21/$E$16,0) -> 12.238864 | AB35: =IF(AB$18-Q$18<=$E$16,Q$21/$E$16,0) -> 12.238864 | AC35: =IF(AC$18-Q$18<=$E$16,Q$21/$E$16,0) -> 12.238864 | AD35: =IF(AD$18-Q$18<=$E$16,Q$21/$E$16,0) -> 12.238864 | AE35: =IF(AE$18-Q$18<=$E$16,Q$21/$E$16,0) -> 12.238864 | AF35: =IF(AF$18-Q$18<=$E$16,Q$21/$E$16,0) -> 12.238864 | AG35: =IF(AG$18-Q$18<=$E$16,Q$21/$E$16,0) -> 12.238864
D36: 2035 Investment | E36: =NPV($E$15,F36:AO36)*(1+$E$15) -> 126.41256 | S36: =IF(S$18-R$18<=$E$16,R$21/$E$16,0) -> 12.483641 | T36: =IF(T$18-R$18<=$E$16,R$21/$E$16,0) -> 12.483641 | U36: =IF(U$18-R$18<=$E$16,R$21/$E$16,0) -> 12.483641 | V36: =IF(V$18-R$18<=$E$16,R$21/$E$16,0) -> 12.483641 | W36: =IF(W$18-R$18<=$E$16,R$21/$E$16,0) -> 12.483641 | X36: =IF(X$18-R$18<=$E$16,R$21/$E$16,0) -> 12.483641 | Y36: =IF(Y$18-R$18<=$E$16,R$21/$E$16,0) -> 12.483641 | Z36: =IF(Z$18-R$18<=$E$16,R$21/$E$16,0) -> 12.483641 | AA36: =IF(AA$18-R$18<=$E$16,R$21/$E$16,0) -> 12.483641 | AB36: =IF(AB$18-R$18<=$E$16,R$21/$E$16,0) -> 12.483641 | AC36: =IF(AC$18-R$18<=$E$16,R$21/$E$16,0) -> 12.483641 | AD36: =IF(AD$18-R$18<=$E$16,R$21/$E$16,0) -> 12.483641 | AE36: =IF(AE$18-R$18<=$E$16,R$21/$E$16,0) -> 12.483641 | AF36: =IF(AF$18-R$18<=$E$16,R$21/$E$16,0) -> 12.483641 | AG36: =IF(AG$18-R$18<=$E$16,R$21/$E$16,0) -> 12.483641 | AH36: =IF(AH$18-R$18<=$E$16,R$21/$E$16,0) -> 12.483641
D37: 2036 Investment | E37: =NPV($E$15,F37:AO37)*(1+$E$15) -> 128.94081 | T37: =IF(T$18-S$18<=$E$16,S$21/$E$16,0) -> 12.733314 | U37: =IF(U$18-S$18<=$E$16,S$21/$E$16,0) -> 12.733314 | V37: =IF(V$18-S$18<=$E$16,S$21/$E$16,0) -> 12.733314 | W37: =IF(W$18-S$18<=$E$16,S$21/$E$16,0) -> 12.733314 | X37: =IF(X$18-S$18<=$E$16,S$21/$E$16,0) -> 12.733314 | Y37: =IF(Y$18-S$18<=$E$16,S$21/$E$16,0) -> 12.733314 | Z37: =IF(Z$18-S$18<=$E$16,S$21/$E$16,0) -> 12.733314 | AA37: =IF(AA$18-S$18<=$E$16,S$21/$E$16,0) -> 12.733314 | AB37: =IF(AB$18-S$18<=$E$16,S$21/$E$16,0) -> 12.733314 | AC37: =IF(AC$18-S$18<=$E$16,S$21/$E$16,0) -> 12.733314 | AD37: =IF(AD$18-S$18<=$E$16,S$21/$E$16,0) -> 12.733314 | AE37: =IF(AE$18-S$18<=$E$16,S$21/$E$16,0) -> 12.733314 | AF37: =IF(AF$18-S$18<=$E$16,S$21/$E$16,0) -> 12.733314 | AG37: =IF(AG$18-S$18<=$E$16,S$21/$E$16,0) -> 12.733314 | AH37: =IF(AH$18-S$18<=$E$16,S$21/$E$16,0) -> 12.733314 | AI37: =IF(AI$18-S$18<=$E$16,S$21/$E$16,0) -> 12.733314
D38: 2037 Investment | E38: =NPV($E$15,F38:AO38)*(1+$E$15) -> 131.51963 | U38: =IF(U$18-T$18<=$E$16,T$21/$E$16,0) -> 12.98798 | V38: =IF(V$18-T$18<=$E$16,T$21/$E$16,0) -> 12.98798 | W38: =IF(W$18-T$18<=$E$16,T$21/$E$16,0) -> 12.98798 | X38: =IF(X$18-T$18<=$E$16,T$21/$E$16,0) -> 12.98798 | Y38: =IF(Y$18-T$18<=$E$16,T$21/$E$16,0) -> 12.98798 | Z38: =IF(Z$18-T$18<=$E$16,T$21/$E$16,0) -> 12.98798 | AA38: =IF(AA$18-T$18<=$E$16,T$21/$E$16,0) -> 12.98798 | AB38: =IF(AB$18-T$18<=$E$16,T$21/$E$16,0) -> 12.98798 | AC38: =IF(AC$18-T$18<=$E$16,T$21/$E$16,0) -> 12.98798 | AD38: =IF(AD$18-T$18<=$E$16,T$21/$E$16,0) -> 12.98798 | AE38: =IF(AE$18-T$18<=$E$16,T$21/$E$16,0) -> 12.98798 | AF38: =IF(AF$18-T$18<=$E$16,T$21/$E$16,0) -> 12.98798 | AG38: =IF(AG$18-T$18<=$E$16,T$21/$E$16,0) -> 12.98798 | AH38: =IF(AH$18-T$18<=$E$16,T$21/$E$16,0) -> 12.98798 | AI38: =IF(AI$18-T$18<=$E$16,T$21/$E$16,0) -> 12.98798 | AJ38: =IF(AJ$18-T$18<=$E$16,T$21/$E$16,0) -> 12.98798
D39: 2038 Investment | E39: =NPV($E$15,F39:AO39)*(1+$E$15) -> 134.15002 | V39: =IF(V$18-U$18<=$E$16,U$21/$E$16,0) -> 13.24774 | W39: =IF(W$18-U$18<=$E$16,U$21/$E$16,0) -> 13.24774 | X39: =IF(X$18-U$18<=$E$16,U$21/$E$16,0) -> 13.24774 | Y39: =IF(Y$18-U$18<=$E$16,U$21/$E$16,0) -> 13.24774 | Z39: =IF(Z$18-U$18<=$E$16,U$21/$E$16,0) -> 13.24774 | AA39: =IF(AA$18-U$18<=$E$16,U$21/$E$16,0) -> 13.24774 | AB39: =IF(AB$18-U$18<=$E$16,U$21/$E$16,0) -> 13.24774 | AC39: =IF(AC$18-U$18<=$E$16,U$21/$E$16,0) -> 13.24774 | AD39: =IF(AD$18-U$18<=$E$16,U$21/$E$16,0) -> 13.24774 | AE39: =IF(AE$18-U$18<=$E$16,U$21/$E$16,0) -> 13.24774 | AF39: =IF(AF$18-U$18<=$E$16,U$21/$E$16,0) -> 13.24774 | AG39: =IF(AG$18-U$18<=$E$16,U$21/$E$16,0) -> 13.24774 | AH39: =IF(AH$18-U$18<=$E$16,U$21/$E$16,0) -> 13.24774 | AI39: =IF(AI$18-U$18<=$E$16,U$21/$E$16,0) -> 13.24774 | AJ39: =IF(AJ$18-U$18<=$E$16,U$21/$E$16,0) -> 13.24774 | AK39: =IF(AK$18-U$18<=$E$16,U$21/$E$16,0) -> 13.24774
D40: 2039 Investment | E40: =NPV($E$15,F40:AO40)*(1+$E$15) -> 136.83302 | W40: =IF(W$18-V$18<=$E$16,V$21/$E$16,0) -> 13.512695 | X40: =IF(X$18-V$18<=$E$16,V$21/$E$16,0) -> 13.512695 | Y40: =IF(Y$18-V$18<=$E$16,V$21/$E$16,0) -> 13.512695 | Z40: =IF(Z$18-V$18<=$E$16,V$21/$E$16,0) -> 13.512695 | AA40: =IF(AA$18-V$18<=$E$16,V$21/$E$16,0) -> 13.512695 | AB40: =IF(AB$18-V$18<=$E$16,V$21/$E$16,0) -> 13.512695 | AC40: =IF(AC$18-V$18<=$E$16,V$21/$E$16,0) -> 13.512695 | AD40: =IF(AD$18-V$18<=$E$16,V$21/$E$16,0) -> 13.512695 | AE40: =IF(AE$18-V$18<=$E$16,V$21/$E$16,0) -> 13.512695 | AF40: =IF(AF$18-V$18<=$E$16,V$21/$E$16,0) -> 13.512695 | AG40: =IF(AG$18-V$18<=$E$16,V$21/$E$16,0) -> 13.512695 | AH40: =IF(AH$18-V$18<=$E$16,V$21/$E$16,0) -> 13.512695 | AI40: =IF(AI$18-V$18<=$E$16,V$21/$E$16,0) -> 13.512695 | AJ40: =IF(AJ$18-V$18<=$E$16,V$21/$E$16,0) -> 13.512695 | AK40: =IF(AK$18-V$18<=$E$16,V$21/$E$16,0) -> 13.512695 | AL40: =IF(AL$18-V$18<=$E$16,V$21/$E$16,0) -> 13.512695
D41: 2040 Investment | E41: =NPV($E$15,F41:AO41)*(1+$E$15) -> 139.56968 | X41: =IF(X$18-W$18<=$E$16,W$21/$E$16,0) -> 13.782949 | Y41: =IF(Y$18-W$18<=$E$16,W$21/$E$16,0) -> 13.782949 | Z41: =IF(Z$18-W$18<=$E$16,W$21/$E$16,0) -> 13.782949 | AA41: =IF(AA$18-W$18<=$E$16,W$21/$E$16,0) -> 13.782949 | AB41: =IF(AB$18-W$18<=$E$16,W$21/$E$16,0) -> 13.782949 | AC41: =IF(AC$18-W$18<=$E$16,W$21/$E$16,0) -> 13.782949 | AD41: =IF(AD$18-W$18<=$E$16,W$21/$E$16,0) -> 13.782949 | AE41: =IF(AE$18-W$18<=$E$16,W$21/$E$16,0) -> 13.782949 | AF41: =IF(AF$18-W$18<=$E$16,W$21/$E$16,0) -> 13.782949 | AG41: =IF(AG$18-W$18<=$E$16,W$21/$E$16,0) -> 13.782949 | AH41: =IF(AH$18-W$18<=$E$16,W$21/$E$16,0) -> 13.782949 | AI41: =IF(AI$18-W$18<=$E$16,W$21/$E$16,0) -> 13.782949 | AJ41: =IF(AJ$18-W$18<=$E$16,W$21/$E$16,0) -> 13.782949 | AK41: =IF(AK$18-W$18<=$E$16,W$21/$E$16,0) -> 13.782949 | AL41: =IF(AL$18-W$18<=$E$16,W$21/$E$16,0) -> 13.782949 | AM41: =IF(AM$18-W$18<=$E$16,W$21/$E$16,0) -> 13.782949
D42: 2041 Investment | E42: =NPV($E$15,F42:AO42)*(1+$E$15) -> 142.36107 | Y42: =IF(Y$18-X$18<=$E$16,X$21/$E$16,0) -> 14.058607 | Z42: =IF(Z$18-X$18<=$E$16,X$21/$E$16,0) -> 14.058607 | AA42: =IF(AA$18-X$18<=$E$16,X$21/$E$16,0) -> 14.058607 | AB42: =IF(AB$18-X$18<=$E$16,X$21/$E$16,0) -> 14.058607 | AC42: =IF(AC$18-X$18<=$E$16,X$21/$E$16,0) -> 14.058607 | AD42: =IF(AD$18-X$18<=$E$16,X$21/$E$16,0) -> 14.058607 | AE42: =IF(AE$18-X$18<=$E$16,X$21/$E$16,0) -> 14.058607 | AF42: =IF(AF$18-X$18<=$E$16,X$21/$E$16,0) -> 14.058607 | AG42: =IF(AG$18-X$18<=$E$16,X$21/$E$16,0) -> 14.058607 | AH42: =IF(AH$18-X$18<=$E$16,X$21/$E$16,0) -> 14.058607 | AI42: =IF(AI$18-X$18<=$E$16,X$21/$E$16,0) -> 14.058607 | AJ42: =IF(AJ$18-X$18<=$E$16,X$21/$E$16,0) -> 14.058607 | AK42: =IF(AK$18-X$18<=$E$16,X$21/$E$16,0) -> 14.058607 | AL42: =IF(AL$18-X$18<=$E$16,X$21/$E$16,0) -> 14.058607 | AM42: =IF(AM$18-X$18<=$E$16,X$21/$E$16,0) -> 14.058607 | AN42: =IF(AN$18-X$18<=$E$16,X$21/$E$16,0) -> 14.058607
D43: 2042 Investment | E43: =NPV($E$15,F43:AO43)*(1+$E$15) -> 145.2083 | Z43: =IF(Z$18-Y$18<=$E$16,Y$21/$E$16,0) -> 14.33978 | AA43: =IF(AA$18-Y$18<=$E$16,Y$21/$E$16,0) -> 14.33978 | AB43: =IF(AB$18-Y$18<=$E$16,Y$21/$E$16,0) -> 14.33978 | AC43: =IF(AC$18-Y$18<=$E$16,Y$21/$E$16,0) -> 14.33978 | AD43: =IF(AD$18-Y$18<=$E$16,Y$21/$E$16,0) -> 14.33978 | AE43: =IF(AE$18-Y$18<=$E$16,Y$21/$E$16,0) -> 14.33978 | AF43: =IF(AF$18-Y$18<=$E$16,Y$21/$E$16,0) -> 14.33978 | AG43: =IF(AG$18-Y$18<=$E$16,Y$21/$E$16,0) -> 14.33978 | AH43: =IF(AH$18-Y$18<=$E$16,Y$21/$E$16,0) -> 14.33978 | AI43: =IF(AI$18-Y$18<=$E$16,Y$21/$E$16,0) -> 14.33978 | AJ43: =IF(AJ$18-Y$18<=$E$16,Y$21/$E$16,0) -> 14.33978 | AK43: =IF(AK$18-Y$18<=$E$16,Y$21/$E$16,0) -> 14.33978 | AL43: =IF(AL$18-Y$18<=$E$16,Y$21/$E$16,0) -> 14.33978 | AM43: =IF(AM$18-Y$18<=$E$16,Y$21/$E$16,0) -> 14.33978 | AN43: =IF(AN$18-Y$18<=$E$16,Y$21/$E$16,0) -> 14.33978 | AO43: =IF(AO$18-Y$18<=$E$16,Y$21/$E$16,0) -> 14.33978
D44: Total | E44: =NPV($E$15,F44:AO44)*(1+$E$15) -> 1209.4722 | F44: =SUM(F24:F43) -> 0 | G44: =SUM(G24:G43) -> 8.89125 | H44: =SUM(H24:H43) -> 18.192638 | I44: =SUM(I24:I43) -> 27.923981 | J44: =SUM(J24:J43) -> 38.106076 | K44: =SUM(K24:K43) -> 48.760743 | L44: =SUM(L24:L43) -> 59.628504 | M44: =SUM(M24:M43) -> 70.71362 | ... AO44: =SUM(AO24:AO43) -> 14.33978
B45: Summary
E46: NPV | F46: 2023 | G46: 2024 | H46: 2025 | I46: 2026 | J46: 2027 | K46: 2028 | L46: 2029 | M46: 2030 | N46: 2031 | O46: 2032 | P46: 2033 | Q46: 2034 | R46: 2035 | S46: 2036 | T46: 2037 | U46: 2038 | V46: 2039 | W46: 2040 | X46: 2041 | Y46: 2042 | Z46: 2043 | AA46: 2044 | AB46: 2045 | AC46: 2046 | AD46: 2047 | AE46: 2048 | AF46: 2049 | AG46: 2050 | AH46: 2051 | AI46: 2052 | AJ46: 2052 | AK46: 2052 | AL46: 2052 | AM46: 2052 | AN46: 2052 | AO46: 2052
D47: Expenses | E47: =NPV($E$15,F47:AO47)*(1+$E$15) -> 0 | F47: =F19 -> 0 | G47: =G19 -> 0 | H47: =H19 -> 0 | I47: =I19 -> 0 | J47: =J19 -> 0 | K47: =K19 -> 0 | L47: =L19 -> 0 | M47: =M19 -> 0 | ... AO47: =AO19 -> 0
D48: Amortization | E48: =NPV($E$15,F48:AO48)*(1+$E$15) -> 1293.7502 | G48: =G44 -> 8.89125 | H48: =H44 -> 18.192638 | I48: =I44 -> 27.923981 | J48: =J44 -> 38.106076 | K48: =K44 -> 48.760743 | L48: =L44 -> 59.628504 | M48: =M44 -> 70.71362 | N48: =N44 -> 82.020438 | ... AO48: =AO44 -> 14.33978
D49: Debt Interest | E49: =NPV($E$15,F49:AO49)*(1+$E$15) -> 328.03211 | G49: =F$22*$H10 -> 3.641856 | H49: =G$22*$H10 -> 7.2240883 | I49: =H$22*$H10 -> 10.744315 | J49: =I$22*$H10 -> 14.200047 | K49: =J$22*$H10 -> 17.588683 | L49: =K$22*$H10 -> 20.791843 | M49: =L$22*$H10 -> 23.805817 | N49: =M$22*$H10 -> 26.626821 | ... AO49: =AN$22*$H10 -> 0.36709836
D50: Equity Earnings (After Tax) | E50: =NPV($E$15,F50:AO50)*(1+$E$15) -> 415.16564 | G50: =F$22*$H11 -> 4.609224 | H50: =G$22*$H11 -> 9.1429868 | I50: =H$22*$H11 -> 13.598274 | J50: =I$22*$H11 -> 17.971935 | K50: =J$22*$H11 -> 22.260677 | L50: =K$22*$H11 -> 26.314677 | M50: =L$22*$H11 -> 30.129237 | N50: =M$22*$H11 -> 33.699571 | ... AO50: =AN$22*$H11 -> 0.46460886
D51: Total Cost of Capital | E51: =NPV($E$15,F51:AO51)*(1+$E$15) -> 743.19774 | G51: =SUM(G49:G50) -> 8.25108 | H51: =SUM(H49:H50) -> 16.367075 | I51: =SUM(I49:I50) -> 24.342589 | J51: =SUM(J49:J50) -> 32.171982 | K51: =SUM(K49:K50) -> 39.849361 | L51: =SUM(L49:L50) -> 47.10652 | M51: =SUM(M49:M50) -> 53.935054 | N51: =SUM(N49:N50) -> 60.326392 | ... AO51: =SUM(AO49:AO50) -> 0.83170722
D52: Income Taxes | E52: =NPV($E$15,F52:AO52)*(1+$E$15) -> 149.68557 | G52: =G50*($H$14-1) -> 1.6618291 | H52: =H50*($H$14-1) -> 3.296451 | I52: =I50*($H$14-1) -> 4.902779 | J52: =J50*($H$14-1) -> 6.4796771 | K52: =K50*($H$14-1) -> 8.0259585 | L52: =L50*($H$14-1) -> 9.4876045 | M52: =M50*($H$14-1) -> 10.862922 | N52: =N50*($H$14-1) -> 12.150185 | ... AO52: =AO50*($H$14-1) -> 0.16751204
D53: Revenue Requirement | E53: =NPV($E$15,F53:AO53)*(1+$E$15) -> 2044.1909 | F53: =SUM(F48,F51,F47,F52) -> 0 | G53: =SUM(G48,G51,G47,G52) -> 18.804159 | H53: =SUM(H48,H51,H47,H52) -> 37.856164 | I53: =SUM(I48,I51,I47,I52) -> 57.169349 | J53: =SUM(J48,J51,J47,J52) -> 76.757735 | K53: =SUM(K48,K51,K47,K52) -> 96.636063 | L53: =SUM(L48,L51,L47,L52) -> 116.22263 | M53: =SUM(M48,M51,M47,M52) -> 135.5116 | ... AO53: =SUM(AO48,AO51,AO47,AO52) -> 15.338999
D55: Cash Flow | E55: =NPV($E$15,F55:AO55)*(1+$E$15) -> 8.7418961e-13 | F55: =-F8+F53 -> -142.26 | G55: =-G8+G53 -> -130.01804 | H55: =-H8+H53 -> -117.84533 | I55: =-I8+I53 -> -105.74417 | J55: =-J8+J53 -> -93.716945 | K55: =-K8+K53 -> -77.248111 | L55: =-L8+L53 -> -61.139229 | M55: =-M8+M53 -> -45.397497 | ... AO55: =-AO8+AO53 -> 15.338999
D56: Unamortized Asset Balance | F56: =F22 -> 142.26 | G56: =G22 -> 282.19095 | H56: =H22 -> 419.69981 | I56: =I22 -> 554.68934 | J56: =J22 -> 687.05795 | K56: =K22 -> 812.18138 | L56: =L22 -> 929.91473 | M56: =M22 -> 1040.1102 | ... AO56: =AO22 -> 1.7941204e-13

Sheet Am20-10yr-4%
A1: Enbridge: Amortization Analysis
A2: Tax as Capital Investment
D3: Scenario: | E3: Cost Recovery | G3: Amortize | I3: Amortization Cost of Capital | L3: 100% Debt
E4: Portfolio Horizon | G4: 20 | H4: years | I4: Amortiztion Life | L4: 10 | M4: years
B6: Background Data
C7: DSM Portfolio | F7: 2023 | G7: 2024 | H7: 2025 | I7: 2026 | J7: =I7+1 -> 2027 | K7: =J7+1 -> 2028 | L7: =K7+1 -> 2029 | M7: =L7+1 -> 2030 | N7: =M7+1 -> 2031 | O7: =N7+1 -> 2032 | P7: =O7+1 -> 2033 | Q7: =P7+1 -> 2034 | ... AO7: =AN7+1 -> 2058
D8: Investment (millions) | F8: ='Portfolio$'!E6/10^6 -> 142.26 | G8: =IF(G7-$F$7+1>$G$4,0,'Portfolio$'!F6/10^6) -> 148.8222 | H8: =IF(H7-$F$7+1>$G$4,0,'Portfolio$'!G6/10^6) -> 155.70149 | I8: =IF(I7-$F$7+1>$G$4,0,'Portfolio$'!H6/10^6) -> 162.91352 | J8: =IF(J7-$F$7+1>$G$4,0,'Portfolio$'!I6/10^6) -> 170.47468 | K8: =IF(K7-$F$7+1>$G$4,0,J8*1.02) -> 173.88417 | L8: =IF(L7-$F$7+1>$G$4,0,K8*1.02) -> 177.36186 | M8: =IF(M7-$F$7+1>$G$4,0,L8*1.02) -> 180.90909 | N8: =IF(N7-$F$7+1>$G$4,0,M8*1.02) -> 184.52728 | O8: =IF(O7-$F$7+1>$G$4,0,N8*1.02) -> 188.21782 | P8: =IF(P7-$F$7+1>$G$4,0,O8*1.02) -> 191.98218 | Q8: =IF(Q7-$F$7+1>$G$4,0,P8*1.02) -> 195.82182 | R8: =IF(R7-$F$7+1>$G$4,0,Q8*1.02) -> 199.73826 | ... Y8: =IF(Y7-$F$7+1>$G$4,0,X8*1.02) -> 229.43647
C9: Enbridge Capital Structure | F9: Capitalization | G9: After-Tax Return | H9: Weighted | J9: Pre-Tax Return | K9: Weighted
D10: Debt | F10: 1 | G10: 0.04 | H10: =F10*G10 -> 0.04 | J10: 0.04 | K10: =$F10*J10 -> 0.04
D11: Equity | F11: 0 | G11: 0.09 | H11: =F11*G11 -> 0 | J11: =G11*H14 -> 0.12244898 | K11: =$F11*J11 -> 0
D12: WACC-After-Tax | F12: =SUM(F10:F11) -> 1 | H12: =SUM(H10:H11) -> 0.04 | K12: =SUM(K10:K11) -> 0.04
D13: Combined Income Tax Rate | H13: 0.265
D14: Tax Gross Up Factor | H14: =1/(1-H13) -> 1.3605442
C15: Discount Rate | E15: ='Am20-10yr'!E15 -> 0.069681633
C16: Amortization Term | E16: =L4 -> 10 | F16: years
B17: Revenue Requirement Calcs
E18: NPV | F18: =F7 -> 2023 | G18: =F18+1 -> 2024 | H18: =G18+1 -> 2025 | I18: =H18+1 -> 2026 | J18: =I18+1 -> 2027 | K18: =J18+1 -> 2028 | L18: =K18+1 -> 2029 | M18: =L18+1 -> 2030 | N18: =M18+1 -> 2031 | ... AO18: =AN18+1 -> 2058
C19: Expenses | E19: =NPV($E$15,F19:AO19)*(1+$H$12) -> 0 | F19: =IF($G$3="Expense",F8,0) -> 0 | G19: =IF($G$3="Expense",G8,0) -> 0 | H19: =IF($G$3="Expense",H8,0) -> 0 | I19: =IF($G$3="Expense",I8,0) -> 0 | J19: =IF($G$3="Expense",J8,0) -> 0 | K19: =IF($G$3="Expense",K8,0) -> 0 | L19: =IF($G$3="Expense",L8,0) -> 0 | M19: =IF($G$3="Expense",M8,0) -> 0 | ... Y19: =IF($G$3="Expense",Y8,0) -> 0
C20: Rate Base
D21: Additions To Rate Base | E21: =NPV($E$15,F21:AO21)*(1+$E$15) -> 2044.1909 | F21: =F8-F19 -> 142.26 | G21: =G8-G19 -> 148.8222 | H21: =H8-H19 -> 155.70149 | I21: =I8-I19 -> 162.91352 | J21: =J8-J19 -> 170.47468 | K21: =K8-K19 -> 173.88417 | L21: =L8-L19 -> 177.36186 | M21: =M8-M19 -> 180.90909 | ... Y21: =Y8-Y19 -> 229.43647
D22: Unamortized Balance (EOY) | F22: =E22+F21-F44 -> 142.26 | G22: =F22+G21-G44 -> 276.8562 | H22: =G22+H21-H44 -> 403.44947 | I22: =H22+I21-I44 -> 521.68462 | J22: =I22+J21-J44 -> 631.18958 | K22: =J22+K21-K44 -> 727.05657 | L22: =K22+L21-L44 -> 809.01282 | M22: =L22+M21-M44 -> 876.78012 | ... AO22: =AN22+AO21-AO44 -> 3.5527137e-14
C23: Amortization
D24: 2023 Investment | E24: =NPV($E$15,F24:AO24)*(1+$E$15) -> 107.03735 | G24: =IF(G$18-F$18<=$E$16,F$21/$E$16,0) -> 14.226 | H24: =IF(H$18-F$18<=$E$16,F$21/$E$16,0) -> 14.226 | I24: =IF(I$18-F$18<=$E$16,F$21/$E$16,0) -> 14.226 | J24: =IF(J$18-F$18<=$E$16,F$21/$E$16,0) -> 14.226 | K24: =IF(K$18-F$18<=$E$16,F$21/$E$16,0) -> 14.226 | L24: =IF(L$18-F$18<=$E$16,F$21/$E$16,0) -> 14.226 | M24: =IF(M$18-F$18<=$E$16,F$21/$E$16,0) -> 14.226 | N24: =IF(N$18-F$18<=$E$16,F$21/$E$16,0) -> 14.226 | O24: =IF(O$18-F$18<=$E$16,F$21/$E$16,0) -> 14.226 | P24: =IF(P$18-F$18<=$E$16,F$21/$E$16,0) -> 14.226 | Q24: =IF(Q$18-F$18<=$E$16,F$21/$E$16,0) -> 0 | R24: =IF(R$18-F$18<=$E$16,F$21/$E$16,0) -> 0 | S24: =IF(S$18-F$18<=$E$16,F$21/$E$16,0) -> 0 | T24: =IF(T$18-F$18<=$E$16,F$21/$E$16,0) -> 0 | U24: =IF(U$18-F$18<=$E$16,F$21/$E$16,0) -> 0 | V24: =IF(V$18-F$18<=$E$16,F$21/$E$16,0) -> 0
D25: 2024 Investment | E25: =NPV($E$15,F25:AO25)*(1+$E$15) -> 111.97479 | H25: =IF(H$18-G$18<=$E$16,G$21/$E$16,0) -> 14.88222 | I25: =IF(I$18-G$18<=$E$16,G$21/$E$16,0) -> 14.88222 | J25: =IF(J$18-G$18<=$E$16,G$21/$E$16,0) -> 14.88222 | K25: =IF(K$18-G$18<=$E$16,G$21/$E$16,0) -> 14.88222 | L25: =IF(L$18-G$18<=$E$16,G$21/$E$16,0) -> 14.88222 | M25: =IF(M$18-G$18<=$E$16,G$21/$E$16,0) -> 14.88222 | N25: =IF(N$18-G$18<=$E$16,G$21/$E$16,0) -> 14.88222 | O25: =IF(O$18-G$18<=$E$16,G$21/$E$16,0) -> 14.88222 | P25: =IF(P$18-G$18<=$E$16,G$21/$E$16,0) -> 14.88222 | Q25: =IF(Q$18-G$18<=$E$16,G$21/$E$16,0) -> 14.88222 | R25: =IF(R$18-G$18<=$E$16,G$21/$E$16,0) -> 0 | S25: =IF(S$18-G$18<=$E$16,G$21/$E$16,0) -> 0 | T25: =IF(T$18-G$18<=$E$16,G$21/$E$16,0) -> 0 | U25: =IF(U$18-G$18<=$E$16,G$21/$E$16,0) -> 0 | V25: =IF(V$18-G$18<=$E$16,G$21/$E$16,0) -> 0 | W25: =IF(W$18-G$18<=$E$16,G$21/$E$16,0) -> 0
D26: 2025 Investment | E26: =NPV($E$15,F26:AO26)*(1+$E$15) -> 117.15082 | I26: =IF(I$18-H$18<=$E$16,H$21/$E$16,0) -> 15.570149 | J26: =IF(J$18-H$18<=$E$16,H$21/$E$16,0) -> 15.570149 | K26: =IF(K$18-H$18<=$E$16,H$21/$E$16,0) -> 15.570149 | L26: =IF(L$18-H$18<=$E$16,H$21/$E$16,0) -> 15.570149 | M26: =IF(M$18-H$18<=$E$16,H$21/$E$16,0) -> 15.570149 | N26: =IF(N$18-H$18<=$E$16,H$21/$E$16,0) -> 15.570149 | O26: =IF(O$18-H$18<=$E$16,H$21/$E$16,0) -> 15.570149 | P26: =IF(P$18-H$18<=$E$16,H$21/$E$16,0) -> 15.570149 | Q26: =IF(Q$18-H$18<=$E$16,H$21/$E$16,0) -> 15.570149 | R26: =IF(R$18-H$18<=$E$16,H$21/$E$16,0) -> 15.570149 | S26: =IF(S$18-H$18<=$E$16,H$21/$E$16,0) -> 0 | T26: =IF(T$18-H$18<=$E$16,H$21/$E$16,0) -> 0 | U26: =IF(U$18-H$18<=$E$16,H$21/$E$16,0) -> 0 | V26: =IF(V$18-H$18<=$E$16,H$21/$E$16,0) -> 0 | W26: =IF(W$18-H$18<=$E$16,H$21/$E$16,0) -> 0 | X26: =IF(X$18-H$18<=$E$16,H$21/$E$16,0) -> 0
D27: 2026 Investment | E27: =NPV($E$15,F27:AO27)*(1+$E$15) -> 122.57719 | J27: =IF(J$18-I$18<=$E$16,I$21/$E$16,0) -> 16.291352 | K27: =IF(K$18-I$18<=$E$16,I$21/$E$16,0) -> 16.291352 | L27: =IF(L$18-I$18<=$E$16,I$21/$E$16,0) -> 16.291352 | M27: =IF(M$18-I$18<=$E$16,I$21/$E$16,0) -> 16.291352 | N27: =IF(N$18-I$18<=$E$16,I$21/$E$16,0) -> 16.291352 | O27: =IF(O$18-I$18<=$E$16,I$21/$E$16,0) -> 16.291352 | P27: =IF(P$18-I$18<=$E$16,I$21/$E$16,0) -> 16.291352 | Q27: =IF(Q$18-I$18<=$E$16,I$21/$E$16,0) -> 16.291352 | R27: =IF(R$18-I$18<=$E$16,I$21/$E$16,0) -> 16.291352 | S27: =IF(S$18-I$18<=$E$16,I$21/$E$16,0) -> 16.291352 | T27: =IF(T$18-I$18<=$E$16,I$21/$E$16,0) -> 0 | U27: =IF(U$18-I$18<=$E$16,I$21/$E$16,0) -> 0 | V27: =IF(V$18-I$18<=$E$16,I$21/$E$16,0) -> 0 | W27: =IF(W$18-I$18<=$E$16,I$21/$E$16,0) -> 0 | X27: =IF(X$18-I$18<=$E$16,I$21/$E$16,0) -> 0 | Y27: =IF(Y$18-I$18<=$E$16,I$21/$E$16,0) -> 0
D28: 2027 Investment | E28: =NPV($E$15,F28:AO28)*(1+$E$15) -> 128.26626 | K28: =IF(K$18-J$18<=$E$16,J$21/$E$16,0) -> 17.047468 | L28: =IF(L$18-J$18<=$E$16,J$21/$E$16,0) -> 17.047468 | M28: =IF(M$18-J$18<=$E$16,J$21/$E$16,0) -> 17.047468 | N28: =IF(N$18-J$18<=$E$16,J$21/$E$16,0) -> 17.047468 | O28: =IF(O$18-J$18<=$E$16,J$21/$E$16,0) -> 17.047468 | P28: =IF(P$18-J$18<=$E$16,J$21/$E$16,0) -> 17.047468 | Q28: =IF(Q$18-J$18<=$E$16,J$21/$E$16,0) -> 17.047468 | R28: =IF(R$18-J$18<=$E$16,J$21/$E$16,0) -> 17.047468 | S28: =IF(S$18-J$18<=$E$16,J$21/$E$16,0) -> 17.047468 | T28: =IF(T$18-J$18<=$E$16,J$21/$E$16,0) -> 17.047468 | U28: =IF(U$18-J$18<=$E$16,J$21/$E$16,0) -> 0 | V28: =IF(V$18-J$18<=$E$16,J$21/$E$16,0) -> 0 | W28: =IF(W$18-J$18<=$E$16,J$21/$E$16,0) -> 0 | X28: =IF(X$18-J$18<=$E$16,J$21/$E$16,0) -> 0 | Y28: =IF(Y$18-J$18<=$E$16,J$21/$E$16,0) -> 0 | Z28: =IF(Z$18-J$18<=$E$16,J$21/$E$16,0) -> 0
D29: 2028 Investment | E29: =NPV($E$15,F29:AO29)*(1+$E$15) -> 130.83159 | L29: =IF(L$18-K$18<=$E$16,K$21/$E$16,0) -> 17.388417 | M29: =IF(M$18-K$18<=$E$16,K$21/$E$16,0) -> 17.388417 | N29: =IF(N$18-K$18<=$E$16,K$21/$E$16,0) -> 17.388417 | O29: =IF(O$18-K$18<=$E$16,K$21/$E$16,0) -> 17.388417 | P29: =IF(P$18-K$18<=$E$16,K$21/$E$16,0) -> 17.388417 | Q29: =IF(Q$18-K$18<=$E$16,K$21/$E$16,0) -> 17.388417 | R29: =IF(R$18-K$18<=$E$16,K$21/$E$16,0) -> 17.388417 | S29: =IF(S$18-K$18<=$E$16,K$21/$E$16,0) -> 17.388417 | T29: =IF(T$18-K$18<=$E$16,K$21/$E$16,0) -> 17.388417 | U29: =IF(U$18-K$18<=$E$16,K$21/$E$16,0) -> 17.388417 | V29: =IF(V$18-K$18<=$E$16,K$21/$E$16,0) -> 0 | W29: =IF(W$18-K$18<=$E$16,K$21/$E$16,0) -> 0 | X29: =IF(X$18-K$18<=$E$16,K$21/$E$16,0) -> 0 | Y29: =IF(Y$18-K$18<=$E$16,K$21/$E$16,0) -> 0 | Z29: =IF(Z$18-K$18<=$E$16,K$21/$E$16,0) -> 0 | AA29: =IF(AA$18-K$18<=$E$16,K$21/$E$16,0) -> 0
D30: 2029 Investment | E30: =NPV($E$15,F30:AO30)*(1+$E$15) -> 133.44822 | M30: =IF(M$18-L$18<=$E$16,L$21/$E$16,0) -> 17.736186 | N30: =IF(N$18-L$18<=$E$16,L$21/$E$16,0) -> 17.736186 | O30: =IF(O$18-L$18<=$E$16,L$21/$E$16,0) -> 17.736186 | P30: =IF(P$18-L$18<=$E$16,L$21/$E$16,0) -> 17.736186 | Q30: =IF(Q$18-L$18<=$E$16,L$21/$E$16,0) -> 17.736186 | R30: =IF(R$18-L$18<=$E$16,L$21/$E$16,0) -> 17.736186 | S30: =IF(S$18-L$18<=$E$16,L$21/$E$16,0) -> 17.736186 | T30: =IF(T$18-L$18<=$E$16,L$21/$E$16,0) -> 17.736186 | U30: =IF(U$18-L$18<=$E$16,L$21/$E$16,0) -> 17.736186 | V30: =IF(V$18-L$18<=$E$16,L$21/$E$16,0) -> 17.736186 | W30: =IF(W$18-L$18<=$E$16,L$21/$E$16,0) -> 0 | X30: =IF(X$18-L$18<=$E$16,L$21/$E$16,0) -> 0 | Y30: =IF(Y$18-L$18<=$E$16,L$21/$E$16,0) -> 0 | Z30: =IF(Z$18-L$18<=$E$16,L$21/$E$16,0) -> 0 | AA30: =IF(AA$18-L$18<=$E$16,L$21/$E$16,0) -> 0 | AB30: =IF(AB$18-L$18<=$E$16,L$21/$E$16,0) -> 0
D31: 2030 Investment | E31: =NPV($E$15,F31:AO31)*(1+$E$15) -> 136.11718 | N31: =IF(N$18-M$18<=$E$16,M$21/$E$16,0) -> 18.090909 | O31: =IF(O$18-M$18<=$E$16,M$21/$E$16,0) -> 18.090909 | P31: =IF(P$18-M$18<=$E$16,M$21/$E$16,0) -> 18.090909 | Q31: =IF(Q$18-M$18<=$E$16,M$21/$E$16,0) -> 18.090909 | R31: =IF(R$18-M$18<=$E$16,M$21/$E$16,0) -> 18.090909 | S31: =IF(S$18-M$18<=$E$16,M$21/$E$16,0) -> 18.090909 | T31: =IF(T$18-M$18<=$E$16,M$21/$E$16,0) -> 18.090909 | U31: =IF(U$18-M$18<=$E$16,M$21/$E$16,0) -> 18.090909 | V31: =IF(V$18-M$18<=$E$16,M$21/$E$16,0) -> 18.090909 | W31: =IF(W$18-M$18<=$E$16,M$21/$E$16,0) -> 18.090909 | X31: =IF(X$18-M$18<=$E$16,M$21/$E$16,0) -> 0 | Y31: =IF(Y$18-M$18<=$E$16,M$21/$E$16,0) -> 0 | Z31: =IF(Z$18-M$18<=$E$16,M$21/$E$16,0) -> 0 | AA31: =IF(AA$18-M$18<=$E$16,M$21/$E$16,0) -> 0 | AB31: =IF(AB$18-M$18<=$E$16,M$21/$E$16,0) -> 0 | AC31: =IF(AC$18-M$18<=$E$16,M$21/$E$16,0) -> 0
D32: 2031 Investment | E32: =NPV($E$15,F32:AO32)*(1+$E$15) -> 138.83952 | O32: =IF(O$18-N$18<=$E$16,N$21/$E$16,0) -> 18.452728 | P32: =IF(P$18-N$18<=$E$16,N$21/$E$16,0) -> 18.452728 | Q32: =IF(Q$18-N$18<=$E$16,N$21/$E$16,0) -> 18.452728 | R32: =IF(R$18-N$18<=$E$16,N$21/$E$16,0) -> 18.452728 | S32: =IF(S$18-N$18<=$E$16,N$21/$E$16,0) -> 18.452728 | T32: =IF(T$18-N$18<=$E$16,N$21/$E$16,0) -> 18.452728 | U32: =IF(U$18-N$18<=$E$16,N$21/$E$16,0) -> 18.452728 | V32: =IF(V$18-N$18<=$E$16,N$21/$E$16,0) -> 18.452728 | W32: =IF(W$18-N$18<=$E$16,N$21/$E$16,0) -> 18.452728 | X32: =IF(X$18-N$18<=$E$16,N$21/$E$16,0) -> 18.452728 | Y32: =IF(Y$18-N$18<=$E$16,N$21/$E$16,0) -> 0 | Z32: =IF(Z$18-N$18<=$E$16,N$21/$E$16,0) -> 0 | AA32: =IF(AA$18-N$18<=$E$16,N$21/$E$16,0) -> 0 | AB32: =IF(AB$18-N$18<=$E$16,N$21/$E$16,0) -> 0 | AC32: =IF(AC$18-N$18<=$E$16,N$21/$E$16,0) -> 0 | AD32: =IF(AD$18-N$18<=$E$16,N$21/$E$16,0) -> 0
D33: 2032 Investment | E33: =NPV($E$15,F33:AO33)*(1+$E$15) -> 141.61632 | P33: =IF(P$18-O$18<=$E$16,O$21/$E$16,0) -> 18.821782 | Q33: =IF(Q$18-O$18<=$E$16,O$21/$E$16,0) -> 18.821782 | R33: =IF(R$18-O$18<=$E$16,O$21/$E$16,0) -> 18.821782 | S33: =IF(S$18-O$18<=$E$16,O$21/$E$16,0) -> 18.821782 | T33: =IF(T$18-O$18<=$E$16,O$21/$E$16,0) -> 18.821782 | U33: =IF(U$18-O$18<=$E$16,O$21/$E$16,0) -> 18.821782 | V33: =IF(V$18-O$18<=$E$16,O$21/$E$16,0) -> 18.821782 | W33: =IF(W$18-O$18<=$E$16,O$21/$E$16,0) -> 18.821782 | X33: =IF(X$18-O$18<=$E$16,O$21/$E$16,0) -> 18.821782 | Y33: =IF(Y$18-O$18<=$E$16,O$21/$E$16,0) -> 18.821782 | Z33: =IF(Z$18-O$18<=$E$16,O$21/$E$16,0) -> 0 | AA33: =IF(AA$18-O$18<=$E$16,O$21/$E$16,0) -> 0 | AB33: =IF(AB$18-O$18<=$E$16,O$21/$E$16,0) -> 0 | AC33: =IF(AC$18-O$18<=$E$16,O$21/$E$16,0) -> 0 | AD33: =IF(AD$18-O$18<=$E$16,O$21/$E$16,0) -> 0 | AE33: =IF(AE$18-O$18<=$E$16,O$21/$E$16,0) -> 0
D34: 2033 Investment | E34: =NPV($E$15,F34:AO34)*(1+$E$15) -> 144.44864 | Q34: =IF(Q$18-P$18<=$E$16,P$21/$E$16,0) -> 19.198218 | R34: =IF(R$18-P$18<=$E$16,P$21/$E$16,0) -> 19.198218 | S34: =IF(S$18-P$18<=$E$16,P$21/$E$16,0) -> 19.198218 | T34: =IF(T$18-P$18<=$E$16,P$21/$E$16,0) -> 19.198218 | U34: =IF(U$18-P$18<=$E$16,P$21/$E$16,0) -> 19.198218 | V34: =IF(V$18-P$18<=$E$16,P$21/$E$16,0) -> 19.198218 | W34: =IF(W$18-P$18<=$E$16,P$21/$E$16,0) -> 19.198218 | X34: =IF(X$18-P$18<=$E$16,P$21/$E$16,0) -> 19.198218 | Y34: =IF(Y$18-P$18<=$E$16,P$21/$E$16,0) -> 19.198218 | Z34: =IF(Z$18-P$18<=$E$16,P$21/$E$16,0) -> 19.198218 | AA34: =IF(AA$18-P$18<=$E$16,P$21/$E$16,0) -> 0 | AB34: =IF(AB$18-P$18<=$E$16,P$21/$E$16,0) -> 0 | AC34: =IF(AC$18-P$18<=$E$16,P$21/$E$16,0) -> 0 | AD34: =IF(AD$18-P$18<=$E$16,P$21/$E$16,0) -> 0 | AE34: =IF(AE$18-P$18<=$E$16,P$21/$E$16,0) -> 0 | AF34: =IF(AF$18-P$18<=$E$16,P$21/$E$16,0) -> 0
D35: 2034 Investment | E35: =NPV($E$15,F35:AO35)*(1+$E$15) -> 147.33761 | R35: =IF(R$18-Q$18<=$E$16,Q$21/$E$16,0) -> 19.582182 | S35: =IF(S$18-Q$18<=$E$16,Q$21/$E$16,0) -> 19.582182 | T35: =IF(T$18-Q$18<=$E$16,Q$21/$E$16,0) -> 19.582182 | U35: =IF(U$18-Q$18<=$E$16,Q$21/$E$16,0) -> 19.582182 | V35: =IF(V$18-Q$18<=$E$16,Q$21/$E$16,0) -> 19.582182 | W35: =IF(W$18-Q$18<=$E$16,Q$21/$E$16,0) -> 19.582182 | X35: =IF(X$18-Q$18<=$E$16,Q$21/$E$16,0) -> 19.582182 | Y35: =IF(Y$18-Q$18<=$E$16,Q$21/$E$16,0) -> 19.582182 | Z35: =IF(Z$18-Q$18<=$E$16,Q$21/$E$16,0) -> 19.582182 | AA35: =IF(AA$18-Q$18<=$E$16,Q$21/$E$16,0) -> 19.582182 | AB35: =IF(AB$18-Q$18<=$E$16,Q$21/$E$16,0) -> 0 | AC35: =IF(AC$18-Q$18<=$E$16,Q$21/$E$16,0) -> 0 | AD35: =IF(AD$18-Q$18<=$E$16,Q$21/$E$16,0) -> 0 | AE35: =IF(AE$18-Q$18<=$E$16,Q$21/$E$16,0) -> 0 | AF35: =IF(AF$18-Q$18<=$E$16,Q$21/$E$16,0) -> 0 | AG35: =IF(AG$18-Q$18<=$E$16,Q$21/$E$16,0) -> 0
D36: 2035 Investment | E36: =NPV($E$15,F36:AO36)*(1+$E$15) -> 150.28437 | S36: =IF(S$18-R$18<=$E$16,R$21/$E$16,0) -> 19.973826 | T36: =IF(T$18-R$18<=$E$16,R$21/$E$16,0) -> 19.973826 | U36: =IF(U$18-R$18<=$E$16,R$21/$E$16,0) -> 19.973826 | V36: =IF(V$18-R$18<=$E$16,R$21/$E$16,0) -> 19.973826 | W36: =IF(W$18-R$18<=$E$16,R$21/$E$16,0) -> 19.973826 | X36: =IF(X$18-R$18<=$E$16,R$21/$E$16,0) -> 19.973826 | Y36: =IF(Y$18-R$18<=$E$16,R$21/$E$16,0) -> 19.973826 | Z36: =IF(Z$18-R$18<=$E$16,R$21/$E$16,0) -> 19.973826 | AA36: =IF(AA$18-R$18<=$E$16,R$21/$E$16,0) -> 19.973826 | AB36: =IF(AB$18-R$18<=$E$16,R$21/$E$16,0) -> 19.973826 | AC36: =IF(AC$18-R$18<=$E$16,R$21/$E$16,0) -> 0 | AD36: =IF(AD$18-R$18<=$E$16,R$21/$E$16,0) -> 0 | AE36: =IF(AE$18-R$18<=$E$16,R$21/$E$16,0) -> 0 | AF36: =IF(AF$18-R$18<=$E$16,R$21/$E$16,0) -> 0 | AG36: =IF(AG$18-R$18<=$E$16,R$21/$E$16,0) -> 0 | AH36: =IF(AH$18-R$18<=$E$16,R$21/$E$16,0) -> 0
D37: 2036 Investment | E37: =NPV($E$15,F37:AO37)*(1+$E$15) -> 153.29005 | T37: =IF(T$18-S$18<=$E$16,S$21/$E$16,0) -> 20.373302 | U37: =IF(U$18-S$18<=$E$16,S$21/$E$16,0) -> 20.373302 | V37: =IF(V$18-S$18<=$E$16,S$21/$E$16,0) -> 20.373302 | W37: =IF(W$18-S$18<=$E$16,S$21/$E$16,0) -> 20.373302 | X37: =IF(X$18-S$18<=$E$16,S$21/$E$16,0) -> 20.373302 | Y37: =IF(Y$18-S$18<=$E$16,S$21/$E$16,0) -> 20.373302 | Z37: =IF(Z$18-S$18<=$E$16,S$21/$E$16,0) -> 20.373302 | AA37: =IF(AA$18-S$18<=$E$16,S$21/$E$16,0) -> 20.373302 | AB37: =IF(AB$18-S$18<=$E$16,S$21/$E$16,0) -> 20.373302 | AC37: =IF(AC$18-S$18<=$E$16,S$21/$E$16,0) -> 20.373302 | AD37: =IF(AD$18-S$18<=$E$16,S$21/$E$16,0) -> 0 | AE37: =IF(AE$18-S$18<=$E$16,S$21/$E$16,0) -> 0 | AF37: =IF(AF$18-S$18<=$E$16,S$21/$E$16,0) -> 0 | AG37: =IF(AG$18-S$18<=$E$16,S$21/$E$16,0) -> 0 | AH37: =IF(AH$18-S$18<=$E$16,S$21/$E$16,0) -> 0 | AI37: =IF(AI$18-S$18<=$E$16,S$21/$E$16,0) -> 0
D38: 2037 Investment | E38: =NPV($E$15,F38:AO38)*(1+$E$15) -> 156.35586 | U38: =IF(U$18-T$18<=$E$16,T$21/$E$16,0) -> 20.780768 | V38: =IF(V$18-T$18<=$E$16,T$21/$E$16,0) -> 20.780768 | W38: =IF(W$18-T$18<=$E$16,T$21/$E$16,0) -> 20.780768 | X38: =IF(X$18-T$18<=$E$16,T$21/$E$16,0) -> 20.780768 | Y38: =IF(Y$18-T$18<=$E$16,T$21/$E$16,0) -> 20.780768 | Z38: =IF(Z$18-T$18<=$E$16,T$21/$E$16,0) -> 20.780768 | AA38: =IF(AA$18-T$18<=$E$16,T$21/$E$16,0) -> 20.780768 | AB38: =IF(AB$18-T$18<=$E$16,T$21/$E$16,0) -> 20.780768 | AC38: =IF(AC$18-T$18<=$E$16,T$21/$E$16,0) -> 20.780768 | AD38: =IF(AD$18-T$18<=$E$16,T$21/$E$16,0) -> 20.780768 | AE38: =IF(AE$18-T$18<=$E$16,T$21/$E$16,0) -> 0 | AF38: =IF(AF$18-T$18<=$E$16,T$21/$E$16,0) -> 0 | AG38: =IF(AG$18-T$18<=$E$16,T$21/$E$16,0) -> 0 | AH38: =IF(AH$18-T$18<=$E$16,T$21/$E$16,0) -> 0 | AI38: =IF(AI$18-T$18<=$E$16,T$21/$E$16,0) -> 0 | AJ38: =IF(AJ$18-T$18<=$E$16,T$21/$E$16,0) -> 0
D39: 2038 Investment | E39: =NPV($E$15,F39:AO39)*(1+$E$15) -> 159.48297 | V39: =IF(V$18-U$18<=$E$16,U$21/$E$16,0) -> 21.196384 | W39: =IF(W$18-U$18<=$E$16,U$21/$E$16,0) -> 21.196384 | X39: =IF(X$18-U$18<=$E$16,U$21/$E$16,0) -> 21.196384 | Y39: =IF(Y$18-U$18<=$E$16,U$21/$E$16,0) -> 21.196384 | Z39: =IF(Z$18-U$18<=$E$16,U$21/$E$16,0) -> 21.196384 | AA39: =IF(AA$18-U$18<=$E$16,U$21/$E$16,0) -> 21.196384 | AB39: =IF(AB$18-U$18<=$E$16,U$21/$E$16,0) -> 21.196384 | AC39: =IF(AC$18-U$18<=$E$16,U$21/$E$16,0) -> 21.196384 | AD39: =IF(AD$18-U$18<=$E$16,U$21/$E$16,0) -> 21.196384 | AE39: =IF(AE$18-U$18<=$E$16,U$21/$E$16,0) -> 21.196384 | AF39: =IF(AF$18-U$18<=$E$16,U$21/$E$16,0) -> 0 | AG39: =IF(AG$18-U$18<=$E$16,U$21/$E$16,0) -> 0 | AH39: =IF(AH$18-U$18<=$E$16,U$21/$E$16,0) -> 0 | AI39: =IF(AI$18-U$18<=$E$16,U$21/$E$16,0) -> 0 | AJ39: =IF(AJ$18-U$18<=$E$16,U$21/$E$16,0) -> 0 | AK39: =IF(AK$18-U$18<=$E$16,U$21/$E$16,0) -> 0
D40: 2039 Investment | E40: =NPV($E$15,F40:AO40)*(1+$E$15) -> 162.67263 | W40: =IF(W$18-V$18<=$E$16,V$21/$E$16,0) -> 21.620311 | X40: =IF(X$18-V$18<=$E$16,V$21/$E$16,0) -> 21.620311 | Y40: =IF(Y$18-V$18<=$E$16,V$21/$E$16,0) -> 21.620311 | Z40: =IF(Z$18-V$18<=$E$16,V$21/$E$16,0) -> 21.620311 | AA40: =IF(AA$18-V$18<=$E$16,V$21/$E$16,0) -> 21.620311 | AB40: =IF(AB$18-V$18<=$E$16,V$21/$E$16,0) -> 21.620311 | AC40: =IF(AC$18-V$18<=$E$16,V$21/$E$16,0) -> 21.620311 | AD40: =IF(AD$18-V$18<=$E$16,V$21/$E$16,0) -> 21.620311 | AE40: =IF(AE$18-V$18<=$E$16,V$21/$E$16,0) -> 21.620311 | AF40: =IF(AF$18-V$18<=$E$16,V$21/$E$16,0) -> 21.620311 | AG40: =IF(AG$18-V$18<=$E$16,V$21/$E$16,0) -> 0 | AH40: =IF(AH$18-V$18<=$E$16,V$21/$E$16,0) -> 0 | AI40: =IF(AI$18-V$18<=$E$16,V$21/$E$16,0) -> 0 | AJ40: =IF(AJ$18-V$18<=$E$16,V$21/$E$16,0) -> 0 | AK40: =IF(AK$18-V$18<=$E$16,V$21/$E$16,0) -> 0 | AL40: =IF(AL$18-V$18<=$E$16,V$21/$E$16,0) -> 0
D41: 2040 Investment | E41: =NPV($E$15,F41:AO41)*(1+$E$15) -> 165.92608 | X41: =IF(X$18-W$18<=$E$16,W$21/$E$16,0) -> 22.052718 | Y41: =IF(Y$18-W$18<=$E$16,W$21/$E$16,0) -> 22.052718 | Z41: =IF(Z$18-W$18<=$E$16,W$21/$E$16,0) -> 22.052718 | AA41: =IF(AA$18-W$18<=$E$16,W$21/$E$16,0) -> 22.052718 | AB41: =IF(AB$18-W$18<=$E$16,W$21/$E$16,0) -> 22.052718 | AC41: =IF(AC$18-W$18<=$E$16,W$21/$E$16,0) -> 22.052718 | AD41: =IF(AD$18-W$18<=$E$16,W$21/$E$16,0) -> 22.052718 | AE41: =IF(AE$18-W$18<=$E$16,W$21/$E$16,0) -> 22.052718 | AF41: =IF(AF$18-W$18<=$E$16,W$21/$E$16,0) -> 22.052718 | AG41: =IF(AG$18-W$18<=$E$16,W$21/$E$16,0) -> 22.052718 | AH41: =IF(AH$18-W$18<=$E$16,W$21/$E$16,0) -> 0 | AI41: =IF(AI$18-W$18<=$E$16,W$21/$E$16,0) -> 0 | AJ41: =IF(AJ$18-W$18<=$E$16,W$21/$E$16,0) -> 0 | AK41: =IF(AK$18-W$18<=$E$16,W$21/$E$16,0) -> 0 | AL41: =IF(AL$18-W$18<=$E$16,W$21/$E$16,0) -> 0 | AM41: =IF(AM$18-W$18<=$E$16,W$21/$E$16,0) -> 0
D42: 2041 Investment | E42: =NPV($E$15,F42:AO42)*(1+$E$15) -> 169.24461 | Y42: =IF(Y$18-X$18<=$E$16,X$21/$E$16,0) -> 22.493772 | Z42: =IF(Z$18-X$18<=$E$16,X$21/$E$16,0) -> 22.493772 | AA42: =IF(AA$18-X$18<=$E$16,X$21/$E$16,0) -> 22.493772 | AB42: =IF(AB$18-X$18<=$E$16,X$21/$E$16,0) -> 22.493772 | AC42: =IF(AC$18-X$18<=$E$16,X$21/$E$16,0) -> 22.493772 | AD42: =IF(AD$18-X$18<=$E$16,X$21/$E$16,0) -> 22.493772 | AE42: =IF(AE$18-X$18<=$E$16,X$21/$E$16,0) -> 22.493772 | AF42: =IF(AF$18-X$18<=$E$16,X$21/$E$16,0) -> 22.493772 | AG42: =IF(AG$18-X$18<=$E$16,X$21/$E$16,0) -> 22.493772 | AH42: =IF(AH$18-X$18<=$E$16,X$21/$E$16,0) -> 22.493772 | AI42: =IF(AI$18-X$18<=$E$16,X$21/$E$16,0) -> 0 | AJ42: =IF(AJ$18-X$18<=$E$16,X$21/$E$16,0) -> 0 | AK42: =IF(AK$18-X$18<=$E$16,X$21/$E$16,0) -> 0 | AL42: =IF(AL$18-X$18<=$E$16,X$21/$E$16,0) -> 0 | AM42: =IF(AM$18-X$18<=$E$16,X$21/$E$16,0) -> 0 | AN42: =IF(AN$18-X$18<=$E$16,X$21/$E$16,0) -> 0
D43: 2042 Investment | E43: =NPV($E$15,F43:AO43)*(1+$E$15) -> 172.6295 | Z43: =IF(Z$18-Y$18<=$E$16,Y$21/$E$16,0) -> 22.943647 | AA43: =IF(AA$18-Y$18<=$E$16,Y$21/$E$16,0) -> 22.943647 | AB43: =IF(AB$18-Y$18<=$E$16,Y$21/$E$16,0) -> 22.943647 | AC43: =IF(AC$18-Y$18<=$E$16,Y$21/$E$16,0) -> 22.943647 | AD43: =IF(AD$18-Y$18<=$E$16,Y$21/$E$16,0) -> 22.943647 | AE43: =IF(AE$18-Y$18<=$E$16,Y$21/$E$16,0) -> 22.943647 | AF43: =IF(AF$18-Y$18<=$E$16,Y$21/$E$16,0) -> 22.943647 | AG43: =IF(AG$18-Y$18<=$E$16,Y$21/$E$16,0) -> 22.943647 | AH43: =IF(AH$18-Y$18<=$E$16,Y$21/$E$16,0) -> 22.943647 | AI43: =IF(AI$18-Y$18<=$E$16,Y$21/$E$16,0) -> 22.943647 | AJ43: =IF(AJ$18-Y$18<=$E$16,Y$21/$E$16,0) -> 0 | AK43: =IF(AK$18-Y$18<=$E$16,Y$21/$E$16,0) -> 0 | AL43: =IF(AL$18-Y$18<=$E$16,Y$21/$E$16,0) -> 0 | AM43: =IF(AM$18-Y$18<=$E$16,Y$21/$E$16,0) -> 0 | AN43: =IF(AN$18-Y$18<=$E$16,Y$21/$E$16,0) -> 0 | AO43: =IF(AO$18-Y$18<=$E$16,Y$21/$E$16,0) -> 0
D44: Total | E44: =NPV($E$15,F44:AO44)*(1+$E$15) -> 1437.8695 | F44: =SUM(F24:F43) -> 0 | G44: =SUM(G24:G43) -> 14.226 | H44: =SUM(H24:H43) -> 29.10822 | I44: =SUM(I24:I43) -> 44.678369 | J44: =SUM(J24:J43) -> 60.969721 | K44: =SUM(K24:K43) -> 78.017189 | L44: =SUM(L24:L43) -> 95.405606 | M44: =SUM(M24:M43) -> 113.14179 | ... AO44: =SUM(AO24:AO43) -> 0
B45: Summary
E46: NPV | F46: 2023 | G46: 2024 | H46: 2025 | I46: 2026 | J46: 2027 | K46: 2028 | L46: 2029 | M46: 2030 | N46: 2031 | O46: 2032 | P46: 2033 | Q46: 2034 | R46: 2035 | S46: 2036 | T46: 2037 | U46: 2038 | V46: 2039 | W46: 2040 | X46: 2041 | Y46: 2042 | Z46: 2043 | AA46: 2044 | AB46: 2045 | AC46: 2046 | AD46: 2047 | AE46: 2048 | AF46: 2049 | AG46: 2050 | AH46: 2051 | AI46: 2052 | AJ46: 2052 | AK46: 2052 | AL46: 2052 | AM46: 2052 | AN46: 2052 | AO46: 2052
D47: Expenses | E47: =NPV($E$15,F47:AO47)*(1+$E$15) -> 0 | F47: =F19 -> 0 | G47: =G19 -> 0 | H47: =H19 -> 0 | I47: =I19 -> 0 | J47: =J19 -> 0 | K47: =K19 -> 0 | L47: =L19 -> 0 | M47: =M19 -> 0 | ... AO47: =AO19 -> 0
D48: Amortization | E48: =NPV($E$15,F48:AO48)*(1+$E$15) -> 1538.0626 | G48: =G44 -> 14.226 | H48: =H44 -> 29.10822 | I48: =I44 -> 44.678369 | J48: =J44 -> 60.969721 | K48: =K44 -> 78.017189 | L48: =L44 -> 95.405606 | M48: =M44 -> 113.14179 | N48: =N44 -> 131.2327 | ... AO48: =AO44 -> 0
D49: Debt Interest | E49: =NPV($E$15,F49:AO49)*(1+$E$15) -> 372.30524 | G49: =F$22*$H10 -> 5.6904 | H49: =G$22*$H10 -> 11.074248 | I49: =H$22*$H10 -> 16.137979 | J49: =I$22*$H10 -> 20.867385 | K49: =J$22*$H10 -> 25.247583 | L49: =K$22*$H10 -> 29.082263 | M49: =L$22*$H10 -> 32.360513 | N49: =M$22*$H10 -> 35.071205 | ... AO49: =AN$22*$H10 -> 1.4210855e-15
D50: Equity Earnings (After Tax) | E50: =NPV($E$15,F50:AO50)*(1+$E$15) -> 0 | G50: =F$22*$H11 -> 0 | H50: =G$22*$H11 -> 0 | I50: =H$22*$H11 -> 0 | J50: =I$22*$H11 -> 0 | K50: =J$22*$H11 -> 0 | L50: =K$22*$H11 -> 0 | M50: =L$22*$H11 -> 0 | N50: =M$22*$H11 -> 0 | ... AO50: =AN$22*$H11 -> 0
D51: Total Cost of Capital | E51: =NPV($E$15,F51:AO51)*(1+$E$15) -> 372.30524 | G51: =SUM(G49:G50) -> 5.6904 | H51: =SUM(H49:H50) -> 11.074248 | I51: =SUM(I49:I50) -> 16.137979 | J51: =SUM(J49:J50) -> 20.867385 | K51: =SUM(K49:K50) -> 25.247583 | L51: =SUM(L49:L50) -> 29.082263 | M51: =SUM(M49:M50) -> 32.360513 | N51: =SUM(N49:N50) -> 35.071205 | ... AO51: =SUM(AO49:AO50) -> 1.4210855e-15
D52: Income Taxes | E52: =NPV($E$15,F52:AO52)*(1+$E$15) -> 0 | G52: =G50*($H$14-1) -> 0 | H52: =H50*($H$14-1) -> 0 | I52: =I50*($H$14-1) -> 0 | J52: =J50*($H$14-1) -> 0 | K52: =K50*($H$14-1) -> 0 | L52: =L50*($H$14-1) -> 0 | M52: =M50*($H$14-1) -> 0 | N52: =N50*($H$14-1) -> 0 | ... AO52: =AO50*($H$14-1) -> 0
D53: Revenue Requirement | E53: =NPV($E$15,F53:AO53)*(1+$E$15) -> 1785.9219 | F53: =SUM(F48,F51,F47,F52) -> 0 | G53: =SUM(G48,G51,G47,G52) -> 19.9164 | H53: =SUM(H48,H51,H47,H52) -> 40.182468 | I53: =SUM(I48,I51,I47,I52) -> 60.816348 | J53: =SUM(J48,J51,J47,J52) -> 81.837106 | K53: =SUM(K48,K51,K47,K52) -> 103.26477 | L53: =SUM(L48,L51,L47,L52) -> 124.48787 | M53: =SUM(M48,M51,M47,M52) -> 145.5023 | ... AO53: =SUM(AO48,AO51,AO47,AO52) -> 1.4210855e-15
D55: Cash Flow | E55: =NPV($E$15,F55:AO55)*(1+$E$15) -> -258.26907 | F55: =-F8+F53 -> -142.26 | G55: =-G8+G53 -> -128.9058 | H55: =-H8+H53 -> -115.51903 | I55: =-I8+I53 -> -102.09717 | J55: =-J8+J53 -> -88.637574 | K55: =-K8+K53 -> -70.619401 | L55: =-L8+L53 -> -52.873988 | M55: =-M8+M53 -> -35.406789 | ... AO55: =-AO8+AO53 -> 1.4210855e-15
D56: Unamortized Asset Balance | F56: =F22 -> 142.26 | G56: =G22 -> 276.8562 | H56: =H22 -> 403.44947 | I56: =I22 -> 521.68462 | J56: =J22 -> 631.18958 | K56: =K22 -> 727.05657 | L56: =L22 -> 809.01282 | M56: =M22 -> 876.78012 | ... AO56: =AO22 -> 3.5527137e-14

Sheet Am20-10yr-2X$
A1: Enbridge: Amortization Analysis
A2: Tax as Capital Investment
D3: Scenario: | E3: Cost Recovery | G3: Amortize | I3: Amortization Cost of Capital | L3: WACC | N3: Budget | O3: 2 | P3: X
E4: Portfolio Horizon | G4: 20 | H4: years | I4: Amortiztion Life | L4: 10 | M4: years
B6: Background Data
C7: DSM Portfolio | F7: 2023 | G7: 2024 | H7: 2025 | I7: 2026 | J7: =I7+1 -> 2027 | K7: =J7+1 -> 2028 | L7: =K7+1 -> 2029 | M7: =L7+1 -> 2030 | N7: =M7+1 -> 2031 | O7: =N7+1 -> 2032 | P7: =O7+1 -> 2033 | Q7: =P7+1 -> 2034 | ... AO7: =AN7+1 -> 2058
D8: Investment (millions) | F8: ='Am20-10yr'!F8*$O$3 -> 284.52 | G8: ='Am20-10yr'!G8*$O$3 -> 297.6444 | H8: ='Am20-10yr'!H8*$O$3 -> 311.40299 | I8: ='Am20-10yr'!I8*$O$3 -> 325.82703 | J8: ='Am20-10yr'!J8*$O$3 -> 340.94936 | K8: ='Am20-10yr'!K8*$O$3 -> 347.76835 | L8: ='Am20-10yr'!L8*$O$3 -> 354.72371 | M8: ='Am20-10yr'!M8*$O$3 -> 361.81819 | ... Y8: ='Am20-10yr'!Y8*$O$3 -> 458.87295
C9: Enbridge Capital Structure | F9: Capitalization | G9: After-Tax Return | H9: Weighted | J9: Pre-Tax Return | K9: Weighted
D10: Debt | F10: 0.64 | G10: 0.04 | H10: =F10*G10 -> 0.0256 | J10: 0.04 | K10: =$F10*J10 -> 0.0256
D11: Equity | F11: 0.36 | G11: 0.09 | H11: =F11*G11 -> 0.0324 | J11: =G11*H14 -> 0.12244898 | K11: =$F11*J11 -> 0.044081633
D12: WACC-After-Tax | F12: =SUM(F10:F11) -> 1 | H12: =SUM(H10:H11) -> 0.058 | K12: =SUM(K10:K11) -> 0.069681633
D13: Combined Income Tax Rate | H13: 0.265
D14: Tax Gross Up Factor | H14: =1/(1-H13) -> 1.3605442
C15: Discount Rate | E15: =K12 -> 0.069681633
C16: Amortization Term | E16: =L4 -> 10 | F16: years
B17: Revenue Requirement Calcs
E18: NPV | F18: =F7 -> 2023 | G18: =F18+1 -> 2024 | H18: =G18+1 -> 2025 | I18: =H18+1 -> 2026 | J18: =I18+1 -> 2027 | K18: =J18+1 -> 2028 | L18: =K18+1 -> 2029 | M18: =L18+1 -> 2030 | N18: =M18+1 -> 2031 | ... AO18: =AN18+1 -> 2058
C19: Expenses | E19: =NPV($E$15,F19:AO19)*(1+$H$12) -> 0 | F19: =IF($G$3="Expense",F8,0) -> 0 | G19: =IF($G$3="Expense",G8,0) -> 0 | H19: =IF($G$3="Expense",H8,0) -> 0 | I19: =IF($G$3="Expense",I8,0) -> 0 | J19: =IF($G$3="Expense",J8,0) -> 0 | K19: =IF($G$3="Expense",K8,0) -> 0 | L19: =IF($G$3="Expense",L8,0) -> 0 | M19: =IF($G$3="Expense",M8,0) -> 0 | ... Y19: =IF($G$3="Expense",Y8,0) -> 0
C20: Rate Base
D21: Additions To Rate Base | E21: =NPV($E$15,F21:AO21)*(1+$E$15) -> 4088.3819 | F21: =F8-F19 -> 284.52 | G21: =G8-G19 -> 297.6444 | H21: =H8-H19 -> 311.40299 | I21: =I8-I19 -> 325.82703 | J21: =J8-J19 -> 340.94936 | K21: =K8-K19 -> 347.76835 | L21: =L8-L19 -> 354.72371 | M21: =M8-M19 -> 361.81819 | ... Y21: =Y8-Y19 -> 458.87295
D22: Unamortized Balance (EOY) | F22: =E22+F21-F44 -> 284.52 | G22: =F22+G21-G44 -> 553.7124 | H22: =G22+H21-H44 -> 806.89895 | I22: =H22+I21-I44 -> 1043.3692 | J22: =I22+J21-J44 -> 1262.3792 | K22: =J22+K21-K44 -> 1454.1131 | L22: =K22+L21-L44 -> 1618.0256 | M22: =L22+M21-M44 -> 1753.5602 | ... AO22: =AN22+AO21-AO44 -> 7.1054274e-14
C23: Amortization
D24: 2023 Investment | E24: =NPV($E$15,F24:AO24)*(1+$E$15) -> 214.0747 | G24: =IF(G$18-F$18<=$E$16,F$21/$E$16,0) -> 28.452 | H24: =IF(H$18-F$18<=$E$16,F$21/$E$16,0) -> 28.452 | I24: =IF(I$18-F$18<=$E$16,F$21/$E$16,0) -> 28.452 | J24: =IF(J$18-F$18<=$E$16,F$21/$E$16,0) -> 28.452 | K24: =IF(K$18-F$18<=$E$16,F$21/$E$16,0) -> 28.452 | L24: =IF(L$18-F$18<=$E$16,F$21/$E$16,0) -> 28.452 | M24: =IF(M$18-F$18<=$E$16,F$21/$E$16,0) -> 28.452 | N24: =IF(N$18-F$18<=$E$16,F$21/$E$16,0) -> 28.452 | O24: =IF(O$18-F$18<=$E$16,F$21/$E$16,0) -> 28.452 | P24: =IF(P$18-F$18<=$E$16,F$21/$E$16,0) -> 28.452 | Q24: =IF(Q$18-F$18<=$E$16,F$21/$E$16,0) -> 0 | R24: =IF(R$18-F$18<=$E$16,F$21/$E$16,0) -> 0 | S24: =IF(S$18-F$18<=$E$16,F$21/$E$16,0) -> 0 | T24: =IF(T$18-F$18<=$E$16,F$21/$E$16,0) -> 0 | U24: =IF(U$18-F$18<=$E$16,F$21/$E$16,0) -> 0 | V24: =IF(V$18-F$18<=$E$16,F$21/$E$16,0) -> 0
D25: 2024 Investment | E25: =NPV($E$15,F25:AO25)*(1+$E$15) -> 223.94959 | H25: =IF(H$18-G$18<=$E$16,G$21/$E$16,0) -> 29.76444 | I25: =IF(I$18-G$18<=$E$16,G$21/$E$16,0) -> 29.76444 | J25: =IF(J$18-G$18<=$E$16,G$21/$E$16,0) -> 29.76444 | K25: =IF(K$18-G$18<=$E$16,G$21/$E$16,0) -> 29.76444 | L25: =IF(L$18-G$18<=$E$16,G$21/$E$16,0) -> 29.76444 | M25: =IF(M$18-G$18<=$E$16,G$21/$E$16,0) -> 29.76444 | N25: =IF(N$18-G$18<=$E$16,G$21/$E$16,0) -> 29.76444 | O25: =IF(O$18-G$18<=$E$16,G$21/$E$16,0) -> 29.76444 | P25: =IF(P$18-G$18<=$E$16,G$21/$E$16,0) -> 29.76444 | Q25: =IF(Q$18-G$18<=$E$16,G$21/$E$16,0) -> 29.76444 | R25: =IF(R$18-G$18<=$E$16,G$21/$E$16,0) -> 0 | S25: =IF(S$18-G$18<=$E$16,G$21/$E$16,0) -> 0 | T25: =IF(T$18-G$18<=$E$16,G$21/$E$16,0) -> 0 | U25: =IF(U$18-G$18<=$E$16,G$21/$E$16,0) -> 0 | V25: =IF(V$18-G$18<=$E$16,G$21/$E$16,0) -> 0 | W25: =IF(W$18-G$18<=$E$16,G$21/$E$16,0) -> 0
D26: 2025 Investment | E26: =NPV($E$15,F26:AO26)*(1+$E$15) -> 234.30164 | I26: =IF(I$18-H$18<=$E$16,H$21/$E$16,0) -> 31.140299 | J26: =IF(J$18-H$18<=$E$16,H$21/$E$16,0) -> 31.140299 | K26: =IF(K$18-H$18<=$E$16,H$21/$E$16,0) -> 31.140299 | L26: =IF(L$18-H$18<=$E$16,H$21/$E$16,0) -> 31.140299 | M26: =IF(M$18-H$18<=$E$16,H$21/$E$16,0) -> 31.140299 | N26: =IF(N$18-H$18<=$E$16,H$21/$E$16,0) -> 31.140299 | O26: =IF(O$18-H$18<=$E$16,H$21/$E$16,0) -> 31.140299 | P26: =IF(P$18-H$18<=$E$16,H$21/$E$16,0) -> 31.140299 | Q26: =IF(Q$18-H$18<=$E$16,H$21/$E$16,0) -> 31.140299 | R26: =IF(R$18-H$18<=$E$16,H$21/$E$16,0) -> 31.140299 | S26: =IF(S$18-H$18<=$E$16,H$21/$E$16,0) -> 0 | T26: =IF(T$18-H$18<=$E$16,H$21/$E$16,0) -> 0 | U26: =IF(U$18-H$18<=$E$16,H$21/$E$16,0) -> 0 | V26: =IF(V$18-H$18<=$E$16,H$21/$E$16,0) -> 0 | W26: =IF(W$18-H$18<=$E$16,H$21/$E$16,0) -> 0 | X26: =IF(X$18-H$18<=$E$16,H$21/$E$16,0) -> 0
D27: 2026 Investment | E27: =NPV($E$15,F27:AO27)*(1+$E$15) -> 245.15438 | J27: =IF(J$18-I$18<=$E$16,I$21/$E$16,0) -> 32.582703 | K27: =IF(K$18-I$18<=$E$16,I$21/$E$16,0) -> 32.582703 | L27: =IF(L$18-I$18<=$E$16,I$21/$E$16,0) -> 32.582703 | M27: =IF(M$18-I$18<=$E$16,I$21/$E$16,0) -> 32.582703 | N27: =IF(N$18-I$18<=$E$16,I$21/$E$16,0) -> 32.582703 | O27: =IF(O$18-I$18<=$E$16,I$21/$E$16,0) -> 32.582703 | P27: =IF(P$18-I$18<=$E$16,I$21/$E$16,0) -> 32.582703 | Q27: =IF(Q$18-I$18<=$E$16,I$21/$E$16,0) -> 32.582703 | R27: =IF(R$18-I$18<=$E$16,I$21/$E$16,0) -> 32.582703 | S27: =IF(S$18-I$18<=$E$16,I$21/$E$16,0) -> 32.582703 | T27: =IF(T$18-I$18<=$E$16,I$21/$E$16,0) -> 0 | U27: =IF(U$18-I$18<=$E$16,I$21/$E$16,0) -> 0 | V27: =IF(V$18-I$18<=$E$16,I$21/$E$16,0) -> 0 | W27: =IF(W$18-I$18<=$E$16,I$21/$E$16,0) -> 0 | X27: =IF(X$18-I$18<=$E$16,I$21/$E$16,0) -> 0 | Y27: =IF(Y$18-I$18<=$E$16,I$21/$E$16,0) -> 0
D28: 2027 Investment | E28: =NPV($E$15,F28:AO28)*(1+$E$15) -> 256.53252 | K28: =IF(K$18-J$18<=$E$16,J$21/$E$16,0) -> 34.094936 | L28: =IF(L$18-J$18<=$E$16,J$21/$E$16,0) -> 34.094936 | M28: =IF(M$18-J$18<=$E$16,J$21/$E$16,0) -> 34.094936 | N28: =IF(N$18-J$18<=$E$16,J$21/$E$16,0) -> 34.094936 | O28: =IF(O$18-J$18<=$E$16,J$21/$E$16,0) -> 34.094936 | P28: =IF(P$18-J$18<=$E$16,J$21/$E$16,0) -> 34.094936 | Q28: =IF(Q$18-J$18<=$E$16,J$21/$E$16,0) -> 34.094936 | R28: =IF(R$18-J$18<=$E$16,J$21/$E$16,0) -> 34.094936 | S28: =IF(S$18-J$18<=$E$16,J$21/$E$16,0) -> 34.094936 | T28: =IF(T$18-J$18<=$E$16,J$21/$E$16,0) -> 34.094936 | U28: =IF(U$18-J$18<=$E$16,J$21/$E$16,0) -> 0 | V28: =IF(V$18-J$18<=$E$16,J$21/$E$16,0) -> 0 | W28: =IF(W$18-J$18<=$E$16,J$21/$E$16,0) -> 0 | X28: =IF(X$18-J$18<=$E$16,J$21/$E$16,0) -> 0 | Y28: =IF(Y$18-J$18<=$E$16,J$21/$E$16,0) -> 0 | Z28: =IF(Z$18-J$18<=$E$16,J$21/$E$16,0) -> 0
D29: 2028 Investment | E29: =NPV($E$15,F29:AO29)*(1+$E$15) -> 261.66317 | L29: =IF(L$18-K$18<=$E$16,K$21/$E$16,0) -> 34.776835 | M29: =IF(M$18-K$18<=$E$16,K$21/$E$16,0) -> 34.776835 | N29: =IF(N$18-K$18<=$E$16,K$21/$E$16,0) -> 34.776835 | O29: =IF(O$18-K$18<=$E$16,K$21/$E$16,0) -> 34.776835 | P29: =IF(P$18-K$18<=$E$16,K$21/$E$16,0) -> 34.776835 | Q29: =IF(Q$18-K$18<=$E$16,K$21/$E$16,0) -> 34.776835 | R29: =IF(R$18-K$18<=$E$16,K$21/$E$16,0) -> 34.776835 | S29: =IF(S$18-K$18<=$E$16,K$21/$E$16,0) -> 34.776835 | T29: =IF(T$18-K$18<=$E$16,K$21/$E$16,0) -> 34.776835 | U29: =IF(U$18-K$18<=$E$16,K$21/$E$16,0) -> 34.776835 | V29: =IF(V$18-K$18<=$E$16,K$21/$E$16,0) -> 0 | W29: =IF(W$18-K$18<=$E$16,K$21/$E$16,0) -> 0 | X29: =IF(X$18-K$18<=$E$16,K$21/$E$16,0) -> 0 | Y29: =IF(Y$18-K$18<=$E$16,K$21/$E$16,0) -> 0 | Z29: =IF(Z$18-K$18<=$E$16,K$21/$E$16,0) -> 0 | AA29: =IF(AA$18-K$18<=$E$16,K$21/$E$16,0) -> 0
D30: 2029 Investment | E30: =NPV($E$15,F30:AO30)*(1+$E$15) -> 266.89643 | M30: =IF(M$18-L$18<=$E$16,L$21/$E$16,0) -> 35.472371 | N30: =IF(N$18-L$18<=$E$16,L$21/$E$16,0) -> 35.472371 | O30: =IF(O$18-L$18<=$E$16,L$21/$E$16,0) -> 35.472371 | P30: =IF(P$18-L$18<=$E$16,L$21/$E$16,0) -> 35.472371 | Q30: =IF(Q$18-L$18<=$E$16,L$21/$E$16,0) -> 35.472371 | R30: =IF(R$18-L$18<=$E$16,L$21/$E$16,0) -> 35.472371 | S30: =IF(S$18-L$18<=$E$16,L$21/$E$16,0) -> 35.472371 | T30: =IF(T$18-L$18<=$E$16,L$21/$E$16,0) -> 35.472371 | U30: =IF(U$18-L$18<=$E$16,L$21/$E$16,0) -> 35.472371 | V30: =IF(V$18-L$18<=$E$16,L$21/$E$16,0) -> 35.472371 | W30: =IF(W$18-L$18<=$E$16,L$21/$E$16,0) -> 0 | X30: =IF(X$18-L$18<=$E$16,L$21/$E$16,0) -> 0 | Y30: =IF(Y$18-L$18<=$E$16,L$21/$E$16,0) -> 0 | Z30: =IF(Z$18-L$18<=$E$16,L$21/$E$16,0) -> 0 | AA30: =IF(AA$18-L$18<=$E$16,L$21/$E$16,0) -> 0 | AB30: =IF(AB$18-L$18<=$E$16,L$21/$E$16,0) -> 0
D31: 2030 Investment | E31: =NPV($E$15,F31:AO31)*(1+$E$15) -> 272.23436 | N31: =IF(N$18-M$18<=$E$16,M$21/$E$16,0) -> 36.181819 | O31: =IF(O$18-M$18<=$E$16,M$21/$E$16,0) -> 36.181819 | P31: =IF(P$18-M$18<=$E$16,M$21/$E$16,0) -> 36.181819 | Q31: =IF(Q$18-M$18<=$E$16,M$21/$E$16,0) -> 36.181819 | R31: =IF(R$18-M$18<=$E$16,M$21/$E$16,0) -> 36.181819 | S31: =IF(S$18-M$18<=$E$16,M$21/$E$16,0) -> 36.181819 | T31: =IF(T$18-M$18<=$E$16,M$21/$E$16,0) -> 36.181819 | U31: =IF(U$18-M$18<=$E$16,M$21/$E$16,0) -> 36.181819 | V31: =IF(V$18-M$18<=$E$16,M$21/$E$16,0) -> 36.181819 | W31: =IF(W$18-M$18<=$E$16,M$21/$E$16,0) -> 36.181819 | X31: =IF(X$18-M$18<=$E$16,M$21/$E$16,0) -> 0 | Y31: =IF(Y$18-M$18<=$E$16,M$21/$E$16,0) -> 0 | Z31: =IF(Z$18-M$18<=$E$16,M$21/$E$16,0) -> 0 | AA31: =IF(AA$18-M$18<=$E$16,M$21/$E$16,0) -> 0 | AB31: =IF(AB$18-M$18<=$E$16,M$21/$E$16,0) -> 0 | AC31: =IF(AC$18-M$18<=$E$16,M$21/$E$16,0) -> 0
D32: 2031 Investment | E32: =NPV($E$15,F32:AO32)*(1+$E$15) -> 277.67905 | O32: =IF(O$18-N$18<=$E$16,N$21/$E$16,0) -> 36.905455 | P32: =IF(P$18-N$18<=$E$16,N$21/$E$16,0) -> 36.905455 | Q32: =IF(Q$18-N$18<=$E$16,N$21/$E$16,0) -> 36.905455 | R32: =IF(R$18-N$18<=$E$16,N$21/$E$16,0) -> 36.905455 | S32: =IF(S$18-N$18<=$E$16,N$21/$E$16,0) -> 36.905455 | T32: =IF(T$18-N$18<=$E$16,N$21/$E$16,0) -> 36.905455 | U32: =IF(U$18-N$18<=$E$16,N$21/$E$16,0) -> 36.905455 | V32: =IF(V$18-N$18<=$E$16,N$21/$E$16,0) -> 36.905455 | W32: =IF(W$18-N$18<=$E$16,N$21/$E$16,0) -> 36.905455 | X32: =IF(X$18-N$18<=$E$16,N$21/$E$16,0) -> 36.905455 | Y32: =IF(Y$18-N$18<=$E$16,N$21/$E$16,0) -> 0 | Z32: =IF(Z$18-N$18<=$E$16,N$21/$E$16,0) -> 0 | AA32: =IF(AA$18-N$18<=$E$16,N$21/$E$16,0) -> 0 | AB32: =IF(AB$18-N$18<=$E$16,N$21/$E$16,0) -> 0 | AC32: =IF(AC$18-N$18<=$E$16,N$21/$E$16,0) -> 0 | AD32: =IF(AD$18-N$18<=$E$16,N$21/$E$16,0) -> 0
D33: 2032 Investment | E33: =NPV($E$15,F33:AO33)*(1+$E$15) -> 283.23263 | P33: =IF(P$18-O$18<=$E$16,O$21/$E$16,0) -> 37.643564 | Q33: =IF(Q$18-O$18<=$E$16,O$21/$E$16,0) -> 37.643564 | R33: =IF(R$18-O$18<=$E$16,O$21/$E$16,0) -> 37.643564 | S33: =IF(S$18-O$18<=$E$16,O$21/$E$16,0) -> 37.643564 | T33: =IF(T$18-O$18<=$E$16,O$21/$E$16,0) -> 37.643564 | U33: =IF(U$18-O$18<=$E$16,O$21/$E$16,0) -> 37.643564 | V33: =IF(V$18-O$18<=$E$16,O$21/$E$16,0) -> 37.643564 | W33: =IF(W$18-O$18<=$E$16,O$21/$E$16,0) -> 37.643564 | X33: =IF(X$18-O$18<=$E$16,O$21/$E$16,0) -> 37.643564 | Y33: =IF(Y$18-O$18<=$E$16,O$21/$E$16,0) -> 37.643564 | Z33: =IF(Z$18-O$18<=$E$16,O$21/$E$16,0) -> 0 | AA33: =IF(AA$18-O$18<=$E$16,O$21/$E$16,0) -> 0 | AB33: =IF(AB$18-O$18<=$E$16,O$21/$E$16,0) -> 0 | AC33: =IF(AC$18-O$18<=$E$16,O$21/$E$16,0) -> 0 | AD33: =IF(AD$18-O$18<=$E$16,O$21/$E$16,0) -> 0 | AE33: =IF(AE$18-O$18<=$E$16,O$21/$E$16,0) -> 0
D34: 2033 Investment | E34: =NPV($E$15,F34:AO34)*(1+$E$15) -> 288.89728 | Q34: =IF(Q$18-P$18<=$E$16,P$21/$E$16,0) -> 38.396436 | R34: =IF(R$18-P$18<=$E$16,P$21/$E$16,0) -> 38.396436 | S34: =IF(S$18-P$18<=$E$16,P$21/$E$16,0) -> 38.396436 | T34: =IF(T$18-P$18<=$E$16,P$21/$E$16,0) -> 38.396436 | U34: =IF(U$18-P$18<=$E$16,P$21/$E$16,0) -> 38.396436 | V34: =IF(V$18-P$18<=$E$16,P$21/$E$16,0) -> 38.396436 | W34: =IF(W$18-P$18<=$E$16,P$21/$E$16,0) -> 38.396436 | X34: =IF(X$18-P$18<=$E$16,P$21/$E$16,0) -> 38.396436 | Y34: =IF(Y$18-P$18<=$E$16,P$21/$E$16,0) -> 38.396436 | Z34: =IF(Z$18-P$18<=$E$16,P$21/$E$16,0) -> 38.396436 | AA34: =IF(AA$18-P$18<=$E$16,P$21/$E$16,0) -> 0 | AB34: =IF(AB$18-P$18<=$E$16,P$21/$E$16,0) -> 0 | AC34: =IF(AC$18-P$18<=$E$16,P$21/$E$16,0) -> 0 | AD34: =IF(AD$18-P$18<=$E$16,P$21/$E$16,0) -> 0 | AE34: =IF(AE$18-P$18<=$E$16,P$21/$E$16,0) -> 0 | AF34: =IF(AF$18-P$18<=$E$16,P$21/$E$16,0) -> 0
D35: 2034 Investment | E35: =NPV($E$15,F35:AO35)*(1+$E$15) -> 294.67523 | R35: =IF(R$18-Q$18<=$E$16,Q$21/$E$16,0) -> 39.164364 | S35: =IF(S$18-Q$18<=$E$16,Q$21/$E$16,0) -> 39.164364 | T35: =IF(T$18-Q$18<=$E$16,Q$21/$E$16,0) -> 39.164364 | U35: =IF(U$18-Q$18<=$E$16,Q$21/$E$16,0) -> 39.164364 | V35: =IF(V$18-Q$18<=$E$16,Q$21/$E$16,0) -> 39.164364 | W35: =IF(W$18-Q$18<=$E$16,Q$21/$E$16,0) -> 39.164364 | X35: =IF(X$18-Q$18<=$E$16,Q$21/$E$16,0) -> 39.164364 | Y35: =IF(Y$18-Q$18<=$E$16,Q$21/$E$16,0) -> 39.164364 | Z35: =IF(Z$18-Q$18<=$E$16,Q$21/$E$16,0) -> 39.164364 | AA35: =IF(AA$18-Q$18<=$E$16,Q$21/$E$16,0) -> 39.164364 | AB35: =IF(AB$18-Q$18<=$E$16,Q$21/$E$16,0) -> 0 | AC35: =IF(AC$18-Q$18<=$E$16,Q$21/$E$16,0) -> 0 | AD35: =IF(AD$18-Q$18<=$E$16,Q$21/$E$16,0) -> 0 | AE35: =IF(AE$18-Q$18<=$E$16,Q$21/$E$16,0) -> 0 | AF35: =IF(AF$18-Q$18<=$E$16,Q$21/$E$16,0) -> 0 | AG35: =IF(AG$18-Q$18<=$E$16,Q$21/$E$16,0) -> 0
D36: 2035 Investment | E36: =NPV($E$15,F36:AO36)*(1+$E$15) -> 300.56873 | S36: =IF(S$18-R$18<=$E$16,R$21/$E$16,0) -> 39.947652 | T36: =IF(T$18-R$18<=$E$16,R$21/$E$16,0) -> 39.947652 | U36: =IF(U$18-R$18<=$E$16,R$21/$E$16,0) -> 39.947652 | V36: =IF(V$18-R$18<=$E$16,R$21/$E$16,0) -> 39.947652 | W36: =IF(W$18-R$18<=$E$16,R$21/$E$16,0) -> 39.947652 | X36: =IF(X$18-R$18<=$E$16,R$21/$E$16,0) -> 39.947652 | Y36: =IF(Y$18-R$18<=$E$16,R$21/$E$16,0) -> 39.947652 | Z36: =IF(Z$18-R$18<=$E$16,R$21/$E$16,0) -> 39.947652 | AA36: =IF(AA$18-R$18<=$E$16,R$21/$E$16,0) -> 39.947652 | AB36: =IF(AB$18-R$18<=$E$16,R$21/$E$16,0) -> 39.947652 | AC36: =IF(AC$18-R$18<=$E$16,R$21/$E$16,0) -> 0 | AD36: =IF(AD$18-R$18<=$E$16,R$21/$E$16,0) -> 0 | AE36: =IF(AE$18-R$18<=$E$16,R$21/$E$16,0) -> 0 | AF36: =IF(AF$18-R$18<=$E$16,R$21/$E$16,0) -> 0 | AG36: =IF(AG$18-R$18<=$E$16,R$21/$E$16,0) -> 0 | AH36: =IF(AH$18-R$18<=$E$16,R$21/$E$16,0) -> 0
D37: 2036 Investment | E37: =NPV($E$15,F37:AO37)*(1+$E$15) -> 306.58011 | T37: =IF(T$18-S$18<=$E$16,S$21/$E$16,0) -> 40.746605 | U37: =IF(U$18-S$18<=$E$16,S$21/$E$16,0) -> 40.746605 | V37: =IF(V$18-S$18<=$E$16,S$21/$E$16,0) -> 40.746605 | W37: =IF(W$18-S$18<=$E$16,S$21/$E$16,0) -> 40.746605 | X37: =IF(X$18-S$18<=$E$16,S$21/$E$16,0) -> 40.746605 | Y37: =IF(Y$18-S$18<=$E$16,S$21/$E$16,0) -> 40.746605 | Z37: =IF(Z$18-S$18<=$E$16,S$21/$E$16,0) -> 40.746605 | AA37: =IF(AA$18-S$18<=$E$16,S$21/$E$16,0) -> 40.746605 | AB37: =IF(AB$18-S$18<=$E$16,S$21/$E$16,0) -> 40.746605 | AC37: =IF(AC$18-S$18<=$E$16,S$21/$E$16,0) -> 40.746605 | AD37: =IF(AD$18-S$18<=$E$16,S$21/$E$16,0) -> 0 | AE37: =IF(AE$18-S$18<=$E$16,S$21/$E$16,0) -> 0 | AF37: =IF(AF$18-S$18<=$E$16,S$21/$E$16,0) -> 0 | AG37: =IF(AG$18-S$18<=$E$16,S$21/$E$16,0) -> 0 | AH37: =IF(AH$18-S$18<=$E$16,S$21/$E$16,0) -> 0 | AI37: =IF(AI$18-S$18<=$E$16,S$21/$E$16,0) -> 0
D38: 2037 Investment | E38: =NPV($E$15,F38:AO38)*(1+$E$15) -> 312.71171 | U38: =IF(U$18-T$18<=$E$16,T$21/$E$16,0) -> 41.561537 | V38: =IF(V$18-T$18<=$E$16,T$21/$E$16,0) -> 41.561537 | W38: =IF(W$18-T$18<=$E$16,T$21/$E$16,0) -> 41.561537 | X38: =IF(X$18-T$18<=$E$16,T$21/$E$16,0) -> 41.561537 | Y38: =IF(Y$18-T$18<=$E$16,T$21/$E$16,0) -> 41.561537 | Z38: =IF(Z$18-T$18<=$E$16,T$21/$E$16,0) -> 41.561537 | AA38: =IF(AA$18-T$18<=$E$16,T$21/$E$16,0) -> 41.561537 | AB38: =IF(AB$18-T$18<=$E$16,T$21/$E$16,0) -> 41.561537 | AC38: =IF(AC$18-T$18<=$E$16,T$21/$E$16,0) -> 41.561537 | AD38: =IF(AD$18-T$18<=$E$16,T$21/$E$16,0) -> 41.561537 | AE38: =IF(AE$18-T$18<=$E$16,T$21/$E$16,0) -> 0 | AF38: =IF(AF$18-T$18<=$E$16,T$21/$E$16,0) -> 0 | AG38: =IF(AG$18-T$18<=$E$16,T$21/$E$16,0) -> 0 | AH38: =IF(AH$18-T$18<=$E$16,T$21/$E$16,0) -> 0 | AI38: =IF(AI$18-T$18<=$E$16,T$21/$E$16,0) -> 0 | AJ38: =IF(AJ$18-T$18<=$E$16,T$21/$E$16,0) -> 0
D39: 2038 Investment | E39: =NPV($E$15,F39:AO39)*(1+$E$15) -> 318.96594 | V39: =IF(V$18-U$18<=$E$16,U$21/$E$16,0) -> 42.392767 | W39: =IF(W$18-U$18<=$E$16,U$21/$E$16,0) -> 42.392767 | X39: =IF(X$18-U$18<=$E$16,U$21/$E$16,0) -> 42.392767 | Y39: =IF(Y$18-U$18<=$E$16,U$21/$E$16,0) -> 42.392767 | Z39: =IF(Z$18-U$18<=$E$16,U$21/$E$16,0) -> 42.392767 | AA39: =IF(AA$18-U$18<=$E$16,U$21/$E$16,0) -> 42.392767 | AB39: =IF(AB$18-U$18<=$E$16,U$21/$E$16,0) -> 42.392767 | AC39: =IF(AC$18-U$18<=$E$16,U$21/$E$16,0) -> 42.392767 | AD39: =IF(AD$18-U$18<=$E$16,U$21/$E$16,0) -> 42.392767 | AE39: =IF(AE$18-U$18<=$E$16,U$21/$E$16,0) -> 42.392767 | AF39: =IF(AF$18-U$18<=$E$16,U$21/$E$16,0) -> 0 | AG39: =IF(AG$18-U$18<=$E$16,U$21/$E$16,0) -> 0 | AH39: =IF(AH$18-U$18<=$E$16,U$21/$E$16,0) -> 0 | AI39: =IF(AI$18-U$18<=$E$16,U$21/$E$16,0) -> 0 | AJ39: =IF(AJ$18-U$18<=$E$16,U$21/$E$16,0) -> 0 | AK39: =IF(AK$18-U$18<=$E$16,U$21/$E$16,0) -> 0
D40: 2039 Investment | E40: =NPV($E$15,F40:AO40)*(1+$E$15) -> 325.34526 | W40: =IF(W$18-V$18<=$E$16,V$21/$E$16,0) -> 43.240623 | X40: =IF(X$18-V$18<=$E$16,V$21/$E$16,0) -> 43.240623 | Y40: =IF(Y$18-V$18<=$E$16,V$21/$E$16,0) -> 43.240623 | Z40: =IF(Z$18-V$18<=$E$16,V$21/$E$16,0) -> 43.240623 | AA40: =IF(AA$18-V$18<=$E$16,V$21/$E$16,0) -> 43.240623 | AB40: =IF(AB$18-V$18<=$E$16,V$21/$E$16,0) -> 43.240623 | AC40: =IF(AC$18-V$18<=$E$16,V$21/$E$16,0) -> 43.240623 | AD40: =IF(AD$18-V$18<=$E$16,V$21/$E$16,0) -> 43.240623 | AE40: =IF(AE$18-V$18<=$E$16,V$21/$E$16,0) -> 43.240623 | AF40: =IF(AF$18-V$18<=$E$16,V$21/$E$16,0) -> 43.240623 | AG40: =IF(AG$18-V$18<=$E$16,V$21/$E$16,0) -> 0 | AH40: =IF(AH$18-V$18<=$E$16,V$21/$E$16,0) -> 0 | AI40: =IF(AI$18-V$18<=$E$16,V$21/$E$16,0) -> 0 | AJ40: =IF(AJ$18-V$18<=$E$16,V$21/$E$16,0) -> 0 | AK40: =IF(AK$18-V$18<=$E$16,V$21/$E$16,0) -> 0 | AL40: =IF(AL$18-V$18<=$E$16,V$21/$E$16,0) -> 0
D41: 2040 Investment | E41: =NPV($E$15,F41:AO41)*(1+$E$15) -> 331.85217 | X41: =IF(X$18-W$18<=$E$16,W$21/$E$16,0) -> 44.105435 | Y41: =IF(Y$18-W$18<=$E$16,W$21/$E$16,0) -> 44.105435 | Z41: =IF(Z$18-W$18<=$E$16,W$21/$E$16,0) -> 44.105435 | AA41: =IF(AA$18-W$18<=$E$16,W$21/$E$16,0) -> 44.105435 | AB41: =IF(AB$18-W$18<=$E$16,W$21/$E$16,0) -> 44.105435 | AC41: =IF(AC$18-W$18<=$E$16,W$21/$E$16,0) -> 44.105435 | AD41: =IF(AD$18-W$18<=$E$16,W$21/$E$16,0) -> 44.105435 | AE41: =IF(AE$18-W$18<=$E$16,W$21/$E$16,0) -> 44.105435 | AF41: =IF(AF$18-W$18<=$E$16,W$21/$E$16,0) -> 44.105435 | AG41: =IF(AG$18-W$18<=$E$16,W$21/$E$16,0) -> 44.105435 | AH41: =IF(AH$18-W$18<=$E$16,W$21/$E$16,0) -> 0 | AI41: =IF(AI$18-W$18<=$E$16,W$21/$E$16,0) -> 0 | AJ41: =IF(AJ$18-W$18<=$E$16,W$21/$E$16,0) -> 0 | AK41: =IF(AK$18-W$18<=$E$16,W$21/$E$16,0) -> 0 | AL41: =IF(AL$18-W$18<=$E$16,W$21/$E$16,0) -> 0 | AM41: =IF(AM$18-W$18<=$E$16,W$21/$E$16,0) -> 0
D42: 2041 Investment | E42: =NPV($E$15,F42:AO42)*(1+$E$15) -> 338.48921 | Y42: =IF(Y$18-X$18<=$E$16,X$21/$E$16,0) -> 44.987544 | Z42: =IF(Z$18-X$18<=$E$16,X$21/$E$16,0) -> 44.987544 | AA42: =IF(AA$18-X$18<=$E$16,X$21/$E$16,0) -> 44.987544 | AB42: =IF(AB$18-X$18<=$E$16,X$21/$E$16,0) -> 44.987544 | AC42: =IF(AC$18-X$18<=$E$16,X$21/$E$16,0) -> 44.987544 | AD42: =IF(AD$18-X$18<=$E$16,X$21/$E$16,0) -> 44.987544 | AE42: =IF(AE$18-X$18<=$E$16,X$21/$E$16,0) -> 44.987544 | AF42: =IF(AF$18-X$18<=$E$16,X$21/$E$16,0) -> 44.987544 | AG42: =IF(AG$18-X$18<=$E$16,X$21/$E$16,0) -> 44.987544 | AH42: =IF(AH$18-X$18<=$E$16,X$21/$E$16,0) -> 44.987544 | AI42: =IF(AI$18-X$18<=$E$16,X$21/$E$16,0) -> 0 | AJ42: =IF(AJ$18-X$18<=$E$16,X$21/$E$16,0) -> 0 | AK42: =IF(AK$18-X$18<=$E$16,X$21/$E$16,0) -> 0 | AL42: =IF(AL$18-X$18<=$E$16,X$21/$E$16,0) -> 0 | AM42: =IF(AM$18-X$18<=$E$16,X$21/$E$16,0) -> 0 | AN42: =IF(AN$18-X$18<=$E$16,X$21/$E$16,0) -> 0
D43: 2042 Investment | E43: =NPV($E$15,F43:AO43)*(1+$E$15) -> 345.259 | Z43: =IF(Z$18-Y$18<=$E$16,Y$21/$E$16,0) -> 45.887295 | AA43: =IF(AA$18-Y$18<=$E$16,Y$21/$E$16,0) -> 45.887295 | AB43: =IF(AB$18-Y$18<=$E$16,Y$21/$E$16,0) -> 45.887295 | AC43: =IF(AC$18-Y$18<=$E$16,Y$21/$E$16,0) -> 45.887295 | AD43: =IF(AD$18-Y$18<=$E$16,Y$21/$E$16,0) -> 45.887295 | AE43: =IF(AE$18-Y$18<=$E$16,Y$21/$E$16,0) -> 45.887295 | AF43: =IF(AF$18-Y$18<=$E$16,Y$21/$E$16,0) -> 45.887295 | AG43: =IF(AG$18-Y$18<=$E$16,Y$21/$E$16,0) -> 45.887295 | AH43: =IF(AH$18-Y$18<=$E$16,Y$21/$E$16,0) -> 45.887295 | AI43: =IF(AI$18-Y$18<=$E$16,Y$21/$E$16,0) -> 45.887295 | AJ43: =IF(AJ$18-Y$18<=$E$16,Y$21/$E$16,0) -> 0 | AK43: =IF(AK$18-Y$18<=$E$16,Y$21/$E$16,0) -> 0 | AL43: =IF(AL$18-Y$18<=$E$16,Y$21/$E$16,0) -> 0 | AM43: =IF(AM$18-Y$18<=$E$16,Y$21/$E$16,0) -> 0 | AN43: =IF(AN$18-Y$18<=$E$16,Y$21/$E$16,0) -> 0 | AO43: =IF(AO$18-Y$18<=$E$16,Y$21/$E$16,0) -> 0
D44: Total | E44: =NPV($E$15,F44:AO44)*(1+$E$15) -> 2875.739 | F44: =SUM(F24:F43) -> 0 | G44: =SUM(G24:G43) -> 28.452 | H44: =SUM(H24:H43) -> 58.21644 | I44: =SUM(I24:I43) -> 89.356739 | J44: =SUM(J24:J43) -> 121.93944 | K44: =SUM(K24:K43) -> 156.03438 | L44: =SUM(L24:L43) -> 190.81121 | M44: =SUM(M24:M43) -> 226.28358 | ... AO44: =SUM(AO24:AO43) -> 0
B45: Summary
E46: NPV | F46: 2023 | G46: 2024 | H46: 2025 | I46: 2026 | J46: 2027 | K46: 2028 | L46: 2029 | M46: 2030 | N46: 2031 | O46: 2032 | P46: 2033 | Q46: 2034 | R46: 2035 | S46: 2036 | T46: 2037 | U46: 2038 | V46: 2039 | W46: 2040 | X46: 2041 | Y46: 2042 | Z46: 2043 | AA46: 2044 | AB46: 2045 | AC46: 2046 | AD46: 2047 | AE46: 2048 | AF46: 2049 | AG46: 2050 | AH46: 2051 | AI46: 2052 | AJ46: 2052 | AK46: 2052 | AL46: 2052 | AM46: 2052 | AN46: 2052 | AO46: 2052
D47: Expenses | E47: =NPV($E$15,F47:AO47)*(1+$E$15) -> 0 | F47: =F19 -> 0 | G47: =G19 -> 0 | H47: =H19 -> 0 | I47: =I19 -> 0 | J47: =J19 -> 0 | K47: =K19 -> 0 | L47: =L19 -> 0 | M47: =M19 -> 0 | ... AO47: =AO19 -> 0
D48: Amortization | E48: =NPV($E$15,F48:AO48)*(1+$E$15) -> 3076.1252 | G48: =G44 -> 28.452 | H48: =H44 -> 58.21644 | I48: =I44 -> 89.356739 | J48: =J44 -> 121.93944 | K48: =K44 -> 156.03438 | L48: =L44 -> 190.81121 | M48: =M44 -> 226.28358 | N48: =N44 -> 262.4654 | ... AO48: =AO44 -> 0
D49: Debt Interest | E49: =NPV($E$15,F49:AO49)*(1+$E$15) -> 476.5507 | G49: =F$22*$H10 -> 7.283712 | H49: =G$22*$H10 -> 14.175037 | I49: =H$22*$H10 -> 20.656613 | J49: =I$22*$H10 -> 26.710253 | K49: =J$22*$H10 -> 32.316907 | L49: =K$22*$H10 -> 37.225296 | M49: =L$22*$H10 -> 41.421456 | N49: =M$22*$H10 -> 44.891142 | ... AO49: =AN$22*$H10 -> 1.8189894e-15
D50: Equity Earnings (After Tax) | E50: =NPV($E$15,F50:AO50)*(1+$E$15) -> 603.13448 | G50: =F$22*$H11 -> 9.218448 | H50: =G$22*$H11 -> 17.940282 | I50: =H$22*$H11 -> 26.143526 | J50: =I$22*$H11 -> 33.805163 | K50: =J$22*$H11 -> 40.901085 | L50: =K$22*$H11 -> 47.113265 | M50: =L$22*$H11 -> 52.42403 | N50: =M$22*$H11 -> 56.815352 | ... AO50: =AN$22*$H11 -> 2.3021585e-15
D51: Total Cost of Capital | E51: =NPV($E$15,F51:AO51)*(1+$E$15) -> 1079.6852 | G51: =SUM(G49:G50) -> 16.50216 | H51: =SUM(H49:H50) -> 32.115319 | I51: =SUM(I49:I50) -> 46.800139 | J51: =SUM(J49:J50) -> 60.515416 | K51: =SUM(K49:K50) -> 73.217991 | L51: =SUM(L49:L50) -> 84.338562 | M51: =SUM(M49:M50) -> 93.845487 | N51: =SUM(N49:N50) -> 101.70649 | ... AO51: =SUM(AO49:AO50) -> 4.1211479e-15
D52: Income Taxes | E52: =NPV($E$15,F52:AO52)*(1+$E$15) -> 217.45665 | G52: =G50*($H$14-1) -> 3.3236581 | H52: =H50*($H$14-1) -> 6.4682649 | I52: =I50*($H$14-1) -> 9.4258971 | J52: =J50*($H$14-1) -> 12.188256 | K52: =K50*($H$14-1) -> 14.74665 | L52: =L50*($H$14-1) -> 16.986415 | M52: =M50*($H$14-1) -> 18.901181 | N52: =N50*($H$14-1) -> 20.484447 | ... AO52: =AO50*($H$14-1) -> 8.3002992e-16
D53: Revenue Requirement | E53: =NPV($E$15,F53:AO53)*(1+$E$15) -> 4088.3819 | F53: =SUM(F48,F51,F47,F52) -> 0 | G53: =SUM(G48,G51,G47,G52) -> 48.277818 | H53: =SUM(H48,H51,H47,H52) -> 96.800024 | I53: =SUM(I48,I51,I47,I52) -> 145.58277 | J53: =SUM(J48,J51,J47,J52) -> 194.64311 | K53: =SUM(K48,K51,K47,K52) -> 243.99902 | L53: =SUM(L48,L51,L47,L52) -> 292.13619 | M53: =SUM(M48,M51,M47,M52) -> 339.03025 | ... AO53: =SUM(AO48,AO51,AO47,AO52) -> 4.9511778e-15
D55: Cash Flow | E55: =NPV($E$15,F55:AO55)*(1+$E$15) -> 1.5061472e-12 | F55: =-F8+F53 -> -284.52 | G55: =-G8+G53 -> -249.36658 | H55: =-H8+H53 -> -214.60296 | I55: =-I8+I53 -> -180.24426 | J55: =-J8+J53 -> -146.30625 | K55: =-K8+K53 -> -103.76933 | L55: =-L8+L53 -> -62.587524 | M55: =-M8+M53 -> -22.787936 | ... AO55: =-AO8+AO53 -> 4.9511778e-15
D56: Unamortized Asset Balance | F56: =F22 -> 284.52 | G56: =G22 -> 553.7124 | H56: =H22 -> 806.89895 | I56: =I22 -> 1043.3692 | J56: =J22 -> 1262.3792 | K56: =K22 -> 1454.1131 | L56: =L22 -> 1618.0256 | M56: =M22 -> 1753.5602 | ... AO56: =AO22 -> 7.1054274e-14

Sheet Am20-10yr-1.2X$10
A1: Enbridge: Amortization Analysis
A2: Tax as Capital Investment
D3: Scenario: | E3: Cost Recovery | G3: Amortize | I3: Amortization Cost of Capital | L3: WACC | N3: Budget | O3: 1.2 | P3: X
E4: Portfolio Horizon | G4: 20 | H4: years | I4: Amortiztion Life | L4: 10 | M4: years
B6: Background Data
C7: DSM Portfolio | F7: 2023 | G7: 2024 | H7: 2025 | I7: 2026 | J7: =I7+1 -> 2027 | K7: =J7+1 -> 2028 | L7: =K7+1 -> 2029 | M7: =L7+1 -> 2030 | N7: =M7+1 -> 2031 | O7: =N7+1 -> 2032 | P7: =O7+1 -> 2033 | Q7: =P7+1 -> 2034 | ... AO7: =AN7+1 -> 2058
D8: Investment (millions) | F8: ='Am20-10yr'!F8*$O$3 -> 170.712 | G8: ='Am20-10yr'!G8*$O$3 -> 178.58664 | H8: ='Am20-10yr'!H8*$O$3 -> 186.84179 | I8: ='Am20-10yr'!I8*$O$3 -> 195.49622 | J8: ='Am20-10yr'!J8*$O$3 -> 204.56962 | K8: ='Am20-10yr'!K8*$O$3 -> 208.66101 | L8: ='Am20-10yr'!L8*$O$3 -> 212.83423 | M8: ='Am20-10yr'!M8*$O$3 -> 217.09091 | ... Y8: ='Am20-10yr'!Y8*$O$3 -> 275.32377
C9: Enbridge Capital Structure | F9: Capitalization | G9: After-Tax Return | H9: Weighted | J9: Pre-Tax Return | K9: Weighted
D10: Debt | F10: 0.64 | G10: 0.04 | H10: =F10*G10 -> 0.0256 | J10: 0.04 | K10: =$F10*J10 -> 0.0256
D11: Equity | F11: 0.36 | G11: 0.09 | H11: =F11*G11 -> 0.0324 | J11: =G11*H14 -> 0.12244898 | K11: =$F11*J11 -> 0.044081633
D12: WACC-After-Tax | F12: =SUM(F10:F11) -> 1 | H12: =SUM(H10:H11) -> 0.058 | K12: =SUM(K10:K11) -> 0.069681633
D13: Combined Income Tax Rate | H13: 0.265
D14: Tax Gross Up Factor | H14: =1/(1-H13) -> 1.3605442
C15: Discount Rate | E15: =K12 -> 0.069681633
C16: Amortization Term | E16: =L4 -> 10 | F16: years
B17: Revenue Requirement Calcs
E18: NPV | F18: =F7 -> 2023 | G18: =F18+1 -> 2024 | H18: =G18+1 -> 2025 | I18: =H18+1 -> 2026 | J18: =I18+1 -> 2027 | K18: =J18+1 -> 2028 | L18: =K18+1 -> 2029 | M18: =L18+1 -> 2030 | N18: =M18+1 -> 2031 | ... AO18: =AN18+1 -> 2058
C19: Expenses | E19: =NPV($E$15,F19:AO19)*(1+$H$12) -> 0 | F19: =IF($G$3="Expense",F8,0) -> 0 | G19: =IF($G$3="Expense",G8,0) -> 0 | H19: =IF($G$3="Expense",H8,0) -> 0 | I19: =IF($G$3="Expense",I8,0) -> 0 | J19: =IF($G$3="Expense",J8,0) -> 0 | K19: =IF($G$3="Expense",K8,0) -> 0 | L19: =IF($G$3="Expense",L8,0) -> 0 | M19: =IF($G$3="Expense",M8,0) -> 0 | ... Y19: =IF($G$3="Expense",Y8,0) -> 0
C20: Rate Base
D21: Additions To Rate Base | E21: =NPV($E$15,F21:AO21)*(1+$E$15) -> 2453.0291 | F21: =F8-F19 -> 170.712 | G21: =G8-G19 -> 178.58664 | H21: =H8-H19 -> 186.84179 | I21: =I8-I19 -> 195.49622 | J21: =J8-J19 -> 204.56962 | K21: =K8-K19 -> 208.66101 | L21: =L8-L19 -> 212.83423 | M21: =M8-M19 -> 217.09091 | ... Y21: =Y8-Y19 -> 275.32377
D22: Unamortized Balance (EOY) | F22: =E22+F21-F44 -> 170.712 | G22: =F22+G21-G44 -> 332.22744 | H22: =G22+H21-H44 -> 484.13937 | I22: =H22+I21-I44 -> 626.02155 | J22: =I22+J21-J44 -> 757.4275 | K22: =J22+K21-K44 -> 872.46788 | L22: =K22+L21-L44 -> 970.81538 | M22: =L22+M21-M44 -> 1052.1361 | ... AO22: =AN22+AO21-AO44 -> 9.876544e-13
C23: Amortization
